Workbook
Name Act_aggr_map1: OFFSET(Notes!$D$15,1,0,COUNTA(Notes!$D$16:$D$500),1)
Name Act_aggr_map2: OFFSET(Notes!$C$15,1,0,COUNTA(Notes!$C$16:$C$500),1)
Name Act_codes_aggr: OFFSET(Notes!$Y$15,1,0,COUNTA(Notes!$Y$16:$Y$500),1)
Name Act_codes_core: OFFSET(Notes!$A$15,1,0,COUNTA(Notes!$A$16:$A$500),1)
Name Act_labels_aggr: OFFSET(Notes!$Z$15,1,0,COUNTA(Notes!$Z$16:$Z$500),1)
Name Act_labels_core: OFFSET(Notes!$B$15,1,0,COUNTA(Notes!$B$16:$B$500),1)
Name Com_aggr_map1: OFFSET(Notes!$I$15,1,0,COUNTA(Notes!$I$16:$I$500),1)
Name Com_aggr_map2: OFFSET(Notes!$H$15,1,0,COUNTA(Notes!$H$16:$H$500),1)
Name Com_codes_aggr: OFFSET(Notes!$AC$15,1,0,COUNTA(Notes!$AC$16:$AC$500),1)
Name Com_codes_core: OFFSET(Notes!$F$15,1,0,COUNTA(Notes!$F$16:$F$500),1)
Name Com_labels_aggr: OFFSET(Notes!$AD$15,1,0,COUNTA(Notes!$AD$16:$AD$500),1)
Name Com_labels_core: OFFSET(Notes!$G$15,1,0,COUNTA(Notes!$G$16:$G$500),1)
Name EVTAB: OFFSET(OFFSET(INDIRECT(Index!$I$33),,,80,11),,,1+COUNTA(INDEX(OFFSET(INDIRECT(Index!$I$33),,,80,11),,1)),11)
Name factab1: OFFSET(Raw_Basedata!$L$6,1,0,COUNTA(Raw_Basedata!$L$8:$L$500)+1,12)
Name factab2: OFFSET(Raw_Basedata!$Z$6,1,0,COUNTA(Raw_Basedata!$Z$8:$Z$500)+1,12)
Name factab3: OFFSET(Raw_Basedata!$AN$6,1,0,COUNTA(Raw_Basedata!$AN$8:$AN$500)+1,4)
Name factab4A: OFFSET(Raw_Basedata!$AT$6,1,0,COUNTA(Raw_Basedata!$AT$8:$AT$500)+1,12)
Name factab5: OFFSET(Raw_Basedata!$BH$6,1,0,COUNTA(Raw_Basedata!$BH$8:$BH$500)+1,12)
Name Fct_codes: OFFSET(Notes!$K$15,1,0,COUNTA(Notes!$K$16:$K$500),1)
Name Fct_labels: OFFSET(Notes!$L$15,1,0,COUNTA(Notes!$L$16:$L$500),1)
Name GDP_Contrib_Growth: Raw_sGDP!$R$8:$AB$72
Name GDP_Contrib_Growth_aggr: OFFSET(OFFSET(INDIRECT(Index!$I$16),,,250,11),1+COUNTA(INDEX(OFFSET(INDIRECT(Index!$I$16),,,250,11),,1))-COUNTA(Notes!$Y$16:$Y$500),,COUNTA(Notes!$Y$16:$Y$500),11)
Name GDP_Contrib_Growth_core: OFFSET(OFFSET(INDIRECT(Index!$I$16),,,250,11),,,1+COUNTA(INDEX(OFFSET(INDIRECT(Index!$I$16),,,250,11),,1))-COUNTA(Notes!$Y$16:$Y$500),11)
Name GDP_Growth: Raw_sGDP!$C$8:$M$72
Name GDP_Growth_aggr: OFFSET(OFFSET(INDIRECT(Index!$I$15),,,250,11),1+COUNTA(INDEX(OFFSET(INDIRECT(Index!$I$15),,,250,11),,1))-COUNTA(Notes!$Y$16:$Y$500),,COUNTA(Notes!$Y$16:$Y$500),11)
Name GDP_Growth_core: OFFSET(OFFSET(INDIRECT(Index!$I$15),,,250,11),,,1+COUNTA(INDEX(OFFSET(INDIRECT(Index!$I$15),,,250,11),,1))-COUNTA(Notes!$Y$16:$Y$500),11)
Name HH_codes_core: OFFSET(Notes!$AF$15,1,0,COUNTA(Notes!$AF$16:$AF$500),1)
Name HH_labels_agg: OFFSET(Notes!$AJ$15,1,0,COUNTA(Notes!$AJ$16:$AJ$500),1)
Name HH_labels_aggr: OFFSET(Notes!$AI$15,1,0,COUNTA(Notes!$AI$16:$AI$500),1)
Name HH_labels_core: OFFSET(Notes!$AG$15,1,0,COUNTA(Notes!$AG$16:$AG$500),1)
Name Inst_codes: OFFSET(Notes!$N$15,1,0,COUNTA(Notes!$N$16:$N$500),1)
Name Inst_labels: OFFSET(Notes!$O$15,1,0,COUNTA(Notes!$O$16:$O$500),1)
Name Macro_Description_Lookup_range: Raw_Codes_Labels!$H$7:$J$43
Name MACROT: Raw_Macro!$C$7:$M$27
Name Number_of_EN_in_INSDNG: SUM(--(LEFT(_xlfn._xlws.FILTER(OFFSET(INDIRECT(Index!$I$32),,,80,1),OFFSET(INDIRECT(Index!$I$32),,,80,1)<>0),2)="en"))
Name PETAB_aggr: OFFSET(OFFSET(INDIRECT(Index!$I$23),,,250,11),1+COUNTA(INDEX(OFFSET(INDIRECT(Index!$I$23),,,250,11),,1))-COUNTA(Notes!$AC$16:$AC$500),,COUNTA(Notes!$AC$16:$AC$500),11)
Name PETAB_core: OFFSET(OFFSET(INDIRECT(Index!$I$23),,,250,11),,,1+COUNTA(INDEX(OFFSET(INDIRECT(Index!$I$23),,,250,11),,1))-COUNTA(Notes!$AC$16:$AC$500),11)
Name PETAB2: Raw_Prices!$B$230:$L$330
Name PMTAB_aggr: OFFSET(OFFSET(INDIRECT(Index!$I$24),,,250,11),1+COUNTA(INDEX(OFFSET(INDIRECT(Index!$I$24),,,250,11),,1))-COUNTA(Notes!$AC$16:$AC$500),,COUNTA(Notes!$AC$16:$AC$500),11)
Name PMTAB_core: OFFSET(OFFSET(INDIRECT(Index!$I$24),,,250,11),,,1+COUNTA(INDEX(OFFSET(INDIRECT(Index!$I$24),,,250,11),,1))-COUNTA(Notes!$AC$16:$AC$500),11)
Name PMTAB2: Raw_Prices!$B$340:$L$437
Name PQTAB_aggr: OFFSET(OFFSET(INDIRECT(Index!$I$22),,,250,11),1+COUNTA(INDEX(OFFSET(INDIRECT(Index!$I$22),,,250,11),,1))-COUNTA(Notes!$AC$16:$AC$500),,COUNTA(Notes!$AC$16:$AC$500),11)
Name PQTAB_core: OFFSET(OFFSET(INDIRECT(Index!$I$22),,,250,11),,,1+COUNTA(INDEX(OFFSET(INDIRECT(Index!$I$22),,,250,11),,1))-COUNTA(Notes!$AC$16:$AC$500),11)
Name PQTAB2: Raw_Prices!$B$120:$L$220
Name pwex: Raw_Prices!$B$1210:$L$1235
Name pwmx: Raw_Prices!$B$1510:$L$1562
Name PXTAB_aggr: OFFSET(OFFSET(INDIRECT(Index!$I$21),,,250,11),1+COUNTA(INDEX(OFFSET(INDIRECT(Index!$I$21),,,250,11),,1))-COUNTA(Notes!$AC$16:$AC$500),,COUNTA(Notes!$AC$16:$AC$500),11)
Name PXTAB_core: OFFSET(OFFSET(INDIRECT(Index!$I$21),,,250,11),,,1+COUNTA(INDEX(OFFSET(INDIRECT(Index!$I$21),,,250,11),,1))-COUNTA(Notes!$AC$16:$AC$500),11)
Name PXTAB2: Raw_Prices!$B$11:$L$110
Name QDTAB_aggr: OFFSET(OFFSET(INDIRECT(Index!$I$19),,,250,11),1+COUNTA(INDEX(OFFSET(INDIRECT(Index!$I$19),,,250,11),,1))-COUNTA(Notes!$AC$16:$AC$500),,COUNTA(Notes!$AC$16:$AC$500),11)
Name QDTAB_core: OFFSET(OFFSET(INDIRECT(Index!$I$19),,,250,11),,,1+COUNTA(INDEX(OFFSET(INDIRECT(Index!$I$19),,,250,11),,1))-COUNTA(Notes!$AC$16:$AC$500),11)
Name QETAB_aggr: OFFSET(OFFSET(INDIRECT(Index!$I$17),,,250,11),1+COUNTA(INDEX(OFFSET(INDIRECT(Index!$I$17),,,250,11),,1))-COUNTA(Notes!$AC$16:$AC$500),,COUNTA(Notes!$AC$16:$AC$500),11)
Name QETAB_core: OFFSET(OFFSET(INDIRECT(Index!$I$17),,,250,11),,,1+COUNTA(INDEX(OFFSET(INDIRECT(Index!$I$17),,,250,11),,1))-COUNTA(Notes!$AC$16:$AC$500),11)
Name QETAB_test: OFFSET(OFFSET(INDIRECT(Index!$I$17),,,250,11),,,1+COUNTA(INDEX(OFFSET(INDIRECT(Index!$I$17),,,250,11),,1)),11)
Name QFSXP: OFFSET(OFFSET(INDIRECT(Index!$I$27),,,80,11),,,1+COUNTA(INDEX(OFFSET(INDIRECT(Index!$I$27),,,80,11),,1)),11)
Name QFXP: OFFSET(OFFSET(INDIRECT(Index!$I$63),,,4000,11),,,1+COUNTA(INDEX(OFFSET(INDIRECT(Index!$I$63),,,4000,11),,1)),12)
Name QHTAB: Raw_HH!$B$333:$M$433
Name QHTAB_aggr: OFFSET(OFFSET(INDIRECT(Index!$I$34),,,250,11),1+COUNTA(INDEX(OFFSET(INDIRECT(Index!$I$34),,,250,11),,1))-COUNTA(Notes!$AC$16:$AC$500),,COUNTA(Notes!$AC$16:$AC$500),11)
Name QHTAB_core: OFFSET(OFFSET(INDIRECT(Index!$I$34),,,250,11),,,1+COUNTA(INDEX(OFFSET(INDIRECT(Index!$I$34),,,250,11),,1))-COUNTA(Notes!$AC$16:$AC$500),11)
Name QMTAB_aggr: OFFSET(OFFSET(INDIRECT(Index!$I$18),,,250,11),1+COUNTA(INDEX(OFFSET(INDIRECT(Index!$I$18),,,250,11),,1))-COUNTA(Notes!$AC$16:$AC$500),,COUNTA(Notes!$AC$16:$AC$500),11)

Sheet Cover
A1: Online Course CGE Model
A2: Rob Davies, Dirk van Seventer,Karl Pauw and James Thurlow
A3: Version: Static 1.06 beta
A4: Results File
B5: Last run | C5: 46314.951
B7: Sheet name | C7: Content | F7: Sim code | G7: Sim Description | H7: Sim active?
B8: Notes | C8: Details about the structure of the data | F8: =Raw_Codes_Labels!B8 -> base | G8: =Raw_Codes_Labels!D8 -> base | H8: =IF(Raw_Codes_Labels!C8=1,"Yes","No") -> No
B9: GDPTAB | C9: Gross domestic product and its components | F9: =Raw_Codes_Labels!B9 -> sim1 | G9: =Raw_Codes_Labels!D9 -> tm +10% | H9: =IF(Raw_Codes_Labels!C9=1,"Yes","No") -> Yes
B10: Macro | C10: Various macroeconomic indicators | F10: =Raw_Codes_Labels!B10 -> sim2 | G10: =Raw_Codes_Labels!D10 -> tq manf 10% | H10: =IF(Raw_Codes_Labels!C10=1,"Yes","No") -> Yes
B11: Sector | C11: Various Sectoral Output indicators | F11: =Raw_Codes_Labels!B11 -> sim3 | G11: =Raw_Codes_Labels!D11 -> pwm cr_oil&gas +10% | H11: =IF(Raw_Codes_Labels!C11=1,"Yes","No") -> Yes
B12: Trade | C12: Quantities of exports, imports, domestically supplied and composite | F12: =Raw_Codes_Labels!B12 -> sim4 | G12: =Raw_Codes_Labels!D12 -> 0 | H12: =IF(Raw_Codes_Labels!C12=1,"Yes","No") -> No
B13: Prices | C13: Prices of output, composite demand, export and imports | F13: =Raw_Codes_Labels!B13 -> sim5 | G13: =Raw_Codes_Labels!D13 -> 0 | H13: =IF(Raw_Codes_Labels!C13=1,"Yes","No") -> No
B14: Factors | C14: Factor supplies, wages and incomes | F14: =Raw_Codes_Labels!B14 -> sim6 | G14: =Raw_Codes_Labels!D14 -> 0 | H14: =IF(Raw_Codes_Labels!C14=1,"Yes","No") -> No
B15: Factors2 | C15: Sectoral factor demands and wage premia | F15: =Raw_Codes_Labels!B15 -> sim7 | G15: =Raw_Codes_Labels!D15 -> 0 | H15: =IF(Raw_Codes_Labels!C15=1,"Yes","No") -> No
B16: Households | C16: Income, equivalent variation, and real total consumption spending | F16: =Raw_Codes_Labels!B16 -> sim8 | G16: =Raw_Codes_Labels!D16 -> 0 | H16: =IF(Raw_Codes_Labels!C16=1,"Yes","No") -> No
B17: HH Charts | C17: Charts of household income distribution | F17: =Raw_Codes_Labels!B17 -> sim9 | G17: =Raw_Codes_Labels!D17 -> 0 | H17: =IF(Raw_Codes_Labels!C17=1,"Yes","No") -> No
B18: Basedata | C18: Data about the structure of the economy prior to any shocks
B19: Budget | C19: Government revenues, expenditures and deficits
B20: Tax_Rates | C20: Tax rates and transfers
B21: Tariff_Rates | C21: Tariff Rates
B22: BoP | C22: Balance of Payments Summarry
B23: SITAB | C23: Savings-Investment Table

Sheet Notes
A1: =CONCATENATE(E7," ",E6," CGE Model") -> 2019 Viet Nam CGE Model
A2: Return to Cover | G2: Construction date: | I2: SAM | J2: 45778
I3: Model | J3: 45778
G4: Units: | J4: =E8 -> Trillions of Dong
G5: Structure: | J5: =COUNTA(A16:A215)&" "&A15 -> 190 Activities
A6: Social Accounting Matrix | D6: Country | E6: Viet Nam | J6: =COUNTA(F16:F215)&" "&F15 -> 183 Commodities
D7: Year | E7: 2019 | J7: =COUNTA(K16:K215)&" "&K15 -> 11 Factors
D8: Unit | E8: Trillions of Dong | J8: =4&" "&N15 -> 4 Institutions
J9: =COUNTA(Q20:Q22)&" Taxes" -> 3 Taxes
A11: Citation | B11: SAM | C11: Based on a Viet Nam 2019 SAM
B12: Model | C12: Lofgren, H., Robinson, S. and Harris, R. 2001. "A standard computable general equilibrium (CGE) model in GAMS", International Food Policy Research Institute, Washington D.C.
A15: Activities | C15: Level2 | D15: Level1 | F15: Commodities | H15: Level2 | I15: Level1 | K15: Factors | N15: Institutions | Q15: Other accounts | Y15: Aggregation of Reporting Activities | AC15: Aggregation of Reporting Commodities | AF15: Households | AI15: Aggregation of Households | AL15: Mappings
A16: a_001 | B16: Paddy | C16: sGDP | D16: sAGR | E16: Agriculture | F16: c_001 | G16: Paddy | I16: xAGR | J16: Agriculture | K16: flab_u_t | L16: Urban Tertiary Wage Earnings | N16: ent_ag | O16: Agriculture Enterprises | Q16: trd | R16: Margins on domestic trade | Y16: {=Raw_Codes_Labels!Q7:R18} -> sGDP | Z16: Tot Act | AC16: {=Raw_Codes_Labels!T8:U17} -> xAGR | AD16: Agriculture | AF16: hhd_uf1 | AG16: Urban Farm Househ Inc Q1
A17: a_002 | B17: Corn and other grain food products | C17: sGDP | D17: sAGR | E17: Agriculture | F17: c_002 | G17: Corn and other grain food products | I17: xAGR | J17: Agriculture | K17: flab_u_s | L17: Urban Secondary Wage Earnings | N17: ent_na | O17: Non-agriculture Enterprises | Q17: trm | R17: Margins on imports | Y17: sAGR | Z17: Agriculture | AC17: xMIN | AD17: Mining | AF17: hhd_uf2 | AG17: Urban Farm Househ Inc Q2
A18: a_003 | B18: Root crop products contain starch | C18: sGDP | D18: sAGR | E18: Agriculture | F18: c_003 | G18: Root crop products contain starch | I18: xAGR | J18: Agriculture | K18: flab_u_p | L18: Urban Primary Wage Earnings | N18: hhd_uf1 | O18: Urban Farm Househ Inc Q1 | Q18: tre | R18: Margins on exports | Y18: sMIN | Z18: Mining | AC18: xMND | AD18: Manf non-Dur | AF18: hhd_uf3 | AG18: Urban Farm Househ Inc Q3
A19: a_004 | B19: Oil-bearing plant products | C19: sGDP | D19: sAGR | E19: Agriculture | F19: c_004 | G19: Oil-bearing plant products | I19: xAGR | J19: Agriculture | K19: flab_r_t | L19: Rural Tertiary Wage Earnings | N19: hhd_uf2 | O19: Urban Farm Househ Inc Q2 | Q19: gov | R19: Government | Y19: sMND | Z19: Non-Dur Manf | AC19: xMDU | AD19: Manf Dur | AF19: hhd_uf4 | AG19: Urban Farm Househ Inc Q4
A20: a_005 | B20: Fresh sugar cane | C20: sGDP | D20: sAGR | E20: Agriculture | F20: c_005 | G20: Fresh sugar cane | I20: xAGR | J20: Agriculture | K20: flab_r_s | L20: Rural Secondary Wage Earnings | N20: hhd_uf3 | O20: Urban Farm Househ Inc Q3 | Q20: atax | R20: Taxes - activity | Y20: sMDU | Z20: Durble Manf | AC20: xELP | AD20: All Electr | AF20: hhd_uf5 | AG20: Urban Farm Househ Inc Q5
A21: a_006 | B21: Vegetables, beans of all kinds | C21: sGDP | D21: sAGR | E21: Agriculture | F21: c_006 | G21: Vegetables, beans of all kinds | I21: xAGR | J21: Agriculture | K21: flab_r_p | L21: Rural Primary Wage Earnings | N21: hhd_uf4 | O21: Urban Farm Househ Inc Q4 | Q21: dtax | R21: Taxes - direct | Y21: sELN | Z21: N-Renw ElecGen | AC21: xETD | AD21: Elctr TrDistr | AF21: hhd_un1 | AG21: Urban non-Farm Househ Inc Q1
A22: a_007 | B22: Annual flower products | C22: sGDP | D22: sAGR | E22: Agriculture | F22: c_007 | G22: Annual flower products | I22: xAGR | J22: Agriculture | K22: fcap_ag | L22: Agriculture Capital Prod Fact Earnings | N22: hhd_uf5 | O22: Urban Farm Househ Inc Q5 | Q22: ftax | R22: Taxes - factor | Y22: sELR | Z22: Renwbl ElecGen | AC22: xTRD | AD22: Trade+Acco | AF22: hhd_un2 | AG22: Urban non-Farm Househ Inc Q2
A23: a_008 | B23: Other remaining annual crop products | C23: sGDP | D23: sAGR | E23: Agriculture | F23: c_008 | G23: Other remaining annual crop products | I23: xAGR | J23: Agriculture | K23: fcap_na | L23: Non-Agriculture Capital earnings | N23: hhd_un1 | O23: Urban non-Farm Househ Inc Q1 | Q23: mtax | R23: Taxes - import | Y23: sETD | Z23: Elec TrsmDistr | AC23: xTRP | AD23: Transp | AF23: hhd_un3 | AG23: Urban non-Farm Househ Inc Q3
A24: a_009 | B24: Fruit tree products | C24: sGDP | D24: sAGR | E24: Agriculture | F24: c_009 | G24: Fruit tree products | I24: xAGR | J24: Agriculture | K24: flnd | L24: Land Production Factor Earnings | N24: hhd_un2 | O24: Urban non-Farm Househ Inc Q2 | Q24: stax | R24: Taxes - sales | Y24: sTRD | Z24: Trade | AC24: xPSV | AD24: Oth Priv Srv | AF24: hhd_un4 | AG24: Urban non-Farm Househ Inc Q4
A25: a_010 | B25: Dried cashews | C25: sGDP | D25: sAGR | E25: Agriculture | F25: c_010 | G25: Dried cashews | I25: xAGR | J25: Agriculture | K25: fliv | L25: Livestock Production Factor Earnings | N25: hhd_un3 | O25: Urban non-Farm Househ Inc Q3 | Q25: s-i | R25: Savings-investment | Y25: sTRP | Z25: Transp | AC25: xGSV | AD25: Publ Srv | AF25: hhd_un5 | AG25: Urban non-Farm Househ Inc Q5
A26: a_011 | B26: Pepper seeds | C26: sGDP | D26: sAGR | E26: Agriculture | F26: c_011 | G26: Pepper seeds | I26: xAGR | J26: Agriculture | K26: ffsh | L26: Fishstock Production Factor Earnings | N26: hhd_un4 | O26: Urban non-Farm Househ Inc Q4 | Q26: dstk | R26: Change in stocks | Y26: sPSV | Z26: Priv Srv | AF26: hhd_rf1 | AG26: Rural Farm Househ Inc Q1
A27: a_012 | B27: Dried latex | C27: sGDP | D27: sAGR | E27: Agriculture | F27: c_012 | G27: Dried latex | I27: xAGR | J27: Agriculture | N27: hhd_un5 | O27: Urban non-Farm Househ Inc Q5 | Q27: total | R27: Total | Y27: sGSV | Z27: Publ Srv | AF27: hhd_rf2 | AG27: Rural Farm Househ Inc Q2
A28: a_013 | B28: Coffee beans | C28: sGDP | D28: sAGR | E28: Agriculture | F28: c_013 | G28: Coffee beans | I28: xAGR | J28: Agriculture | N28: hhd_rf1 | O28: Rural Farm Househ Inc Q1 | AF28: hhd_rf3 | AG28: Rural Farm Househ Inc Q3
A29: a_014 | B29: Fresh tea buds, fresh tea leaves | C29: sGDP | D29: sAGR | E29: Agriculture | F29: c_014 | G29: Fresh tea buds, fresh tea leaves | I29: xAGR | J29: Agriculture | N29: hhd_rf2 | O29: Rural Farm Househ Inc Q2 | AF29: hhd_rf4 | AG29: Rural Farm Househ Inc Q4
A30: a_015 | B30: Other remaining perennial plant products | C30: sGDP | D30: sAGR | E30: Agriculture | F30: c_015 | G30: Other remaining perennial plant products | I30: xAGR | J30: Agriculture | N30: hhd_rf3 | O30: Rural Farm Househ Inc Q3 | AF30: hhd_rf5 | AG30: Rural Farm Househ Inc Q5
A31: a_016 | B31: Buffalo and cow livestock products | C31: sGDP | D31: sAGR | E31: Agriculture | F31: c_016 | G31: Buffalo and cow livestock products | I31: xAGR | J31: Agriculture | N31: hhd_rf4 | O31: Rural Farm Househ Inc Q4 | AF31: hhd_rn1 | AG31: Rural non-Farm Househ Inc Q1
A32: a_017 | B32: Pig farming products | C32: sGDP | D32: sAGR | E32: Agriculture | F32: c_017 | G32: Pig farming products | I32: xAGR | J32: Agriculture | N32: hhd_rf5 | O32: Rural Farm Househ Inc Q5 | AF32: hhd_rn2 | AG32: Rural non-Farm Househ Inc Q2
A33: a_018 | B33: Poultry products | C33: sGDP | D33: sAGR | E33: Agriculture | F33: c_018 | G33: Poultry products | I33: xAGR | J33: Agriculture | N33: hhd_rn1 | O33: Rural non-Farm Househ Inc Q1 | AF33: hhd_rn3 | AG33: Rural non-Farm Househ Inc Q3
A34: a_019 | B34: Other remaining livestock products | C34: sGDP | D34: sAGR | E34: Agriculture | F34: c_019 | G34: Other remaining livestock products | I34: xAGR | J34: Agriculture | N34: hhd_rn2 | O34: Rural non-Farm Househ Inc Q2 | AF34: hhd_rn4 | AG34: Rural non-Farm Househ Inc Q4
A35: a_020 | B35: Agricultural services | C35: sGDP | D35: sPSV | E35: Priv Srv | F35: c_020 | G35: Agricultural services | I35: xPSV | J35: Priv Srv | N35: hhd_rn3 | O35: Rural non-Farm Househ Inc Q3 | AF35: hhd_rn5 | AG35: Rural non-Farm Househ Inc Q5
A36: a_021 | B36: Hunting and trapping products and related services | C36: sGDP | D36: sAGR | E36: Agriculture | F36: c_021 | G36: Hunting and trapping products and related services | I36: xAGR | J36: Agriculture | N36: hhd_rn4 | O36: Rural non-Farm Househ Inc Q4
A37: a_022 | B37: Other agricultural products have not been classified yet | C37: sGDP | D37: sAGR | E37: Agriculture | F37: c_022 | G37: Other agricultural products have not been classified yet | I37: xAGR | J37: Agriculture | N37: hhd_rn5 | O37: Rural non-Farm Househ Inc Q5
A38: a_023 | B38: Forest planting and care products and forestry seedlings | C38: sGDP | D38: sAGR | E38: Agriculture | F38: c_023 | G38: Forest planting and care products and forestry seedlings | I38: xAGR | J38: Agriculture
A39: a_024 | B39: Harvested wood | C39: sGDP | D39: sAGR | E39: Agriculture | F39: c_024 | G39: Harvested wood | I39: xAGR | J39: Agriculture
A40: a_025 | B40: Other exploited and collected forest products except wood | C40: sGDP | D40: sAGR | E40: Agriculture | F40: c_025 | G40: Other exploited and collected forest products except wood | I40: xAGR | J40: Agriculture
A41: a_026 | B41: Forestry services | C41: sGDP | D41: sPSV | E41: Priv Srv | F41: c_026 | G41: Forestry services | I41: xPSV | J41: Priv Srv
A42: a_027 | B42: Marine aquatic products | C42: sGDP | D42: sAGR | E42: Agriculture | F42: c_027 | G42: Marine aquatic products | I42: xAGR | J42: Agriculture
A43: a_028 | B43: Inland exploited aquatic products | C43: sGDP | D43: sAGR | E43: Agriculture | F43: c_028 | G43: Inland exploited aquatic products | I43: xAGR | J43: Agriculture
A44: a_029 | B44: Marine aquaculture products | C44: sGDP | D44: sAGR | E44: Agriculture | F44: c_029 | G44: Marine aquaculture products | I44: xAGR | J44: Agriculture
A45: a_030 | B45: Catfish | C45: sGDP | D45: sAGR | E45: Agriculture | F45: c_030 | G45: Catfish | I45: xAGR | J45: Agriculture
A46: a_031 | B46: White leg shrimp, Black tiger shrimp | C46: sGDP | D46: sAGR | E46: Agriculture | F46: c_031 | G46: White leg shrimp, Black tiger shrimp | I46: xAGR | J46: Agriculture
A47: a_032 | B47: Other inland aquaculture products | C47: sGDP | D47: sAGR | E47: Agriculture | F47: c_032 | G47: Other inland aquaculture products | I47: xAGR | J47: Agriculture
A48: a_033 | B48: Domestic aquatic breeds | C48: sGDP | D48: sAGR | E48: Agriculture | F48: c_033 | G48: Domestic aquatic breeds | I48: xAGR | J48: Agriculture
A49: a_034 | B49: Hard coal and lignite | C49: sGDP | D49: sMIN | E49: Mining | F49: c_034 | G49: Hard coal and lignite | I49: xMIN | J49: Mining
... A188: a_173 | B188: Lottery, betting and gambling services | C188: sGDP | D188: sPSV | E188: Priv Srv | F188: c_173 | G188: Household chores service for households | I188: xPSV | J188: Priv Srv
A189: a_174 | B189: Sports, entertainment and recreation services | C189: sGDP | D189: sPSV | E189: Priv Srv | F189: {=Raw_Codes_Labels!T8:U17} -> xAGR | G189: Agriculture
A190: a_175 | B190: Services of other associations and organizations | C190: sGDP | D190: sPSV | E190: Priv Srv | F190: xMIN | G190: Mining
A191: a_176 | B191: Computer repair service, personal and household appliances | C191: sGDP | D191: sPSV | E191: Priv Srv | F191: xMND | G191: Manf non-Dur
A192: a_177 | B192: Other personal services | C192: sGDP | D192: sPSV | E192: Priv Srv | F192: xMDU | G192: Manf Dur
A193: a_178 | B193: Household chores service for households | C193: sGDP | D193: sPSV | E193: Priv Srv | F193: xELP | G193: All Electr
A194: {=Raw_Codes_Labels!Q7:R18} -> sGDP | B194: Tot Act | C194: sGDP | D194: =A194 -> sGDP | E194: =A194 -> sGDP | F194: xETD | G194: Elctr TrDistr
A195: sAGR | B195: Agriculture | C195: sGDP | D195: =A195 -> sAGR | E195: =A195 -> sAGR | F195: xTRD | G195: Trade+Acco
A196: sMIN | B196: Mining | C196: sGDP | D196: =A196 -> sMIN | E196: =A196 -> sMIN | F196: xTRP | G196: Transp
A197: sMND | B197: Non-Dur Manf | C197: sGDP | D197: =A197 -> sMND | E197: =A197 -> sMND | F197: xPSV | G197: Oth Priv Srv
A198: sMDU | B198: Durble Manf | C198: sGDP | D198: =A198 -> sMDU | E198: =A198 -> sMDU | F198: xGSV | G198: Publ Srv
A199: sELN | B199: N-Renw ElecGen | C199: sGDP | D199: =A199 -> sELN | E199: =A199 -> sELN
A200: sELR | B200: Renwbl ElecGen | C200: sGDP | D200: =A200 -> sELR | E200: =A200 -> sELR
A201: sETD | B201: Elec TrsmDistr | C201: sGDP | D201: =A201 -> sETD | E201: =A201 -> sETD
A202: sTRD | B202: Trade | C202: sGDP | D202: =A202 -> sTRD | E202: =A202 -> sTRD
A203: sTRP | B203: Transp | C203: sGDP | D203: =A203 -> sTRP | E203: =A203 -> sTRP
A204: sPSV | B204: Priv Srv | C204: sGDP | D204: =A204 -> sPSV | E204: =A204 -> sPSV
A205: sGSV | B205: Publ Srv | C205: sGDP | D205: =A205 -> sGSV | E205: =A205 -> sGSV

Sheet Index
B1: Return to Cover | G1: GDX index
A4: Location of input tables
A5: Name | B5: Sheet | C5: Start Col | D5: Start Row | G5: Type | H5: Name | I5: Location | J5: Row | K5: Column
J6: rdim | K6: cdim
A7: strucbase | B7: Raw_Basedata | C7: b | D7: 7 | G7: par | H7: =A7 -> strucbase | I7: =B7&"!"&C7&D7 -> Raw_Basedata!b7 | J7: 1 | K7: 1
A8: factab1 | B8: Raw_Basedata | C8: l | D8: 7 | G8: par | H8: =A8 -> factab1 | I8: =B8&"!"&C8&D8 -> Raw_Basedata!l7 | J8: 1 | K8: 1
A9: factab2 | B9: Raw_Basedata | C9: z | D9: 7 | G9: par | H9: =A9 -> factab2 | I9: =B9&"!"&C9&D9 -> Raw_Basedata!z7 | J9: 1 | K9: 1
A10: factab3 | B10: Raw_Basedata | C10: an | D10: 7 | G10: par | H10: =A10 -> factab3 | I10: =B10&"!"&C10&D10 -> Raw_Basedata!an7 | J10: 1 | K10: 1
A11: factab4A | B11: Raw_Basedata | C11: at | D11: 7 | G11: par | H11: =A11 -> factab4A | I11: =B11&"!"&C11&D11 -> Raw_Basedata!at7 | J11: 1 | K11: 1
A12: factab5 | B12: Raw_Basedata | C12: bh | D12: 7 | G12: par | H12: =A12 -> factab5 | I12: =B12&"!"&C12&D12 -> Raw_Basedata!bh7 | J12: 1 | K12: 1
A13: gdptab1p | B13: Raw_GDPTAB | C13: c | D13: 7 | G13: par | H13: =A13 -> gdptab1p | I13: =B13&"!"&C13&D13 -> Raw_GDPTAB!c7 | J13: 2 | K13: 1
A14: macrotab | B14: raw_Macro | C14: c | D14: 7 | G14: par | H14: =A14 -> macrotab | I14: =B14&"!"&C14&D14 -> raw_Macro!c7 | J14: 1 | K14: 1
A15: sgrowth | B15: raw_sGDP | C15: c | D15: 7 | G15: par | H15: =A15 -> sgrowth | I15: =B15&"!"&C15&D15 -> raw_sGDP!c7 | J15: 1 | K15: 1
A16: scontr | B16: raw_sGDP | C16: r | D16: 7 | G16: par | H16: =A16 -> scontr | I16: =B16&"!"&C16&D16 -> raw_sGDP!r7 | J16: 1 | K16: 1
A17: qetab2 | B17: raw_Trade | C17: b | D17: 10 | G17: par | H17: =A17 -> qetab2 | I17: =B17&"!"&C17&D17 -> raw_Trade!b10 | J17: 1 | K17: 1
A18: qmtab2 | B18: raw_Trade | C18: b | D18: 310 | G18: par | H18: =A18 -> qmtab2 | I18: =B18&"!"&C18&D18 -> raw_Trade!b310 | J18: 1 | K18: 1
... A29: yfxp | B29: Raw_Factors | C29: b | D29: 410 | G29: par | H29: =A29 -> yfxp | I29: =B29&"!"&C29&D29 -> Raw_Factors!b410 | J29: 1 | K29: 1
A30: qfxp | B30: Raw_Factors_QFXP | C30: c | D30: 6 | G30: par | H30: qfxp | I30: =B30&"!"&C30&D30 -> Raw_Factors_QFXP!c6 | J30: 2 | K30: 1
A31: wfdistxp | B31: Raw_Factors_WFDISTXP | C31: c | D31: 6 | G31: par | H31: =A31 -> wfdistxp | I31: =B31&"!"&C31&D31 -> Raw_Factors_WFDISTXP!c6 | J31: 2 | K31: 1
A32: yitab | B32: raw_HH | C32: b | D32: 10 | G32: par | H32: =A32 -> yitab | I32: =B32&"!"&C32&D32 -> raw_HH!b10 | J32: 1 | K32: 1
A33: evtab | B33: raw_HH | C33: b | D33: 139 | G33: par | H33: =A33 -> evtab | I33: =B33&"!"&C33&D33 -> raw_HH!b139 | J33: 1 | K33: 1
A34: qhtab2 | B34: raw_HH | C34: b | D34: 333 | G34: par | H34: =A34 -> qhtab2 | I34: =B34&"!"&C34&D34 -> raw_HH!b333 | J34: 1 | K34: 1
A35: tinsx | B35: Raw_Tax_Rates | C35: ac | D35: 7 | G35: par | H35: =A35 -> tinsx | I35: =B35&"!"&C35&D35 -> Raw_Tax_Rates!ac7 | J35: 1 | K35: 1
A36: trnsfrx | B36: Tax_Rates | C36: ac | D36: 7 | G36: par | H36: =A36 -> trnsfrx | I36: =B36&"!"&C36&D36 -> Tax_Rates!ac7 | J36: 2 | K36: 1
A37: tqx | B37: Raw_Tax_Rates | C37: ac | D37: 107 | G37: par | H37: =A37 -> tqx | I37: =B37&"!"&C37&D37 -> Raw_Tax_Rates!ac107 | J37: 1 | K37: 1
A38: tmx | B38: Tariff_Rates | C38: ac | D38: 7 | G38: par | H38: =A38 -> tmx | I38: =B38&"!"&C38&D38 -> Tariff_Rates!ac7 | J38: 1 | K38: 1
A39: YG1X | B39: Raw_Govt | C39: c | D39: 5 | G39: par | H39: =A39 -> YG1X | I39: =B39&"!"&C39&D39 -> Raw_Govt!c5 | J39: 1
A40: YG2X | B40: Raw_Govt | C40: f | D40: 5 | G40: par | H40: =A40 -> YG2X | I40: =B40&"!"&C40&D40 -> Raw_Govt!f5 | J40: 1
A41: YG3X | B41: Raw_Govt | C41: i | D41: 5 | G41: par | H41: =A41 -> YG3X | I41: =B41&"!"&C41&D41 -> Raw_Govt!i5 | J41: 1
A42: YG4X | B42: Raw_Govt | C42: l | D42: 5 | G42: par | H42: =A42 -> YG4X | I42: =B42&"!"&C42&D42 -> Raw_Govt!l5 | J42: 1
A43: YG5X | B43: Raw_Govt | C43: o | D43: 5 | G43: par | H43: =A43 -> YG5X | I43: =B43&"!"&C43&D43 -> Raw_Govt!o5 | J43: 1
A44: YG6X | B44: Raw_Govt | C44: r | D44: 5 | G44: par | H44: =A44 -> YG6X | I44: =B44&"!"&C44&D44 -> Raw_Govt!r5 | J44: 1
A45: YG7X | B45: Raw_Govt | C45: u | D45: 5 | G45: par | H45: =A45 -> YG7X | I45: =B45&"!"&C45&D45 -> Raw_Govt!u5 | J45: 1
A46: YG8X | B46: Raw_Govt | C46: x | D46: 5 | G46: par | H46: =A46 -> YG8X | I46: =B46&"!"&C46&D46 -> Raw_Govt!x5 | J46: 1
A47: YG9X | B47: Raw_Govt | C47: aa | D47: 5 | G47: par | H47: =A47 -> YG9X | I47: =B47&"!"&C47&D47 -> Raw_Govt!aa5 | J47: 1
A48: CPIX | B48: Raw_Govt | C48: ad | D48: 5 | G48: par | H48: =A48 -> CPIX | I48: =B48&"!"&C48&D48 -> Raw_Govt!ad5 | J48: 1
A49: BOP | B49: BoP | C49: ac | D49: 7 | G49: par | H49: =A49 -> BOP | I49: =B49&"!"&C49&D49 -> BoP!ac7 | J49: 1 | K49: 1
A50: SITAB | B50: Sav_INV | C50: ac | D50: 7 | G50: par | H50: =A50 -> SITAB | I50: =B50&"!"&C50&D50 -> Sav_INV!ac7 | J50: 1 | K50: 1
A51: QINTAX | B51: Raw_QINTA | C51: c | D51: 7 | G51: par | H51: =A51 -> QINTAX | I51: =B51&"!"&C51&D51 -> Raw_QINTA!c7 | J51: 1 | K51: 1
A52: dummy1 | B52: Cover | C52: c | D52: 5 | G52: par | H52: =A52 -> dummy1 | I52: =B52&"!"&C52&D52 -> Cover!c5

Sheet Basedata
A1: Data about the base
A2: Return to Cover
C3: Value added, gross output, employment, export and import shares in economy. EXP-OUTshr = share of exports in output; IM-DEMshr = import penetration
C5: STRUCTURE IN THE BASE (%) | K5: FACTOR SHARES WITHIN SECTORS | Z5: FACTOR SHARES ACROSS SECTORS | AN5: AGGREGATE VALUE ADDED AND INTERMEDIATE SHARES AND ELASTICITY OF SUBSTITUTION | AU5: FACTOR WAGES BY SECTOR (LCU pa) | BI5: OUTPUT-FACTOR RATIOS (LCU per unit of factor)
B7: {=strucbase} -> 0 | C7: VAshr | D7: PRDshr | E7: EMPshr | F7: EXPshr | G7: EXP-OUTshr | H7: IMPshr | I7: IMP-DEMshr | L7: {=factab1} -> 0 | M7: flab_u_t | N7: flab_u_s | O7: flab_u_p | P7: flab_r_t | Q7: flab_r_s | R7: flab_r_p | S7: fcap_ag | T7: fcap_na | U7: flnd | V7: fliv | W7: ffsh | AA7: {=factab2} -> 0 | AB7: flab_u_t | AC7: flab_u_s | AD7: flab_u_p | AE7: flab_r_t | AF7: flab_r_s | AG7: flab_r_p | AH7: fcap_ag | AI7: fcap_na | AJ7: flnd | AK7: fliv | AL7: ffsh | AO7: {=factab3} -> 0 | AP7: QVASHR | AQ7: QINTSHR | AR7: SIGMAVA | AV7: {=factab4A} -> 0 | AW7: flab_u_t | AX7: flab_u_s | AY7: flab_u_p | AZ7: flab_r_t | BA7: flab_r_s | BB7: flab_r_p | BC7: fcap_ag | BD7: fcap_na | BE7: flnd | BF7: fliv | BG7: ffsh | BJ7: {=factab5} -> 0 | BK7: flab_u_t | BL7: flab_u_s | BM7: flab_u_p | BN7: flab_r_t | BO7: flab_r_s | BP7: flab_r_p | BQ7: fcap_ag | BR7: fcap_na | BS7: flnd | BT7: fliv | BU7: ffsh
A8: {=IFERROR(_xlfn.XLOOKUP(B8,Com_codes_core,Com_labels_core),"")} -> Paddy | B8: c_001 | C8: 2.1376632 | D8: 1.269708 | E8: 12.078952 | F8: 0 | G8: 0 | H8: 0.0061127836 | I8: 0.14859367 | K8: {=IFERROR(_xlfn.XLOOKUP(L8,Act_codes_core,Act_labels_core),"")} -> Paddy | L8: a_001 | M8: 1.7893111 | N8: 7.4332119 | O8: 1.5092869 | P8: 9.7543785 | Q8: 57.280053 | R8: 15.951358 | S8: 0.39947132 | T8: 0 | U8: 5.8829292 | V8: 0 | W8: 0 | Z8: {=IFERROR(_xlfn.XLOOKUP(AA8,Act_codes_core,Act_labels_core),"")} -> Paddy | AA8: a_001 | AB8: 0.16531459 | AC8: 1.8888158 | AD8: 2.4013706 | AE8: 1.7653092 | AF8: 6.9646965 | AG8: 9.5992116 | AH8: 5.240892 | AI8: 0 | AJ8: 30.737028 | AK8: 0 | AL8: 0 | AN8: {=IFERROR(_xlfn.XLOOKUP(AO8,Act_codes_core,Act_labels_core),"")} -> Paddy | AO8: a_001 | AP8: 54.963513 | AQ8: 45.036487 | AR8: 0.3 | AU8: {=IFERROR(_xlfn.XLOOKUP(AV8,Act_codes_core,Act_labels_core),"")} -> Paddy | AV8: a_001 | AW8: 0.044605137 | AX8: 0.033239272 | AY8: 0.025560307 | AZ8: 0.021001924 | BA8: 0.021026691 | BB8: 0.017201054 | BC8: 1 | BD8: 0 | BE8: 1 | BF8: 0 | BG8: 0 | BI8: {=IFERROR(_xlfn.XLOOKUP(BJ8,Act_codes_core,Act_labels_core),"")} -> Paddy | BJ8: a_001 | BK8: 4.5443483 | BL8: 0.81516884 | BM8: 3.0872149 | BN8: 0.39249312 | BO8: 0.06691756 | BP8: 0.19657577 | BQ8: 456.33836 | BR8: 0 | BS8: 30.986959 | BT8: 0 | BU8: 0
A9: {=IFERROR(_xlfn.XLOOKUP(B9,Com_codes_core,Com_labels_core),"")} -> Corn and other grain food products | B9: c_002 | C9: 0.24573955 | D9: 0.14001467 | E9: 1.4866411 | F9: 0.022951511 | G9: 4.9276338 | H9: 1.1585539 | I9: 71.248412 | K9: {=IFERROR(_xlfn.XLOOKUP(L9,Act_codes_core,Act_labels_core),"")} -> Corn and other grain food products | L9: a_002 | M9: 0.8922897 | N9: 2.6453413 | O9: 2.4319939 | P9: 10.267347 | Q9: 54.004308 | R9: 24.640068 | S9: 0.32547349 | T9: 0 | U9: 4.793179 | V9: 0 | W9: 0 | Z9: {=IFERROR(_xlfn.XLOOKUP(AA9,Act_codes_core,Act_labels_core),"")} -> Corn and other grain food products | AA9: a_002 | AB9: 0.0094722393 | AC9: 0.07723537 | AD9: 0.4446019 | AE9: 0.21350145 | AF9: 0.75448155 | AG9: 1.7037318 | AH9: 0.4906329 | AI9: 0 | AJ9: 2.8774867 | AK9: 0 | AL9: 0 | AN9: {=IFERROR(_xlfn.XLOOKUP(AO9,Act_codes_core,Act_labels_core),"")} -> Corn and other grain food products | AO9: a_002 | AP9: 57.283761 | AQ9: 42.716239 | AR9: 0.3 | AU9: {=IFERROR(_xlfn.XLOOKUP(AV9,Act_codes_core,Act_labels_core),"")} -> Corn and other grain food products | AV9: a_002 | AW9: 0.026968341 | AX9: 0.02519254 | AY9: 0.02531659 | AZ9: 0.021121897 | BA9: 0.021141494 | BB9: 0.016671366 | BC9: 1 | BD9: 0 | BE9: 1 | BF9: 0 | BG9: 0 | BI9: {=IFERROR(_xlfn.XLOOKUP(BJ9,Act_codes_core,Act_labels_core),"")} -> Corn and other grain food products | BJ9: a_002 | BK9: 5.2847724 | BL9: 1.6652068 | BM9: 1.8202065 | BN9: 0.35971011 | BO9: 0.068451854 | BP9: 0.11830613 | BQ9: 537.23256 | BR9: 0 | BS9: 36.479956 | BT9: 0 | BU9: 0
A10: {=IFERROR(_xlfn.XLOOKUP(B10,Com_codes_core,Com_labels_core),"")} -> Root crop products contain starch | B10: c_003 | C10: 0.27510992 | D10: 0.15597366 | E10: 1.192324 | F10: 0.047649375 | G10: 8.3945553 | H10: 0.081810731 | I10: 13.979625 | K10: {=IFERROR(_xlfn.XLOOKUP(L10,Act_codes_core,Act_labels_core),"")} -> Root crop products contain starch | L10: a_003 | M10: 0.9665946 | N10: 8.3621678 | O10: 3.5585882 | P10: 6.9323232 | Q10: 47.379334 | R10: 29.830797 | S10: 0.39609578 | T10: 0 | U10: 2.5740993 | V10: 0 | W10: 0 | Z10: {=IFERROR(_xlfn.XLOOKUP(AA10,Act_codes_core,Act_labels_core),"")} -> Root crop products contain starch | AA10: a_003 | AB10: 0.011098156 | AC10: 0.26406637 | AD10: 0.7036331 | AE10: 0.15591256 | AF10: 0.71592721 | AG10: 2.2309194 | AH10: 0.64580433 | AI10: 0 | AJ10: 1.671378 | AK10: 0 | AL10: 0 | AN10: {=IFERROR(_xlfn.XLOOKUP(AO10,Act_codes_core,Act_labels_core),"")} -> Root crop products contain starch | AO10: a_003 | AP10: 57.288815 | AQ10: 42.711185 | AR10: 0.3 | AU10: {=IFERROR(_xlfn.XLOOKUP(AV10,Act_codes_core,Act_labels_core),"")} -> Root crop products contain starch | AV10: a_003 | AW10: 0.04204256 | AX10: 0.043590969 | AY10: 0.035721984 | AZ10: 0.026577904 | BA10: 0.028021498 | BB10: 0.024493804 | BC10: 1 | BD10: 0 | BE10: 1 | BF10: 0 | BG10: 0 | BI10: {=IFERROR(_xlfn.XLOOKUP(BJ10,Act_codes_core,Act_labels_core),"")} -> Root crop products contain starch | BJ10: a_003 | BK10: 7.6085903 | BL10: 0.91187867 | BM10: 1.7559706 | BN10: 0.67065836 | BO10: 0.10345746 | BP10: 0.14363187 | BQ10: 441.63064 | BR10: 0 | BS10: 67.956986 | BT10: 0 | BU10: 0
A11: {=IFERROR(_xlfn.XLOOKUP(B11,Com_codes_core,Com_labels_core),"")} -> Oil-bearing plant products | B11: c_004 | C11: 0.11058441 | D11: 0.065175798 | E11: 0.17515932 | F11: 0.0083776118 | G11: 3.7571065 | H11: 0.28006535 | I11: 55.249803 | K11: {=IFERROR(_xlfn.XLOOKUP(L11,Act_codes_core,Act_labels_core),"")} -> Oil-bearing plant products | L11: a_004 | M11: 0.57645425 | N11: 7.3933045 | O11: 0.78430054 | P11: 10.386747 | Q11: 60.662248 | R11: 15.801246 | S11: 0.27950397 | T11: 0 | U11: 4.1161956 | V11: 0 | W11: 0 | Z11: {=IFERROR(_xlfn.XLOOKUP(AA11,Act_codes_core,Act_labels_core),"")} -> Oil-bearing plant products | AA11: a_004 | AB11: 0.0027493771 | AC11: 0.096983043 | AD11: 0.064419008 | AE11: 0.097038676 | AF11: 0.38076885 | AG11: 0.49087776 | AH11: 0.18930048 | AI11: 0 | AJ11: 1.1102183 | AK11: 0 | AL11: 0 | AN11: {=IFERROR(_xlfn.XLOOKUP(AO11,Act_codes_core,Act_labels_core),"")} -> Oil-bearing plant products | AO11: a_004 | AP11: 55.472338 | AQ11: 44.527662 | AR11: 0.3 | AU11: {=IFERROR(_xlfn.XLOOKUP(AV11,Act_codes_core,Act_labels_core),"")} -> Oil-bearing plant products | AV11: a_004 | AW11: 0.068753289 | AX11: 0.12817428 | AY11: 0.065844284 | AZ11: 0.074309064 | BA11: 0.077120787 | BB11: 0.067591971 | BC11: 1 | BD11: 0 | BE11: 1 | BF11: 0 | BG11: 0 | BI11: {=IFERROR(_xlfn.XLOOKUP(BJ11,Act_codes_core,Act_labels_core),"")} -> Oil-bearing plant products | BJ11: a_004 | BK11: 21.573697 | BL11: 3.1358712 | BM11: 15.185584 | BN11: 1.2940712 | BO11: 0.2299582 | BP11: 0.77374831 | BQ11: 647.15447 | BR11: 0 | BS11: 43.944035 | BT11: 0 | BU11: 0
A12: {=IFERROR(_xlfn.XLOOKUP(B12,Com_codes_core,Com_labels_core),"")} -> Fresh sugar cane | B12: c_005 | C12: 0.132166 | D12: 0.091709153 | E12: 0.57131065 | F12: 0.00051540313 | G12: 0.16557318 | H12: 0.0017848898 | I12: 0.56563179 | K12: {=IFERROR(_xlfn.XLOOKUP(L12,Act_codes_core,Act_labels_core),"")} -> Fresh sugar cane | L12: a_005 | M12: 1.9680293 | N12: 9.4458176 | O12: 1.3246301 | P12: 8.769445 | Q12: 54.71526 | R12: 21.68272 | S12: 0.13315489 | T12: 0 | U12: 1.9609437 | V12: 0 | W12: 0 | Z12: {=IFERROR(_xlfn.XLOOKUP(AA12,Act_codes_core,Act_labels_core),"")} -> Fresh sugar cane | AA12: a_005 | AB12: 0.011101566 | AC12: 0.14654803 | AD12: 0.1286795 | AE12: 0.096899299 | AF12: 0.40619502 | AG12: 0.79667097 | AH12: 0.10666061 | AI12: 0 | AJ12: 0.62554812 | AK12: 0 | AL12: 0 | AN12: {=IFERROR(_xlfn.XLOOKUP(AO12,Act_codes_core,Act_labels_core),"")} -> Fresh sugar cane | AO12: a_005 | AP12: 46.807437 | AQ12: 53.192563 | AR12: 0.3 | AU12: {=IFERROR(_xlfn.XLOOKUP(AV12,Act_codes_core,Act_labels_core),"")} -> Fresh sugar cane | AV12: a_005 | AW12: 0.029799897 | AX12: 0.035021395 | AY12: 0.037475027 | AZ12: 0.025527514 | BA12: 0.02877219 | BB12: 0.02667169 | BC12: 1 | BD12: 0 | BE12: 1 | BF12: 0 | BG12: 0 | BI12: {=IFERROR(_xlfn.XLOOKUP(BJ12,Act_codes_core,Act_labels_core),"")} -> Fresh sugar cane | BJ12: a_005 | BK12: 3.2391733 | BL12: 0.79313091 | BM12: 6.0519918 | BN12: 0.62271223 | BO12: 0.1124904 | BP12: 0.26314055 | BQ12: 1606.5486 | BR12: 0 | BS12: 109.09023 | BT12: 0 | BU12: 0
A13: {=IFERROR(_xlfn.XLOOKUP(B13,Com_codes_core,Com_labels_core),"")} -> Vegetables, beans of all kinds | B13: c_006 | C13: 1.1168145 | D13: 0.66110023 | E13: 2.6192435 | F13: 0.015034682 | G13: 0.63015455 | H13: 0.085047884 | I13: 3.6743875 | K13: {=IFERROR(_xlfn.XLOOKUP(L13,Act_codes_core,Act_labels_core),"")} -> Vegetables, beans of all kinds | L13: a_006 | M13: 4.12493 | N13: 12.092515 | O13: 2.8093349 | P13: 8.8180849 | Q13: 54.856794 | R13: 13.181001 | S13: 0.26180435 | T13: 0 | U13: 3.855537 | V13: 0 | W13: 0 | Z13: {=IFERROR(_xlfn.XLOOKUP(AA13,Act_codes_core,Act_labels_core),"")} -> Vegetables, beans of all kinds | AA13: a_006 | AB13: 0.19907009 | AC13: 1.6050693 | AD13: 2.3348284 | AE13: 0.8336035 | AF13: 3.4841214 | AG13: 4.1433378 | AH13: 1.7941574 | AI13: 0 | AJ13: 10.522458 | AK13: 0 | AL13: 0 | AN13: {=IFERROR(_xlfn.XLOOKUP(AO13,Act_codes_core,Act_labels_core),"")} -> Vegetables, beans of all kinds | AO13: a_006 | AP13: 55.170993 | AQ13: 44.829007 | AR13: 0.3 | AU13: {=IFERROR(_xlfn.XLOOKUP(AV13,Act_codes_core,Act_labels_core),"")} -> Vegetables, beans of all kinds | AV13: a_006 | AW13: 0.064974495 | AX13: 0.067883951 | AY13: 0.060230939 | AZ13: 0.045277286 | BA13: 0.051811666 | BB13: 0.043861479 | BC13: 1 | BD13: 0 | BE13: 1 | BF13: 0 | BG13: 0 | BI13: {=IFERROR(_xlfn.XLOOKUP(BJ13,Act_codes_core,Act_labels_core),"")} -> Vegetables, beans of all kinds | BJ13: a_006 | BK13: 2.8616901 | BL13: 1.0198746 | BM13: 3.8950443 | BN13: 0.93282973 | BO13: 0.17159057 | BP13: 0.60454852 | BQ13: 693.936 | BR13: 0 | BS13: 47.120663 | BT13: 0 | BU13: 0
A14: {=IFERROR(_xlfn.XLOOKUP(B14,Com_codes_core,Com_labels_core),"")} -> Annual flower products | B14: c_007 | C14: 0.21966648 | D14: 0.13586917 | E14: 0.20876936 | F14: 0.017835994 | G14: 3.5995075 | H14: 0.0066764347 | I14: 1.4816297 | K14: {=IFERROR(_xlfn.XLOOKUP(L14,Act_codes_core,Act_labels_core),"")} -> Annual flower products | L14: a_007 | M14: 3.9310708 | N14: 11.524203 | O14: 2.6773046 | P14: 8.4036615 | Q14: 52.27869 | R14: 12.561533 | S14: 0.5483343 | T14: 0 | U14: 8.0752027 | V14: 0 | W14: 0 | Z14: {=IFERROR(_xlfn.XLOOKUP(AA14,Act_codes_core,Act_labels_core),"")} -> Annual flower products | AA14: a_007 | AB14: 0.037314845 | AC14: 0.30086344 | AD14: 0.43765371 | AE14: 0.15625545 | AF14: 0.6530838 | AG14: 0.77665113 | AH14: 0.73911234 | AI14: 0 | AJ14: 4.3347805 | AK14: 0 | AL14: 0 | AN14: {=IFERROR(_xlfn.XLOOKUP(AO14,Act_codes_core,Act_labels_core),"")} -> Annual flower products | AO14: a_007 | AP14: 52.813081 | AQ14: 47.186919 | AR14: 0.3 | AU14: {=IFERROR(_xlfn.XLOOKUP(AV14,Act_codes_core,Act_labels_core),"")} -> Annual flower products | AV14: a_007 | AW14: 0.15280255 | AX14: 0.15964481 | AY14: 0.14164698 | AZ14: 0.10648001 | BA14: 0.12184712 | BB14: 0.10315041 | BC14: 1 | BD14: 0 | BE14: 1 | BF14: 0 | BG14: 0 | BI14: {=IFERROR(_xlfn.XLOOKUP(BJ14,Act_codes_core,Act_labels_core),"")} -> Annual flower products | BJ14: a_007 | BK14: 7.3788202 | BL14: 2.6297296 | BM14: 10.043307 | BN14: 2.4052859 | BO14: 0.44244342 | BP14: 1.5588183 | BQ14: 346.19578 | BR14: 0 | BS14: 23.507895 | BT14: 0 | BU14: 0
A15: {=IFERROR(_xlfn.XLOOKUP(B15,Com_codes_core,Com_labels_core),"")} -> Other remaining annual crop products | B15: c_008 | C15: 0.31615657 | D15: 0.1652197 | E15: 0.14799816 | F15: 0.063942164 | G15: 11.308371 | H15: 0.9891137 | I15: 64.53238 | K15: {=IFERROR(_xlfn.XLOOKUP(L15,Act_codes_core,Act_labels_core),"")} -> Other remaining annual crop products | L15: a_008 | M15: 2.6479949 | N15: 5.2904856 | O15: 0.81399598 | P15: 15.232124 | Q15: 56.21412 | R15: 16.650096 | S15: 0.42023179 | T15: 0 | U15: 2.7309515 | V15: 0 | W15: 0 | Z15: {=IFERROR(_xlfn.XLOOKUP(AA15,Act_codes_core,Act_labels_core),"")} -> Other remaining annual crop products | AA15: a_008 | AB15: 0.036176553 | AC15: 0.19878944 | AD15: 0.19151127 | AE15: 0.40763017 | AF15: 1.0107154 | AG15: 1.4816285 | AH15: 0.8152545 | AI15: 0 | AJ15: 2.1099246 | AK15: 0 | AL15: 0 | AN15: {=IFERROR(_xlfn.XLOOKUP(AO15,Act_codes_core,Act_labels_core),"")} -> Other remaining annual crop products | AO15: a_008 | AP15: 62.507954 | AQ15: 37.492046 | AR15: 0.3 | AU15: {=IFERROR(_xlfn.XLOOKUP(AV15,Act_codes_core,Act_labels_core),"")} -> Other remaining annual crop products | AV15: a_008 | AW15: 0.55361322 | AX15: 0.48126099 | AY15: 0.1777194 | AZ15: 0.24137238 | BA15: 0.268335 | BB15: 0.22270015 | BC15: 1 | BD15: 0 | BE15: 1 | BF15: 0 | BG15: 0 | BI15: {=IFERROR(_xlfn.XLOOKUP(BJ15,Act_codes_core,Act_labels_core),"")} -> Other remaining annual crop products | BJ15: a_008 | BK15: 33.531955 | BL15: 14.58998 | BM15: 35.017258 | BN15: 2.5415385 | BO15: 0.7655992 | BP15: 2.1452274 | BQ15: 381.66353 | BR15: 0 | BS15: 58.729402 | BT15: 0 | BU15: 0
A16: {=IFERROR(_xlfn.XLOOKUP(B16,Com_codes_core,Com_labels_core),"")} -> Fruit tree products | B16: c_009 | C16: 1.1103857 | D16: 0.73155061 | E16: 2.2220378 | F16: 0.90098457 | G16: 34.117775 | H16: 0.42336774 | I16: 19.922762 | K16: {=IFERROR(_xlfn.XLOOKUP(L16,Act_codes_core,Act_labels_core),"")} -> Fruit tree products | L16: a_009 | M16: 2.4146031 | N16: 7.9680805 | O16: 2.3211233 | P16: 11.097277 | Q16: 55.172838 | R16: 15.268416 | S16: 0.76782359 | T16: 0 | U16: 4.9898391 | V16: 0 | W16: 0 | Z16: {=IFERROR(_xlfn.XLOOKUP(AA16,Act_codes_core,Act_labels_core),"")} -> Fruit tree products | AA16: a_009 | AB16: 0.11590697 | AC16: 1.0519746 | AD16: 1.9187751 | AE16: 1.0434606 | AF16: 3.4854798 | AG16: 4.7738672 | AH16: 5.2338289 | AI16: 0 | AJ16: 13.545444 | AK16: 0 | AL16: 0 | AN16: {=IFERROR(_xlfn.XLOOKUP(AO16,Act_codes_core,Act_labels_core),"")} -> Fruit tree products | AO16: a_009 | AP16: 49.552366 | AQ16: 50.447634 | AR16: 0.3 | AU16: {=IFERROR(_xlfn.XLOOKUP(AV16,Act_codes_core,Act_labels_core),"")} -> Fruit tree products | AV16: a_009 | AW16: 0.073205809 | AX16: 0.0627378 | AY16: 0.058609613 | AZ16: 0.060210952 | BA16: 0.061298499 | BB16: 0.053031487 | BC16: 1 | BD16: 0 | BE16: 1 | BF16: 0 | BG16: 0 | BI16: {=IFERROR(_xlfn.XLOOKUP(BJ16,Act_codes_core,Act_labels_core),"")} -> Fruit tree products | BJ16: a_009 | BK16: 6.1302632 | BL16: 1.5920434 | BM16: 5.1056376 | BN16: 1.0970803 | BO16: 0.22464867 | BP16: 0.70229433 | BQ16: 263.34064 | BR16: 0 | BS16: 40.52218 | BT16: 0 | BU16: 0
A17: {=IFERROR(_xlfn.XLOOKUP(B17,Com_codes_core,Com_labels_core),"")} -> Dried cashews | B17: c_010 | C17: 0.06418105 | D17: 0.031602935 | E17: 0.3041144 | F17: 0.028568536 | G17: 26.615692 | H17: 0.76013019 | I17: 88.051155 | K17: {=IFERROR(_xlfn.XLOOKUP(L17,Act_codes_core,Act_labels_core),"")} -> Dried cashews | L17: a_010 | M17: 1.820451 | N17: 9.0351653 | O17: 2.5688752 | P17: 7.6615276 | Q17: 55.587765 | R17: 20.65773 | S17: 0.35586076 | T17: 0 | U17: 2.3126249 | V17: 0 | W17: 0 | Z17: {=IFERROR(_xlfn.XLOOKUP(AA17,Act_codes_core,Act_labels_core),"")} -> Dried cashews | AA17: a_010 | AB17: 0.0050488401 | AC17: 0.068918604 | AD17: 0.12269241 | AE17: 0.041622085 | AF17: 0.20289216 | AG17: 0.37317091 | AH17: 0.14014803 | AI17: 0 | AJ17: 0.36271099 | AK17: 0 | AL17: 0 | AN17: {=IFERROR(_xlfn.XLOOKUP(AO17,Act_codes_core,Act_labels_core),"")} -> Dried cashews | AO17: a_010 | AP17: 66.359519 | AQ17: 33.640481 | AR17: 0.3 | AU17: {=IFERROR(_xlfn.XLOOKUP(AV17,Act_codes_core,Act_labels_core),"")} -> Dried cashews | AV17: a_010 | AW17: 0.037594802 | AX17: 0.029357107 | AY17: 0.025990775 | AZ17: 0.031913381 | BA17: 0.028478816 | BB17: 0.019212951 | BC17: 1 | BD17: 0 | BE17: 1 | BF17: 0 | BG17: 0 | BI17: {=IFERROR(_xlfn.XLOOKUP(BJ17,Act_codes_core,Act_labels_core),"")} -> Dried cashews | BJ17: a_010 | BK17: 3.120893 | BL17: 0.49102909 | BM17: 1.5289958 | BN17: 0.62948808 | BO17: 0.077423497 | BP17: 0.14055346 | BQ17: 424.66841 | BR17: 0 | BS17: 65.346882 | BT17: 0 | BU17: 0
A18: {=IFERROR(_xlfn.XLOOKUP(B18,Com_codes_core,Com_labels_core),"")} -> Pepper seeds | B18: c_011 | C18: 0.15167401 | D18: 0.067942572 | E18: 0.5235797 | F18: 0.21834967 | G18: 94.771024 | H18: 0.025149647 | I18: 66.520805 | K18: {=IFERROR(_xlfn.XLOOKUP(L18,Act_codes_core,Act_labels_core),"")} -> Pepper seeds | L18: a_011 | M18: 2.1808601 | N18: 11.42581 | O18: 2.0117684 | P18: 10.929688 | Q18: 51.869325 | R18: 9.8854014 | S18: 1.5598945 | T18: 0 | U18: 10.137253 | V18: 0 | W18: 0 | Z18: {=IFERROR(_xlfn.XLOOKUP(AA18,Act_codes_core,Act_labels_core),"")} -> Pepper seeds | AA18: a_011 | AB18: 0.014301711 | AC18: 0.20607956 | AD18: 0.22719576 | AE18: 0.14039892 | AF18: 0.4476558 | AG18: 0.42224746 | AH18: 1.4526121 | AI18: 0 | AJ18: 3.759442 | AK18: 0 | AL18: 0 | AN18: {=IFERROR(_xlfn.XLOOKUP(AO18,Act_codes_core,Act_labels_core),"")} -> Pepper seeds | AO18: a_011 | AP18: 73.014388 | AQ18: 26.985612 | AR18: 0.3 | AU18: {=IFERROR(_xlfn.XLOOKUP(AV18,Act_codes_core,Act_labels_core),"")} -> Pepper seeds | AV18: a_011 | AW18: 0.030625337 | AX18: 0.035037487 | AY18: 0.028640762 | AZ18: 0.034905683 | BA18: 0.032869309 | BB18: 0.028006792 | BC18: 1 | BD18: 0 | BE18: 1 | BF18: 0 | BG18: 0 | BI18: {=IFERROR(_xlfn.XLOOKUP(BJ18,Act_codes_core,Act_labels_core),"")} -> Pepper seeds | BJ18: a_011 | BK18: 1.930607 | BL18: 0.42158657 | BM18: 1.9572549 | BN18: 0.43906536 | BO18: 0.087120584 | BP18: 0.38950215 | BQ18: 88.134426 | BR18: 0 | BS18: 13.561899 | BT18: 0 | BU18: 0
A19: {=IFERROR(_xlfn.XLOOKUP(B19,Com_codes_core,Com_labels_core),"")} -> Dried latex | B19: c_012 | C19: 0.47654668 | D19: 0.22826769 | E19: 0.65491467 | F19: 0.36051259 | G19: 46.121152 | H19: 0.14175762 | I19: 24.87901 | K19: {=IFERROR(_xlfn.XLOOKUP(L19,Act_codes_core,Act_labels_core),"")} -> Dried latex | L19: a_012 | M19: 4.2912889 | N19: 7.036286 | O19: 1.2262701 | P19: 14.011918 | Q19: 50.895312 | R19: 16.91793 | S19: 0.74959801 | T19: 0 | U19: 4.8713969 | V19: 0 | W19: 0 | Z19: {=IFERROR(_xlfn.XLOOKUP(AA19,Act_codes_core,Act_labels_core),"")} -> Dried latex | AA19: a_012 | AB19: 0.09220742 | AC19: 0.4158238 | AD19: 0.45376009 | AE19: 0.58975486 | AF19: 1.4392271 | AG19: 2.3677612 | AH19: 2.2871824 | AI19: 0 | AJ19: 5.9193569 | AK19: 0 | AL19: 0 | AN19: {=IFERROR(_xlfn.XLOOKUP(AO19,Act_codes_core,Act_labels_core),"")} -> Dried latex | AO19: a_012 | AP19: 68.308844 | AQ19: 31.691156 | AR19: 0.3 | AU19: {=IFERROR(_xlfn.XLOOKUP(AV19,Act_codes_core,Act_labels_core),"")} -> Dried latex | AV19: a_012 | AW19: 0.13261107 | AX19: 0.094348856 | AY19: 0.08181549 | AZ19: 0.10992378 | BA19: 0.084427069 | BB19: 0.074458005 | BC19: 1 | BD19: 0 | BE19: 1 | BF19: 0 | BG19: 0 | BI19: {=IFERROR(_xlfn.XLOOKUP(BJ19,Act_codes_core,Act_labels_core),"")} -> Dried latex | BJ19: a_012 | BK19: 4.5429143 | BL19: 1.9712225 | BM19: 9.8082584 | BN19: 1.1532848 | BO19: 0.24386329 | BP19: 0.64700354 | BQ19: 196.11647 | BR19: 0 | BS19: 30.177898 | BT19: 0 | BU19: 0
... A184: {=IFERROR(_xlfn.XLOOKUP(B184,Com_codes_core,Com_labels_core),"")} | B184: TOTAL-2 | C184: 100 | D184: 100 | E184: 100 | F184: 100 | G184: 28.962776 | H184: 100 | I184: 28.803989 | K184: {=IFERROR(_xlfn.XLOOKUP(L184,Act_codes_core,Act_labels_core),"")} -> Other personal services | L184: a_177 | M184: 25.843317 | N184: 27.232967 | O184: 1.1439354 | P184: 11.745877 | Q184: 26.751289 | R184: 3.3054366 | S184: 0 | T184: 3.9771776 | U184: 0 | V184: 0 | W184: 0 | Z184: {=IFERROR(_xlfn.XLOOKUP(AA184,Act_codes_core,Act_labels_core),"")} -> Other personal services | AA184: a_177 | AB184: 0.45052503 | AC184: 1.30573 | AD184: 0.34342682 | AE184: 0.40109935 | AF184: 0.61374622 | AG184: 0.37532894 | AH184: 0 | AI184: 0.048292048 | AJ184: 0 | AK184: 0 | AL184: 0 | AN184: {=IFERROR(_xlfn.XLOOKUP(AO184,Act_codes_core,Act_labels_core),"")} -> Other personal services | AO184: a_177 | AP184: 59.768813 | AQ184: 40.231187 | AR184: 0.9 | AU184: {=IFERROR(_xlfn.XLOOKUP(AV184,Act_codes_core,Act_labels_core),"")} -> Other personal services | AV184: a_177 | AW184: 0.049820516 | AX184: 0.044047881 | AY184: 0.017656446 | AZ184: 0.036020246 | BA184: 0.037629547 | BB184: 0.046436234 | BC184: 0 | BD184: 1 | BE184: 0 | BF184: 0 | BG184: 0 | BI184: {=IFERROR(_xlfn.XLOOKUP(BJ184,Act_codes_core,Act_labels_core),"")} -> Other personal services | BJ184: a_177 | BK184: 0.32275744 | BL184: 0.27079856 | BM184: 2.5841522 | BN184: 0.51342559 | BO184: 0.23550523 | BP184: 2.3520386 | BQ184: 0 | BR184: 42.096045 | BS184: 0 | BT184: 0 | BU184: 0
K185: {=IFERROR(_xlfn.XLOOKUP(L185,Act_codes_core,Act_labels_core),"")} -> Household chores service for households | L185: a_178 | M185: 16.63963 | N185: 36.080882 | O185: 7.2259147 | P185: 4.1333015 | Q185: 25.597453 | R185: 8.0087605 | S185: 0 | T185: 2.3140585 | U185: 0 | V185: 0 | W185: 0 | Z185: {=IFERROR(_xlfn.XLOOKUP(AA185,Act_codes_core,Act_labels_core),"")} -> Household chores service for households | AA185: a_178 | AB185: 0.10300711 | AC185: 0.61431118 | AD185: 0.77033285 | AE185: 0.050120623 | AF185: 0.2085421 | AG185: 0.3229248 | AH185: 0 | AI185: 0.0099776402 | AJ185: 0 | AK185: 0 | AL185: 0 | AN185: {=IFERROR(_xlfn.XLOOKUP(AO185,Act_codes_core,Act_labels_core),"")} -> Household chores service for households | AO185: a_178 | AP185: 89.068593 | AQ185: 10.931407 | AR185: 0.9 | AU185: {=IFERROR(_xlfn.XLOOKUP(AV185,Act_codes_core,Act_labels_core),"")} -> Household chores service for households | AV185: a_178 | AW185: 0.11824203 | AX185: 0.050271734 | AY185: 0.024578239 | AZ185: 0.053490014 | BA185: 0.041970523 | BB185: 0.034360469 | BC185: 0 | BD185: 1 | BE185: 0 | BF185: 0 | BG185: 0 | BI185: {=IFERROR(_xlfn.XLOOKUP(BJ185,Act_codes_core,Act_labels_core),"")} -> Household chores service for households | BJ185: a_178 | BK185: 0.79842503 | BL185: 0.15654985 | BM185: 0.38217639 | BN185: 1.4540574 | BO185: 0.18422711 | BP185: 0.48205845 | BQ185: 0 | BR185: 48.554734 | BS185: 0 | BT185: 0 | BU185: 0
L186: total | M186: 23.141502 | N186: 8.4140252 | O186: 1.3437841 | P186: 11.813966 | Q186: 17.584018 | R186: 3.5528674 | S186: 0.16296611 | T186: 33.22474 | U186: 0.40921227 | V186: 0.10523514 | W186: 0.24768432 | AA186: total | AB186: 100 | AC186: 100 | AD186: 100 | AE186: 100 | AF186: 100 | AG186: 100 | AH186: 100 | AI186: 100 | AJ186: 100 | AK186: 100 | AL186: 100 | AO186: total | AP186: 32.736865 | AQ186: 67.263135 | AR186: 0

Sheet Raw_Basedata
C3: strucbase | L3: factab1 | Z3: factab2 | AN3: factab3 | AT3: factab4A | BH3: factab5
C7: VAshr | D7: PRDshr | E7: EMPshr | F7: EXPshr | G7: EXP-OUTshr | H7: IMPshr | I7: IMP-DEMshr | M7: flab_u_t | N7: flab_u_s | O7: flab_u_p | P7: flab_r_t | Q7: flab_r_s | R7: flab_r_p | S7: fcap_ag | T7: fcap_na | U7: flnd | V7: fliv | W7: ffsh | X7: total | AA7: flab_u_t | AB7: flab_u_s | AC7: flab_u_p | AD7: flab_r_t | AE7: flab_r_s | AF7: flab_r_p | AG7: fcap_ag | AH7: fcap_na | AI7: flnd | AJ7: fliv | AK7: ffsh | AL7: total | AO7: QVASHR | AP7: QINTSHR | AQ7: SIGMAVA | AU7: flab_u_t | AV7: flab_u_s | AW7: flab_u_p | AX7: flab_r_t | AY7: flab_r_s | AZ7: flab_r_p | BA7: fcap_ag | BB7: fcap_na | BC7: flnd | BD7: fliv | BE7: ffsh | BI7: flab_u_t | BJ7: flab_u_s | BK7: flab_u_p | BL7: flab_r_t | BM7: flab_r_s | BN7: flab_r_p | BO7: fcap_ag | BP7: fcap_na | BQ7: flnd | BR7: fliv | BS7: ffsh
B8: c_001 | C8: 2.1376632 | D8: 1.269708 | E8: 12.078952 | H8: 0.0061127836 | I8: 0.14859367 | L8: a_001 | M8: 1.7893111 | N8: 7.4332119 | O8: 1.5092869 | P8: 9.7543785 | Q8: 57.280053 | R8: 15.951358 | S8: 0.39947132 | U8: 5.8829292 | X8: 100 | Z8: a_001 | AA8: 0.16531459 | AB8: 1.8888158 | AC8: 2.4013706 | AD8: 1.7653092 | AE8: 6.9646965 | AF8: 9.5992116 | AG8: 5.240892 | AI8: 30.737028 | AL8: 2.1380453 | AN8: a_001 | AO8: 54.963513 | AP8: 45.036487 | AQ8: 0.3 | AT8: a_001 | AU8: 0.044605137 | AV8: 0.033239272 | AW8: 0.025560307 | AX8: 0.021001924 | AY8: 0.021026691 | AZ8: 0.017201054 | BA8: 1 | BC8: 1 | BH8: a_001 | BI8: 4.5443483 | BJ8: 0.81516884 | BK8: 3.0872149 | BL8: 0.39249312 | BM8: 0.06691756 | BN8: 0.19657577 | BO8: 456.33836 | BQ8: 30.986959
B9: c_002 | C9: 0.24573955 | D9: 0.14001467 | E9: 1.4866411 | F9: 0.022951511 | G9: 4.9276338 | H9: 1.1585539 | I9: 71.248412 | L9: a_002 | M9: 0.8922897 | N9: 2.6453413 | O9: 2.4319939 | P9: 10.267347 | Q9: 54.004308 | R9: 24.640068 | S9: 0.32547349 | U9: 4.793179 | X9: 100 | Z9: a_002 | AA9: 0.0094722393 | AB9: 0.07723537 | AC9: 0.4446019 | AD9: 0.21350145 | AE9: 0.75448155 | AF9: 1.7037318 | AG9: 0.4906329 | AI9: 2.8774867 | AL9: 0.24566219 | AN9: a_002 | AO9: 57.283761 | AP9: 42.716239 | AQ9: 0.3 | AT9: a_002 | AU9: 0.026968341 | AV9: 0.02519254 | AW9: 0.02531659 | AX9: 0.021121897 | AY9: 0.021141494 | AZ9: 0.016671366 | BA9: 1 | BC9: 1 | BH9: a_002 | BI9: 5.2847724 | BJ9: 1.6652068 | BK9: 1.8202065 | BL9: 0.35971011 | BM9: 0.068451854 | BN9: 0.11830613 | BO9: 537.23256 | BQ9: 36.479956
B10: c_003 | C10: 0.27510992 | D10: 0.15597366 | E10: 1.192324 | F10: 0.047649375 | G10: 8.3945553 | H10: 0.081810731 | I10: 13.979625 | L10: a_003 | M10: 0.9665946 | N10: 8.3621678 | O10: 3.5585882 | P10: 6.9323232 | Q10: 47.379334 | R10: 29.830797 | S10: 0.39609578 | U10: 2.5740993 | X10: 100 | Z10: a_003 | AA10: 0.011098156 | AB10: 0.26406637 | AC10: 0.7036331 | AD10: 0.15591256 | AE10: 0.71592721 | AF10: 2.2309194 | AG10: 0.64580433 | AI10: 1.671378 | AL10: 0.26570396 | AN10: a_003 | AO10: 57.288815 | AP10: 42.711185 | AQ10: 0.3 | AT10: a_003 | AU10: 0.04204256 | AV10: 0.043590969 | AW10: 0.035721984 | AX10: 0.026577904 | AY10: 0.028021498 | AZ10: 0.024493804 | BA10: 1 | BC10: 1 | BH10: a_003 | BI10: 7.6085903 | BJ10: 0.91187867 | BK10: 1.7559706 | BL10: 0.67065836 | BM10: 0.10345746 | BN10: 0.14363187 | BO10: 441.63064 | BQ10: 67.956986
B11: c_004 | C11: 0.11058441 | D11: 0.065175798 | E11: 0.17515932 | F11: 0.0083776118 | G11: 3.7571065 | H11: 0.28006535 | I11: 55.249803 | L11: a_004 | M11: 0.57645425 | N11: 7.3933045 | O11: 0.78430054 | P11: 10.386747 | Q11: 60.662248 | R11: 15.801246 | S11: 0.27950397 | U11: 4.1161956 | X11: 100 | Z11: a_004 | AA11: 0.0027493771 | AB11: 0.096983043 | AC11: 0.064419008 | AD11: 0.097038676 | AE11: 0.38076885 | AF11: 0.49087776 | AG11: 0.18930048 | AI11: 1.1102183 | AL11: 0.11037254 | AN11: a_004 | AO11: 55.472338 | AP11: 44.527662 | AQ11: 0.3 | AT11: a_004 | AU11: 0.068753289 | AV11: 0.12817428 | AW11: 0.065844284 | AX11: 0.074309064 | AY11: 0.077120787 | AZ11: 0.067591971 | BA11: 1 | BC11: 1 | BH11: a_004 | BI11: 21.573697 | BJ11: 3.1358712 | BK11: 15.185584 | BL11: 1.2940712 | BM11: 0.2299582 | BN11: 0.77374831 | BO11: 647.15447 | BQ11: 43.944035
B12: c_005 | C12: 0.132166 | D12: 0.091709153 | E12: 0.57131065 | F12: 0.00051540313 | G12: 0.16557318 | H12: 0.0017848898 | I12: 0.56563179 | L12: a_005 | M12: 1.9680293 | N12: 9.4458176 | O12: 1.3246301 | P12: 8.769445 | Q12: 54.71526 | R12: 21.68272 | S12: 0.13315489 | U12: 1.9609437 | X12: 100 | Z12: a_005 | AA12: 0.011101566 | AB12: 0.14654803 | AC12: 0.1286795 | AD12: 0.096899299 | AE12: 0.40619502 | AF12: 0.79667097 | AG12: 0.10666061 | AI12: 0.62554812 | AL12: 0.13054019 | AN12: a_005 | AO12: 46.807437 | AP12: 53.192563 | AQ12: 0.3 | AT12: a_005 | AU12: 0.029799897 | AV12: 0.035021395 | AW12: 0.037475027 | AX12: 0.025527514 | AY12: 0.02877219 | AZ12: 0.02667169 | BA12: 1 | BC12: 1 | BH12: a_005 | BI12: 3.2391733 | BJ12: 0.79313091 | BK12: 6.0519918 | BL12: 0.62271223 | BM12: 0.1124904 | BN12: 0.26314055 | BO12: 1606.5486 | BQ12: 109.09023
B13: c_006 | C13: 1.1168145 | D13: 0.66110023 | E13: 2.6192435 | F13: 0.015034682 | G13: 0.63015455 | H13: 0.085047884 | I13: 3.6743875 | L13: a_006 | M13: 4.12493 | N13: 12.092515 | O13: 2.8093349 | P13: 8.8180849 | Q13: 54.856794 | R13: 13.181001 | S13: 0.26180435 | U13: 3.855537 | X13: 100 | Z13: a_006 | AA13: 0.19907009 | AB13: 1.6050693 | AC13: 2.3348284 | AD13: 0.8336035 | AE13: 3.4841214 | AF13: 4.1433378 | AG13: 1.7941574 | AI13: 10.522458 | AL13: 1.1168143 | AN13: a_006 | AO13: 55.170993 | AP13: 44.829007 | AQ13: 0.3 | AT13: a_006 | AU13: 0.064974495 | AV13: 0.067883951 | AW13: 0.060230939 | AX13: 0.045277286 | AY13: 0.051811666 | AZ13: 0.043861479 | BA13: 1 | BC13: 1 | BH13: a_006 | BI13: 2.8616901 | BJ13: 1.0198746 | BK13: 3.8950443 | BL13: 0.93282973 | BM13: 0.17159057 | BN13: 0.60454852 | BO13: 693.936 | BQ13: 47.120663
B14: c_007 | C14: 0.21966648 | D14: 0.13586917 | E14: 0.20876936 | F14: 0.017835994 | G14: 3.5995075 | H14: 0.0066764347 | I14: 1.4816297 | L14: a_007 | M14: 3.9310708 | N14: 11.524203 | O14: 2.6773046 | P14: 8.4036615 | Q14: 52.27869 | R14: 12.561533 | S14: 0.5483343 | U14: 8.0752027 | X14: 100 | Z14: a_007 | AA14: 0.037314845 | AB14: 0.30086344 | AC14: 0.43765371 | AD14: 0.15625545 | AE14: 0.6530838 | AF14: 0.77665113 | AG14: 0.73911234 | AI14: 4.3347805 | AL14: 0.21966574 | AN14: a_007 | AO14: 52.813081 | AP14: 47.186919 | AQ14: 0.3 | AT14: a_007 | AU14: 0.15280255 | AV14: 0.15964481 | AW14: 0.14164698 | AX14: 0.10648001 | AY14: 0.12184712 | AZ14: 0.10315041 | BA14: 1 | BC14: 1 | BH14: a_007 | BI14: 7.3788202 | BJ14: 2.6297296 | BK14: 10.043307 | BL14: 2.4052859 | BM14: 0.44244342 | BN14: 1.5588183 | BO14: 346.19578 | BQ14: 23.507895
B15: c_008 | C15: 0.31615657 | D15: 0.1652197 | E15: 0.14799816 | F15: 0.063942164 | G15: 11.308371 | H15: 0.9891137 | I15: 64.53238 | L15: a_008 | M15: 2.6479949 | N15: 5.2904856 | O15: 0.81399598 | P15: 15.232124 | Q15: 56.21412 | R15: 16.650096 | S15: 0.42023179 | U15: 2.7309515 | X15: 100 | Z15: a_008 | AA15: 0.036176553 | AB15: 0.19878944 | AC15: 0.19151127 | AD15: 0.40763017 | AE15: 1.0107154 | AF15: 1.4816285 | AG15: 0.8152545 | AI15: 2.1099246 | AL15: 0.31615611 | AN15: a_008 | AO15: 62.507954 | AP15: 37.492046 | AQ15: 0.3 | AT15: a_008 | AU15: 0.55361322 | AV15: 0.48126099 | AW15: 0.1777194 | AX15: 0.24137238 | AY15: 0.268335 | AZ15: 0.22270015 | BA15: 1 | BC15: 1 | BH15: a_008 | BI15: 33.531955 | BJ15: 14.58998 | BK15: 35.017258 | BL15: 2.5415385 | BM15: 0.7655992 | BN15: 2.1452274 | BO15: 381.66353 | BQ15: 58.729402
B16: c_009 | C16: 1.1103857 | D16: 0.73155061 | E16: 2.2220378 | F16: 0.90098457 | G16: 34.117775 | H16: 0.42336774 | I16: 19.922762 | L16: a_009 | M16: 2.4146031 | N16: 7.9680805 | O16: 2.3211233 | P16: 11.097277 | Q16: 55.172838 | R16: 15.268416 | S16: 0.76782359 | U16: 4.9898391 | X16: 100 | Z16: a_009 | AA16: 0.11590697 | AB16: 1.0519746 | AC16: 1.9187751 | AD16: 1.0434606 | AE16: 3.4854798 | AF16: 4.7738672 | AG16: 5.2338289 | AI16: 13.545444 | AL16: 1.1108498 | AN16: a_009 | AO16: 49.552366 | AP16: 50.447634 | AQ16: 0.3 | AT16: a_009 | AU16: 0.073205809 | AV16: 0.0627378 | AW16: 0.058609613 | AX16: 0.060210952 | AY16: 0.061298499 | AZ16: 0.053031487 | BA16: 1 | BC16: 1 | BH16: a_009 | BI16: 6.1302632 | BJ16: 1.5920434 | BK16: 5.1056376 | BL16: 1.0970803 | BM16: 0.22464867 | BN16: 0.70229433 | BO16: 263.34064 | BQ16: 40.52218
B17: c_010 | C17: 0.06418105 | D17: 0.031602935 | E17: 0.3041144 | F17: 0.028568536 | G17: 26.615692 | H17: 0.76013019 | I17: 88.051155 | L17: a_010 | M17: 1.820451 | N17: 9.0351653 | O17: 2.5688752 | P17: 7.6615276 | Q17: 55.587765 | R17: 20.65773 | S17: 0.35586076 | U17: 2.3126249 | X17: 100 | Z17: a_010 | AA17: 0.0050488401 | AB17: 0.068918604 | AC17: 0.12269241 | AD17: 0.041622085 | AE17: 0.20289216 | AF17: 0.37317091 | AG17: 0.14014803 | AI17: 0.36271099 | AL17: 0.064180659 | AN17: a_010 | AO17: 66.359519 | AP17: 33.640481 | AQ17: 0.3 | AT17: a_010 | AU17: 0.037594802 | AV17: 0.029357107 | AW17: 0.025990775 | AX17: 0.031913381 | AY17: 0.028478816 | AZ17: 0.019212951 | BA17: 1 | BC17: 1 | BH17: a_010 | BI17: 3.120893 | BJ17: 0.49102909 | BK17: 1.5289958 | BL17: 0.62948808 | BM17: 0.077423497 | BN17: 0.14055346 | BO17: 424.66841 | BQ17: 65.346882
B18: c_011 | C18: 0.15167401 | D18: 0.067942572 | E18: 0.5235797 | F18: 0.21834967 | G18: 94.771024 | H18: 0.025149647 | I18: 66.520805 | L18: a_011 | M18: 2.1808601 | N18: 11.42581 | O18: 2.0117684 | P18: 10.929688 | Q18: 51.869325 | R18: 9.8854014 | S18: 1.5598945 | U18: 10.137253 | X18: 100 | Z18: a_011 | AA18: 0.014301711 | AB18: 0.20607956 | AC18: 0.22719576 | AD18: 0.14039892 | AE18: 0.4476558 | AF18: 0.42224746 | AG18: 1.4526121 | AI18: 3.759442 | AL18: 0.15175805 | AN18: a_011 | AO18: 73.014388 | AP18: 26.985612 | AQ18: 0.3 | AT18: a_011 | AU18: 0.030625337 | AV18: 0.035037487 | AW18: 0.028640762 | AX18: 0.034905683 | AY18: 0.032869309 | AZ18: 0.028006792 | BA18: 1 | BC18: 1 | BH18: a_011 | BI18: 1.930607 | BJ18: 0.42158657 | BK18: 1.9572549 | BL18: 0.43906536 | BM18: 0.087120584 | BN18: 0.38950215 | BO18: 88.134426 | BQ18: 13.561899
B19: c_012 | C19: 0.47654668 | D19: 0.22826769 | E19: 0.65491467 | F19: 0.36051259 | G19: 46.121152 | H19: 0.14175762 | I19: 24.87901 | L19: a_012 | M19: 4.2912889 | N19: 7.036286 | O19: 1.2262701 | P19: 14.011918 | Q19: 50.895312 | R19: 16.91793 | S19: 0.74959801 | U19: 4.8713969 | X19: 100 | Z19: a_012 | AA19: 0.09220742 | AB19: 0.4158238 | AC19: 0.45376009 | AD19: 0.58975486 | AE19: 1.4392271 | AF19: 2.3677612 | AG19: 2.2871824 | AI19: 5.9193569 | AL19: 0.49724413 | AN19: a_012 | AO19: 68.308844 | AP19: 31.691156 | AQ19: 0.3 | AT19: a_012 | AU19: 0.13261107 | AV19: 0.094348856 | AW19: 0.08181549 | AX19: 0.10992378 | AY19: 0.084427069 | AZ19: 0.074458005 | BA19: 1 | BC19: 1 | BH19: a_012 | BI19: 4.5429143 | BJ19: 1.9712225 | BK19: 9.8082584 | BL19: 1.1532848 | BM19: 0.24386329 | BN19: 0.64700354 | BO19: 196.11647 | BQ19: 30.177898
B20: c_013 | C20: 0.41559747 | D20: 0.26018119 | E20: 2.5575319 | F20: 0.38805309 | G20: 40.910276 | H20: 0.025499807 | I20: 4.6261774 | L20: a_013 | M20: 3.0035255 | N20: 9.1380941 | O20: 1.817361 | P20: 9.6277014 | Q20: 45.083549 | R20: 10.471398 | S20: 2.7816061 | U20: 18.076765 | X20: 100 | Z20: a_013 | AA20: 0.052711084 | AB20: 0.44107658 | AC20: 0.54925484 | AD20: 0.33097034 | AE20: 1.0412671 | AF20: 1.1969826 | AG20: 6.9320313 | AI20: 17.940487 | AL20: 0.40612729 | AN20: a_013 | AO20: 52.007949 | AP20: 47.992051 | AQ20: 0.3 | AT20: a_013 | AU20: 0.020230701 | AV20: 0.019900571 | AW20: 0.014164472 | AX20: 0.018599499 | AY20: 0.016688236 | AZ20: 0.010818963 | BA20: 1 | BC20: 1 | BH20: a_013 | BI20: 1.301369 | BJ20: 0.42075643 | BK20: 1.5058442 | BL20: 0.37324971 | BM20: 0.071517639 | BN20: 0.19961897 | BO20: 69.45847 | BQ20: 10.688091
... B22: c_015 | C22: 0.12976302 | D22: 0.071025957 | E22: 0.42185479 | F22: 0.033078754 | G22: 13.200416 | H22: 0.02812639 | I22: 11.66003 | L22: a_015 | M22: 3.6852369 | N22: 6.066873 | O22: 2.0257886 | P22: 9.194072 | Q22: 47.338297 | R22: 25.49018 | S22: 0.82675257 | U22: 5.3727996 | X22: 100 | Z22: a_015 | AA22: 0.020664496 | AB22: 0.093564705 | AC22: 0.19562105 | AD22: 0.10098646 | AE22: 0.34933772 | AF22: 0.93098968 | AG22: 0.65830814 | AI22: 1.7037386 | AL22: 0.12976302 | AN22: a_015 | AO22: 59.570332 | AP22: 40.429668 | AQ22: 0.3 | AT22: a_015 | AU22: 0.081710617 | AV22: 0.067285714 | AW22: 0.039182731 | AX22: 0.042730094 | AY22: 0.035592656 | AZ22: 0.031024161 | BA22: 1 | BC22: 1 | BH22: a_015 | BI22: 3.7246822 | BJ22: 1.8630912 | BK22: 3.2492021 | BL22: 0.7807322 | BM22: 0.12630598 | BN22: 0.20445761 | BO22: 203.18918 | BQ22: 31.266228
B23: c_016 | C23: 0.30157595 | D23: 0.24659146 | E23: 2.351732 | H23: 0.22739866 | I23: 20.974638 | L23: a_016 | M23: 1.4543397 | N23: 4.6984788 | O23: 3.298084 | P23: 8.3570203 | Q23: 52.64295 | R23: 20.079861 | S23: 1.3037964 | V23: 8.1654697 | X23: 100 | Z23: a_016 | AA23: 0.018925591 | AB23: 0.16816228 | AC23: 0.73910703 | AD23: 0.21302514 | AE23: 0.90156539 | AF23: 1.7019893 | AG23: 2.4092819 | AJ23: 23.366599 | AL23: 0.30114463 | AN23: a_016 | AO23: 39.848275 | AP23: 60.151725 | AQ23: 0.3 | AT23: a_016 | AU23: 0.029968422 | AV23: 0.019134355 | AW23: 0.028823082 | AX23: 0.015168768 | AY23: 0.014552165 | AZ23: 0.012915634 | BA23: 1 | BD23: 1 | BH23: a_016 | BI23: 5.1726481 | BJ23: 1.0222838 | BK23: 2.1937829 | BL23: 0.45563154 | BM23: 0.069390868 | BN23: 0.16146186 | BO23: 192.53299 | BR23: 30.742117
B24: c_017 | C24: 0.73315105 | D24: 0.84569097 | E24: 1.9642095 | H24: 0.0012288404 | I24: 0.043131461 | L24: a_017 | M24: 3.0863421 | N24: 6.9539019 | O24: 1.717286 | P24: 14.307561 | Q24: 54.573449 | R24: 12.399827 | S24: 0.9585276 | V24: 6.0031061 | X24: 100 | Z24: a_017 | AA24: 0.09776037 | AB24: 0.60580811 | AC24: 0.9367495 | AD24: 0.88772861 | AE24: 2.2749592 | AF24: 2.5582733 | AG24: 4.3113935 | AJ24: 41.81437 | AL24: 0.73301072 | AN24: a_017 | AO24: 28.296679 | AP24: 71.703321 | AQ24: 0.3 | AT24: a_017 | AU24: 0.071095798 | AV24: 0.053007478 | AW24: 0.041920239 | AX24: 0.051214634 | AY24: 0.044337656 | AZ24: 0.032748462 | BA24: 1 | BD24: 1 | BH24: a_017 | BI24: 8.1555628 | BJ24: 2.6987499 | BK24: 8.6424159 | BL24: 1.267309 | BM24: 0.28763742 | BN24: 0.93503818 | BO24: 369.35964 | BR24: 58.97637
B25: c_018 | C25: 0.52819048 | D25: 0.69387372 | E25: 2.0138814 | F25: 0.0024644539 | G25: 0.10270378 | H25: 0.0093450162 | I25: 0.39216946 | L25: a_018 | M25: 2.0324347 | N25: 5.224218 | O25: 1.6789606 | P25: 15.533617 | Q25: 54.6789 | R25: 14.439503 | S25: 0.88290048 | V25: 5.5294654 | X25: 100 | Z25: a_018 | AA25: 0.046395496 | AB25: 0.32799578 | AC25: 0.66002713 | AD25: 0.69458862 | AE25: 1.642678 | AF25: 2.1469604 | AG25: 2.8619711 | AJ25: 27.757039 | AL25: 0.52826371 | AN25: a_018 | AO25: 24.856866 | AP25: 75.143134 | AQ25: 0.3 | AT25: a_018 | AU25: 0.022479762 | AV25: 0.030411958 | AW25: 0.03198468 | AX25: 0.032003225 | AY25: 0.032711424 | AZ25: 0.027583498 | BA25: 1 | BD25: 1 | BH25: a_018 | BI25: 4.4593851 | BJ25: 2.3470534 | BK25: 7.6807101 | BL25: 0.83065562 | BM25: 0.24120125 | BN25: 0.77018835 | BO25: 456.65489 | BR25: 72.914973
B26: c_019 | C26: 0.14937571 | D26: 0.11548458 | E26: 0.54344602 | F26: 0.033833845 | G26: 8.539838 | H26: 0.082408204 | I26: 18.853996 | L26: a_019 | M26: 2.6921507 | N26: 5.4127964 | O26: 1.1408721 | P26: 18.287348 | Q26: 53.610986 | R26: 13.085851 | S26: 0.79445436 | V26: 4.9755414 | X26: 100 | Z26: a_019 | AA26: 0.017376227 | AB26: 0.096087202 | AC26: 0.12681047 | AD26: 0.2312079 | AE26: 0.45538985 | AF26: 0.55013673 | AG26: 0.72814744 | AJ26: 7.061992 | AL26: 0.14936459 | AN26: a_019 | AO26: 42.281475 | AP26: 57.718525 | AQ26: 0.3 | AT26: a_019 | AU26: 0.052878153 | AV26: 0.043505423 | AW26: 0.041628409 | AX26: 0.042188352 | AY26: 0.030135519 | AZ26: 0.029550465 | BA26: 1 | BD26: 1 | BH26: a_019 | BI26: 4.660471 | BJ26: 1.907105 | BK26: 8.6577643 | BL26: 0.54738732 | BM26: 0.13337603 | BN26: 0.53581546 | BO26: 298.66473 | BR26: 47.688378
B27: c_020 | C27: 0.55085556 | D27: 0.30892065 | E27: 0.55370004 | L27: a_020 | M27: 18.016803 | N27: 4.2846704 | O27: 4.6644628 | P27: 14.938887 | Q27: 30.673667 | R27: 19.714431 | S27: 7.7070793 | X27: 100 | Z27: a_020 | AA27: 0.42846725 | AB27: 0.28024964 | AC27: 1.9103088 | AD27: 0.69591143 | AE27: 0.96001724 | AF27: 3.0537726 | AG27: 26.026993 | AL27: 0.55034047 | AN27: a_020 | AO27: 58.397867 | AP27: 41.602133 | AQ27: 0.9 | AT27: a_020 | AU27: 0.62613384 | AV27: 0.11652434 | AW27: 0.26332238 | AX27: 0.15215744 | AY27: 0.084986483 | AZ27: 0.079944076 | BA27: 1 | BH27: a_020 | BI27: 5.9793917 | BJ27: 4.6791481 | BK27: 9.7130068 | BL27: 1.7524373 | BM27: 0.4767072 | BN27: 0.69770141 | BO27: 22.324294
B28: c_021 | C28: 0.028602803 | D28: 0.010823395 | E28: 0.025108207 | F28: 0.0074331776 | G28: 19.606619 | H28: 0.020581737 | I28: 39.451242 | L28: a_021 | M28: 1.5282335 | N28: 30.533763 | O28: 3.1146456 | P28: 0.29087985 | Q28: 21.983069 | R28: 27.88809 | S28: 14.66132 | X28: 100 | Z28: a_021 | AA28: 0.0018888904 | AB28: 0.10379707 | AC28: 0.066296062 | AD28: 0.00070424944 | AE28: 0.035758459 | AF28: 0.22451655 | AG28: 2.5732641 | AL28: 0.028602803 | AN28: a_021 | AO28: 86.858306 | AP28: 13.141694 | AQ28: 0.3 | AT28: a_021 | AU28: 0.13602823 | AV28: 0.21663543 | AW28: 0.12761614 | AX28: 0.046915628 | AY28: 0.10727925 | AZ28: 0.092386315 | BA28: 1 | BH28: a_021 | BI28: 10.337232 | BJ28: 0.82397511 | BK28: 4.7584103 | BL28: 18.731339 | BM28: 0.56675107 | BN28: 0.38472801 | BO28: 7.9212162
B29: c_022 | C29: 0.02993855 | D29: 0.023945892 | E29: 0.033132271 | F29: 0.0096949383 | G29: 11.924829 | H29: 0.016793293 | I29: 18.694195 | L29: a_022 | M29: 24.34832 | N29: 10.101109 | O29: 0.59897339 | P29: 9.1579771 | Q29: 22.893834 | R29: 10.511199 | S29: 2.9856708 | U29: 19.402916 | X29: 100 | Z29: a_022 | AA29: 0.03174744 | AB29: 0.036224009 | AC29: 0.013449597 | AD29: 0.023390262 | AE29: 0.039285445 | AF29: 0.089269786 | AG29: 0.55280999 | AI29: 1.4307034 | AL29: 0.030173886 | AN29: a_022 | AO29: 40.764854 | AP29: 59.235146 | AQ29: 0.3 | AT29: a_022 | AU29: 0.20721991 | AV29: 0.095774207 | AW29: 0.040155556 | AX29: 0.08781163 | AY29: 0.065112774 | AZ29: 0.063056408 | BA29: 1 | BC29: 1 | BH29: a_022 | BI29: 2.0904006 | BJ29: 2.328877 | BK29: 16.466647 | BL29: 2.3551553 | BM29: 0.6985777 | BN29: 1.4734793 | BO29: 82.266901 | BQ29: 12.659019
B30: c_023 | C30: 0.066842224 | D30: 0.034017727 | E30: 0.46484911 | L30: a_023 | M30: 6.373382 | N30: 6.976118 | O30: 2.0424517 | P30: 13.191697 | Q30: 44.317793 | R30: 22.4415 | S30: 4.6570584 | X30: 100 | Z30: a_023 | AA30: 0.021283874 | AB30: 0.064074067 | AC30: 0.11746124 | AD30: 0.086293331 | AE30: 0.19477459 | AF30: 0.48814086 | AG30: 2.2084455 | AL30: 0.077280919 | AN30: a_023 | AO30: 64.140865 | AP30: 35.859135 | AQ30: 0.3 | AT30: a_023 | AU30: 0.03913655 | AV30: 0.019769344 | AW30: 0.0164854 | AX30: 0.022220739 | AY30: 0.016084759 | AZ30: 0.015169568 | BA30: 1 | BH30: a_023 | BI30: 0.95898245 | BJ30: 0.44256445 | BK30: 1.2605085 | BL30: 0.26306065 | BM30: 0.056680609 | BN30: 0.10556486 | BO30: 33.534079
B31: c_024 | C31: 0.30073294 | D31: 0.16705232 | E31: 0.39134226 | F31: 0.00028417034 | G31: 0.051009707 | H31: 0.80250844 | I31: 57.801063 | L31: a_024 | P31: 28.356429 | Q31: 67.957297 | S31: 3.6862743 | X31: 100 | Z31: a_024 | AD31: 0.70082699 | AE31: 1.1284257 | AG31: 6.6045824 | AL31: 0.29198127 | AN31: a_024 | AO31: 58.916596 | AP31: 41.083404 | AQ31: 0.3 | AT31: a_024 | AX31: 0.20009124 | AY31: 0.092051271 | BA31: 1 | BH31: a_024 | BL31: 1.2062294 | BM31: 0.23155121 | BO31: 46.373056
B32: c_025 | C32: 0.22308367 | D32: 0.10397981 | E32: 0.15400672 | F32: 0.076683022 | G32: 21.669059 | H32: 0.033378158 | I32: 10.673689 | L32: a_025 | N32: 3.9681128 | Q32: 82.655371 | R32: 11.202209 | S32: 2.1743071 | X32: 100 | Z32: a_025 | AB32: 0.10490812 | AE32: 1.0456392 | AF32: 0.70138028 | AG32: 2.9679221 | AL32: 0.2224482 | AN32: a_025 | AO32: 70.017892 | AP32: 29.982108 | AQ32: 0.3 | AT32: a_025 | AV32: 0.24403946 | AY32: 0.2488147 | AZ32: 0.062313224 | BA32: 1 | BH32: a_025 | BJ32: 8.7953576 | BM32: 0.43050917 | BN32: 0.79552534 | BO32: 65.774351
B33: c_026 | C33: 0.028335335 | D33: 0.015094017 | E33: 0.025203554 | L33: a_026 | M33: 6.6713926 | N33: 2.1949969 | O33: 1.7570455 | P33: 10.050681 | Q33: 41.922312 | R33: 24.418198 | S33: 12.985373 | X33: 100 | Z33: a_026 | AA33: 0.0080036069 | AB33: 0.0072425402 | AC33: 0.036300642 | AD33: 0.02361895 | AE33: 0.06618932 | AF33: 0.19080749 | AG33: 2.2121672 | AL33: 0.027762642 | AN33: a_026 | AO33: 61.290441 | AP33: 38.709559 | AQ33: 0.9 | AT33: a_026 | AU33: 0.16242988 | AV33: 0.13622162 | AW33: 0.38124977 | AX33: 0.055944919 | AY33: 0.11835542 | AZ33: 3.8407038 | BA33: 1 | BH33: a_026 | BI33: 3.9840284 | BJ33: 10.155122 | BK33: 35.505823 | BL33: 0.91083174 | BM33: 0.46197229 | BN33: 25.737728 | BO33: 12.601393
B34: c_027 | C34: 1.3075309 | D34: 0.90638229 | E34: 0.79109689 | F34: 0.0037514149 | G34: 0.11466383 | H34: 0.007022792 | I34: 0.23663429 | L34: a_027 | M34: 1.5326192 | N34: 19.371032 | O34: 11.663714 | P34: 3.0539799 | Q34: 39.806003 | R34: 13.955138 | S34: 1.1961216 | W34: 9.4213919 | X34: 100 | Z34: a_027 | AA34: 0.086595373 | AB34: 3.0102386 | AC34: 11.349045 | AD34: 0.33800446 | AE34: 2.9599368 | AF34: 5.1357881 | AG34: 9.5968786 | AK34: 49.735732 | AL34: 1.3075309 | AN34: a_027 | AO34: 47.124988 | AP34: 52.875012 | AQ34: 0.3 | AT34: a_027 | AU34: 0.16381636 | AV34: 0.184908 | AW34: 0.19866362 | AX34: 0.18954257 | AY34: 0.19442774 | AZ34: 0.1710141 | BA34: 1 | BE34: 1 | BH34: a_027 | BI34: 22.740104 | BJ34: 2.0308244 | BK34: 3.6236892 | BL34: 13.204137 | BM34: 1.039152 | BN34: 2.6071572 | BO34: 177.86649 | BS34: 22.581583
B35: c_028 | C35: 0.13039467 | D35: 0.077660497 | E35: 0.43204715 | F35: 0.014951976 | G35: 5.4411541 | H35: 0.021679969 | I35: 8.0151956 | L35: a_028 | M35: 1.6595476 | N35: 12.716223 | O35: 7.8091999 | P35: 4.1271544 | Q35: 41.781336 | R35: 25.376955 | S35: 0.73559375 | W35: 5.7939905 | X35: 100 | Z35: a_028 | AA35: 0.0093489032 | AB35: 0.19702296 | AC35: 0.75759927 | AD35: 0.045542567 | AE35: 0.30976099 | AF35: 0.9311572 | AG35: 0.58844144 | AK35: 3.0495921 | AL35: 0.13036545 | AN35: a_028 | AO35: 54.8356 | AP35: 45.1644 | AQ35: 0.3 | AT35: a_028 | AU35: 0.060801627 | AV35: 0.055148428 | AW35: 0.042106471 | AX35: 0.037722034 | AY35: 0.036172817 | AZ35: 0.028336284 | BA35: 1 | BE35: 1 | BH35: a_028 | BI35: 6.6960831 | BJ35: 0.79262969 | BK35: 0.98545692 | BL35: 1.670474 | BM35: 0.15823237 | BN35: 0.2040792 | BO35: 248.46047 | BS35: 31.544058
B36: c_029 | C36: 0.098315404 | D36: 0.095244096 | E36: 0.1365883 | F36: 0.013225203 | G36: 3.7683405 | H36: 0.037109423 | I36: 10.242205 | L36: a_029 | M36: 1.5681651 | N36: 10.043586 | O36: 4.9590946 | P36: 13.471737 | Q36: 43.821191 | R36: 15.562066 | S36: 1.1912376 | W36: 9.3829225 | X36: 100 | Z36: a_029 | AA36: 0.0066622634 | AB36: 0.11735635 | AC36: 0.36282271 | AD36: 0.11211132 | AE36: 0.24501216 | AF36: 0.43063549 | AG36: 0.71865866 | AK36: 3.7244417 | AL36: 0.098315404 | AN36: a_029 | AO36: 33.763302 | AP36: 66.236698 | AQ36: 0.3 | AT36: a_029 | AU36: 0.020547848 | AV36: 0.035453238 | AW36: 0.08053651 | AX36: 0.16363207 | AY36: 0.12246022 | AZ36: 0.067665459 | BA36: 1 | BE36: 1 | BH36: a_029 | BI36: 3.8958396 | BJ36: 1.0495269 | BK36: 4.828552 | BL36: 3.6113645 | BM36: 0.83087818 | BN36: 1.2927849 | BO36: 249.59053 | BS36: 31.687528
B37: c_030 | C37: 0.14116916 | D37: 0.16001535 | E37: 0.082785196 | F37: 0.0021804781 | G37: 0.37282169 | H37: 4.2361153e-07 | I37: 7.6113156e-05 | L37: a_030 | M37: 1.5761124 | N37: 12.076904 | O37: 7.4165856 | P37: 3.9196581 | Q37: 39.680744 | R37: 24.101106 | S37: 1.2649965 | W37: 9.9638936 | X37: 100 | Z37: a_030 | AA37: 0.0096146939 | AB37: 0.20262435 | AC37: 0.77913793 | AD37: 0.046837349 | AE37: 0.31856754 | AF37: 0.95763014 | AG37: 1.0958015 | AK37: 5.6789806 | AL37: 0.14116916 | AN37: a_030 | AO37: 29.081541 | AP37: 70.918459 | AQ37: 0.3 | AT37: a_030 | AU37: 0.048926126 | AV37: 0.10099545 | AW37: 0.28534713 | AX37: 0.11279039 | AY37: 0.26270585 | AZ37: 0.24826519 | BA37: 1 | BE37: 1 | BH37: a_030 | BI37: 10.799048 | BJ37: 2.9092296 | BK37: 13.384474 | BL37: 10.010499 | BM37: 2.3031475 | BN37: 3.5835269 | BO37: 275.0062 | BS37: 34.914251
B38: c_031 | C38: 0.51832717 | D38: 0.55563902 | E38: 0.016469597 | F38: 0.0086151449 | G38: 0.42340158 | H38: 0.0063508856 | I38: 0.32784162 | L38: a_031 | M38: 1.6234412 | N38: 12.439559 | O38: 7.6392969 | P38: 4.0373608 | Q38: 40.872309 | R38: 24.824834 | S38: 0.96469166 | W38: 7.598507 | X38: 100 | Z38: a_031 | AA38: 0.036362102 | AB38: 0.76631117 | AC38: 2.9466453 | AD38: 0.17713559 | AE38: 1.2048002 | AF38: 3.6216904 | AG38: 3.0682816 | AK38: 15.90134 | AL38: 0.51832717 | AN38: a_031 | AO38: 30.471907 | AP38: 69.528093 | AQ38: 0.3 | AT38: a_031 | AU38: 0.59887232 | AV38: 3.6875153 | AW38: 10.30399 | AX38: 1.1967085 | AY38: 3.3384505 | AZ38: 9.8594603 | BA38: 1 | BE38: 1 | BH38: a_031 | BI38: 121.36583 | BJ38: 97.527615 | BK38: 443.76272 | BL38: 97.519074 | BM38: 26.872899 | BN38: 130.66689 | BO38: 341.04386 | BS38: 43.298265
B39: c_032 | C39: 0.57244463 | D39: 0.53342537 | E39: 0.048166351 | L39: a_032 | M39: 1.6480395 | N39: 12.628043 | O39: 7.7550473 | P39: 4.0985348 | Q39: 41.491606 | R39: 25.200979 | S39: 0.80861327 | W39: 6.3691373 | X39: 100 | Z39: a_032 | AA39: 0.040742003 | AB39: 0.85861515 | AC39: 3.3015757 | AD39: 0.19847198 | AE39: 1.3499212 | AF39: 4.0579315 | AG39: 2.8386371 | AK39: 14.71121 | AL39: 0.57209256 | AN39: a_032 | AO39: 35.063223 | AP39: 64.936777 | AQ39: 0.3 | AT39: a_032 | AU39: 0.25465168 | AV39: 1.5680003 | AW39: 4.3814488 | AX39: 0.50886276 | AY39: 1.4195714 | AZ39: 4.1924263 | BA39: 1 | BE39: 1 | BH39: a_032 | BI39: 44.193057 | BJ39: 35.512824 | BK39: 161.58775 | BL39: 35.509714 | BM39: 9.7852546 | BN39: 47.579859 | BO39: 353.69935 | BS39: 44.904981
B40: c_033 | C40: 0.11380286 | D40: 0.09690724 | E40: 1.4240315 | F40: 0.0017565483 | G40: 0.49569951 | H40: 0.00015154674 | I40: 0.044929892 | L40: a_033 | M40: 1.9177977 | N40: 5.4710467 | O40: 2.1447865 | P40: 8.2811843 | Q40: 48.258779 | R40: 16.328752 | S40: 1.9824729 | W40: 15.615181 | X40: 100 | Z40: a_033 | AA40: 0.0094627439 | AB40: 0.074245896 | AC40: 0.18224701 | AD40: 0.080039169 | AE40: 0.31337479 | AF40: 0.52478309 | AG40: 1.3890434 | AK40: 7.1987041 | AL40: 0.11418415 | AN40: a_033 | AO40: 38.478537 | AP40: 61.521463 | AQ40: 0.3 | AT40: a_033 | AU40: 0.0098838997 | AV40: 0.0093074752 | AW40: 0.012638141 | AX40: 0.0095775827 | AY40: 0.0083511361 | AZ40: 0.0073070283 | BA40: 1 | BE40: 1 | BH40: a_033 | BI40: 1.34691 | BJ40: 0.44460516 | BK40: 1.5399696 | BL40: 0.30225709 | BM40: 0.045225384 | BN40: 0.11695016 | BO40: 131.82743 | BS40: 16.736553
B41: c_034 | C41: 0.46094558 | D41: 0.4870199 | E41: 0.10703681 | F41: 0.060055944 | G41: 3.6044405 | H41: 1.2986501 | I41: 43.6713 | L41: a_034 | M41: 25.45772 | N41: 7.257107 | P41: 5.2173581 | Q41: 1.3256819 | T41: 60.742133 | X41: 100 | Z41: a_034 | AA41: 0.50935564 | AB41: 0.39934926 | AD41: 0.20447871 | AE41: 0.03490715 | AH41: 0.84648957 | AL41: 0.46301298 | AN41: a_034 | AO41: 31.768469 | AP41: 68.231531 | AQ41: 0.4 | AT41: a_034 | AU41: 0.21333635 | AV41: 0.30652249 | AX41: 0.20982966 | AY41: 0.091254219 | BB41: 1 | BH41: a_034 | BI41: 2.7174414 | BJ41: 13.696628 | BL41: 13.041606 | BM41: 22.321761 | BP41: 5.3385684
B42: c_035 | C42: 0.89595184 | D42: 0.42482885 | E42: 0.020153069 | F42: 0.79530939 | G42: 55.249538 | H42: 1.4080431 | I42: 66.748448 | L42: a_035 | M42: 16.883061 | N42: 7.8842949 | O42: 2.4244733 | P42: 7.4585279 | Q42: 18.586999 | R42: 3.7980257 | T42: 42.964619 | X42: 100 | Z42: a_035 | AA42: 0.66236603 | AB42: 0.85074122 | AC42: 1.6380469 | AD42: 0.57318633 | AE42: 0.95968692 | AF42: 0.97054867 | AH42: 1.1740532 | AL42: 0.90790084 | AN42: a_035 | AO42: 69.768366 | AP42: 30.231634 | AQ42: 0.4 | AT42: a_035 | AU42: 1.2818487 | AV42: 4.9672212 | AW42: 12.589457 | AX42: 3.0358906 | AY42: 69.938491 | AZ42: 79.760394 | BB42: 1 | BH42: a_035 | BI42: 11.050366 | BJ42: 91.694173 | BK42: 755.75443 | BL42: 59.241233 | BM42: 547.64369 | BN42: 3056.4724 | BP42: 3.3875065
B43: c_036 | C43: 1.3313802 | D43: 0.60619012 | E43: 0.00090416697 | H43: 4.1434017e-05 | I43: 0.0019779315 | L43: a_036 | M43: 30.294287 | T43: 69.705713 | X43: 100 | Z43: a_036 | AA43: 1.7441338 | AH43: 2.795229 | AL43: 1.3323263 | AN43: a_036 | AO43: 71.849376 | AP43: 28.150624 | AQ43: 0.4 | AT43: a_036 | AU43: 59.268364 | BB43: 1 | BH43: a_036 | BI43: 273.37293 | BP43: 2.0045871
B44: c_037 | C44: 0.09774731 | D44: 0.057509022 | E44: 0.03517661 | F44: 0.028732144 | G44: 14.546872 | H44: 0.46858837 | I44: 70.927075 | L44: a_037 | M44: 25.244346 | P44: 17.510882 | Q44: 7.5215654 | T44: 49.723207 | X44: 100 | Z44: a_037 | AA44: 0.10756125 | AD44: 0.1461489 | AE44: 0.042176775 | AH44: 0.14756412 | AL44: 0.098601436 | AN44: a_037 | AO44: 55.927036 | AP44: 44.072964 | AQ44: 0.4 | AT44: a_037 | AU44: 0.36111279 | AX44: 0.17753316 | AY44: 0.065897056 | BB44: 1 | BH44: a_037 | BI44: 2.5827411 | BL44: 1.8305164 | BM44: 1.5818304 | BP44: 3.6311402
B45: c_038 | C45: 0.30763639 | D45: 0.25207633 | E45: 0.13067168 | F45: 0.092040061 | G45: 10.198919 | H45: 0.069031404 | I45: 7.9736145 | L45: a_038 | M45: 1.6632566 | N45: 10.085229 | O45: 0.68203053 | P45: 3.1551463 | Q45: 15.639039 | R45: 1.611002 | T45: 67.164296 | X45: 100 | Z45: a_038 | AA45: 0.022041538 | AB45: 0.36758361 | AC45: 0.15564978 | AD45: 0.081902655 | AE45: 0.27275087 | AF45: 0.13905649 | AH45: 0.61994201 | AL45: 0.30667204 | AN45: a_038 | AO45: 40.129894 | AP45: 59.870106 | AQ45: 0.4 | AT45: a_038 | AU45: 0.057403719 | AV45: 0.2225253 | AW45: 0.26803219 | AX45: 0.050239286 | AY45: 0.094988994 | AZ45: 0.05445431 | BB45: 1 | BH45: a_038 | BI45: 8.6828297 | BJ45: 5.5510372 | BK45: 98.869797 | BL45: 4.0059401 | BM45: 1.5280717 | BN45: 8.5038713 | BP45: 3.745778
B46: c_039 | C46: 0.044459161 | D46: 0.028695733 | E46: 0.027257033 | F46: 0.048246537 | G46: 49.50831 | H46: 0.09060349 | I46: 63.156264 | L46: a_039 | M46: 24.115444 | N46: 18.904828 | O46: 1.6664011 | P46: 6.0235979 | Q46: 10.220999 | R46: 2.1010977 | T46: 36.967633 | X46: 100 | Z46: a_039 | AA46: 0.046257634 | AB46: 0.099735239 | AC46: 0.055046504 | AD46: 0.022632887 | AE46: 0.025802093 | AF46: 0.026251067 | AH46: 0.049390084 | AL46: 0.044389444 | AN46: a_039 | AO46: 50.731591 | AP46: 49.268409 | AQ46: 0.4 | AT46: a_039 | AU46: 0.38660672 | AV46: 0.2195113 | AW46: 0.10094678 | AX46: 0.11612275 | AY46: 0.061029519 | AZ46: 0.021429312 | BB46: 1 | BH46: a_039 | BI46: 3.1746208 | BJ46: 2.2993329 | BK46: 11.995839 | BL46: 3.8175002 | BM46: 1.1823997 | BN46: 2.0196666 | BP46: 5.3566845
B47: c_040 | C47: 0.11234655 | D47: 0.067334973 | E47: 0.0047751828 | F47: 0.0042359818 | G47: 1.908679 | H47: 0.021229959 | I47: 8.5173503 | L47: a_040 | M47: 38.453033 | N47: 13.090358 | P47: 6.1206101 | Q47: 1.3412967 | T47: 40.994702 | X47: 100 | Z47: a_040 | AA47: 0.16211696 | AB47: 0.15178789 | AD47: 0.050546186 | AE47: 0.0074421111 | AH47: 0.12038033 | AL47: 0.097563953 | AN47: a_040 | AO47: 53.647363 | AP47: 46.352637 | AQ47: 0.9 | AT47: a_040 | AU47: 1.8210324 | AV47: 1.6555678 | AX47: 2.6481359 | AY47: 1.1773373 | BB47: 1 | BH47: a_040 | BI47: 8.8299937 | BJ47: 23.581356 | BL47: 80.671266 | BM47: 163.66256 | BP47: 4.5482632
B48: c_041 | C48: 0.5595101 | D48: 1.7924092 | E48: 0.16683569 | F48: 0.23756928 | G48: 3.983934 | H48: 0.45694997 | I48: 7.2768211 | L48: a_041 | M48: 16.958328 | N48: 22.720667 | O48: 4.3170291 | P48: 7.589785 | Q48: 17.699683 | R48: 5.0782513 | T48: 25.636256 | X48: 100 | Z48: a_041 | AA48: 0.40234875 | AB48: 1.4826152 | AC48: 1.7638703 | AD48: 0.35273206 | AE48: 0.55266067 | AF48: 0.78477717 | AH48: 0.42364705 | AL48: 0.54904909 | AN48: a_041 | AO48: 10.168059 | AP48: 89.831941 | AQ48: 0.7 | AT48: a_041 | AU48: 0.46641108 | AV48: 0.36316942 | AW48: 0.41432993 | AX48: 0.27701702 | AY48: 0.2312438 | AZ48: 0.49956022 | BB48: 1 | BH48: a_041 | BI48: 27.056788 | BJ48: 15.724564 | BK48: 94.417336 | BL48: 35.90603 | BM48: 12.852719 | BN48: 96.775197 | BP48: 38.373888
B49: c_042 | C49: 0.01204133 | D49: 0.010771076 | E49: 0.001167706 | L49: a_042 | M49: 13.489472 | N49: 18.073114 | O49: 3.4339731 | P49: 6.0372809 | Q49: 14.079181 | R49: 4.0394859 | T49: 40.847493 | X49: 100 | Z49: a_042 | AA49: 0.0070130365 | AB49: 0.025842343 | AC49: 0.030744688 | AD49: 0.0061482055 | AE49: 0.0096330098 | AF49: 0.013678857 | AH49: 0.014791306 | AL49: 0.012031027 | AN49: a_042 | AO49: 36.85987 | AP49: 63.14013 | AQ49: 0.7 | AT49: a_042 | AU49: 1.0968735 | AV49: 0.8540769 | AW49: 0.97439267 | AX49: 0.6514696 | AY49: 0.54382328 | AZ49: 1.1748314 | BB49: 1 | BH49: a_042 | BI49: 22.275677 | BJ49: 12.945931 | BK49: 77.733175 | BL49: 29.5612 | BM49: 10.581559 | BN49: 79.674387 | BP49: 6.7066228
B50: c_043 | C50: 0.60255217 | D50: 1.8785056 | E50: 0.59522725 | F50: 3.2422416 | G50: 49.494834 | H50: 0.70653789 | I50: 17.665381 | L50: a_043 | M50: 8.2534154 | N50: 16.466787 | O50: 4.6987098 | P50: 5.9966067 | Q50: 28.231191 | R50: 6.2951211 | T50: 30.058169 | X50: 100 | Z50: a_043 | AA50: 0.21887763 | AB50: 1.2010588 | AC50: 2.1458944 | AD50: 0.3115079 | AE50: 0.98530414 | AF50: 1.0873874 | AH50: 0.55521367 | AL50: 0.61370437 | AN50: a_043 | AO50: 10.462822 | AP50: 89.537178 | AQ50: 0.7 | AT50: a_043 | AU50: 0.11608588 | AV50: 0.098632738 | AW50: 0.089049112 | AX50: 0.10160669 | AY50: 0.085173476 | AZ50: 0.0663514 | BB50: 1 | BH50: a_043 | BI50: 13.458206 | BJ50: 5.7313076 | BK50: 18.133952 | BL50: 16.212808 | BM50: 2.8867998 | BN50: 10.085269 | BP50: 31.833103
B51: c_044 | C51: 0.21837339 | D51: 0.50224237 | E51: 0.20188417 | F51: 1.5988518 | G51: 89.660177 | H51: 0.34463797 | I51: 62.866492 | L51: a_044 | M51: 4.5510958 | N51: 7.0942696 | O51: 1.44666 | P51: 6.7776704 | Q51: 31.293827 | R51: 14.578551 | T51: 34.257926 | X51: 100 | Z51: a_044 | AA51: 0.042924178 | AB51: 0.18402696 | AC51: 0.23497114 | AD51: 0.12521671 | AE51: 0.38843479 | AF51: 0.89559761 | AH51: 0.22504898 | AL51: 0.21826171 | AN51: a_044 | AO51: 14.18046 | AP51: 85.81954 | AQ51: 0.7 | AT51: a_044 | AU51: 0.118289 | AV51: 0.087914142 | AW51: 0.071825879 | AX51: 0.10567345 | AY51: 0.088236614 | AZ51: 0.08637585 | BB51: 1 | BH51: a_044 | BI51: 18.336586 | BJ51: 8.7426113 | BK51: 35.027133 | BL51: 10.999566 | BM51: 1.9892084 | BN51: 4.179921 | BP51: 20.593447
B52: c_045 | C52: 0.097627802 | D52: 0.18231903 | E52: 0.015659456 | F52: 0.10735194 | G52: 17.099343 | H52: 1.0506957 | I52: 65.094419 | L52: a_045 | M52: 24.888914 | N52: 10.077061 | O52: 1.3237774 | P52: 23.062354 | Q52: 14.764527 | T52: 25.883367 | X52: 100 | Z52: a_045 | AA52: 0.10438748 | AB52: 0.11624227 | AC52: 0.095613554 | AD52: 0.18947063 | AE52: 0.081495837 | AH52: 0.075612426 | AL52: 0.097058595 | AN52: a_045 | AO52: 17.539672 | AP52: 82.460328 | AQ52: 0.7 | AT52: a_045 | AU52: 1.0037735 | AV52: 0.63500266 | AW52: 0.36011139 | AX52: 1.0743397 | AY52: 0.26187514 | BB52: 1 | BH52: a_045 | BI52: 23.02448 | BJ52: 35.975077 | BK52: 155.30376 | BL52: 26.594883 | BM52: 10.125928 | BP52: 22.056638
B53: c_046 | C53: 0.26706814 | D53: 0.39030682 | E53: 0.079134998 | F53: 0.10916021 | G53: 7.8570398 | H53: 0.36178032 | I53: 21.995537 | L53: a_046 | M53: 34.960794 | N53: 1.1717513 | O53: 0.11920762 | P53: 13.888384 | Q53: 3.2755158 | R53: 0.18008888 | T53: 46.404258 | X53: 100 | Z53: a_046 | AA53: 0.40347054 | AB53: 0.03719236 | AC53: 0.023691722 | AD53: 0.31396273 | AE53: 0.049748922 | AF53: 0.013537235 | AH53: 0.37300816 | AL53: 0.26706814 | AN53: a_046 | AO53: 22.412542 | AP53: 77.587458 | AQ53: 0.7 | AT53: a_046 | AU53: 0.36455222 | AV53: 0.1904818 | AW53: 0.19594983 | AX53: 0.14087092 | AY53: 0.11091537 | AZ53: 0.090877638 | BB53: 1 | BH53: a_046 | BI53: 4.6770554 | BJ53: 72.914195 | BK53: 737.2842 | BL53: 4.5495 | BM53: 15.188192 | BN53: 226.3415 | BP53: 9.6657648
B54: c_047 | C54: 0.37057284 | D54: 1.1017997 | E54: 0.27708023 | F54: 1.4154199 | G54: 35.659361 | H54: 0.1336977 | I54: 5.266718 | L54: a_047 | M54: 5.7879173 | N54: 6.6087867 | O54: 2.1545991 | P54: 8.6453398 | Q54: 16.412878 | R54: 11.950863 | T54: 48.439616 | X54: 100 | Z54: a_047 | AA54: 0.092683911 | AB54: 0.29106602 | AC54: 0.59416977 | AD54: 0.27118142 | AE54: 0.34589175 | AF54: 1.2465045 | AH54: 0.54027228 | AL54: 0.37057284 | AN54: a_047 | AO54: 10.964987 | AP54: 89.035013 | AQ54: 0.7 | AT54: a_047 | AU54: 0.13988745 | AV54: 0.088240771 | AW54: 0.13386736 | AX54: 0.086205516 | AY54: 0.058292433 | AZ54: 0.16339726 | BB54: 1 | BH54: a_047 | BI54: 22.054413 | BJ54: 12.183909 | BK54: 56.695332 | BL54: 9.0989667 | BM54: 3.2409067 | BN54: 12.476265 | BP54: 18.838156
B55: c_048 | C55: 0.080706967 | D55: 0.14540677 | E55: 0.033147809 | F55: 0.014627901 | G55: 2.7962974 | H55: 0.11302015 | I55: 19.7324 | L55: a_048 | M55: 21.826259 | N55: 5.900655 | O55: 0.035789954 | P55: 27.199202 | Q55: 8.6915433 | R55: 2.1054869 | T55: 34.241064 | X55: 100 | Z55: a_048 | AA55: 0.07612 | AB55: 0.056598829 | AC55: 0.0021495258 | AD55: 0.18581102 | AE55: 0.039892368 | AF55: 0.047828258 | AH55: 0.083175743 | AL55: 0.080706967 | AN55: a_048 | AO55: 18.092148 | AP55: 81.907852 | AQ55: 0.7 | AT55: a_048 | AU55: 0.19589476 | AV55: 0.16671383 | AW55: 0.067737268 | AX55: 0.32692176 | AY55: 0.10912566 | AZ55: 0.16912015 | BB55: 1 | BH55: a_048 | BI55: 4.9628041 | BJ55: 15.622661 | BK55: 1046.5263 | BL55: 6.6461673 | BM55: 6.942463 | BN55: 44.414669 | BP55: 16.148655
B56: c_049 | C56: 0.17156044 | D56: 0.23911343 | E56: 0.32189453 | F56: 0.22600143 | G56: 26.727371 | H56: 0.20063497 | I56: 24.650941 | L56: a_049 | M56: 26.442666 | N56: 20.704457 | O56: 2.3165564 | P56: 6.560115 | Q56: 16.142332 | R56: 2.9620608 | T56: 24.871813 | X56: 100 | Z56: a_049 | AA56: 0.19186253 | AB56: 0.41317738 | AC56: 0.28946087 | AD56: 0.093237844 | AE56: 0.1541433 | AF56: 0.13998821 | AH56: 0.12569626 | AL56: 0.16790997 | AN56: a_049 | AO56: 23.460681 | AP56: 76.539319 | AQ56: 0.7 | AT56: a_049 | AU56: 0.09117293 | AV56: 0.060375959 | AW56: 0.0462428 | AX56: 0.033246077 | AY56: 0.030332435 | AZ56: 0.032446176 | BB56: 1 | BH56: a_049 | BI56: 1.4732317 | BJ56: 1.2459785 | BK56: 8.5292654 | BL56: 2.165406 | BM56: 0.80288134 | BN56: 4.6803672 | BP56: 17.1792
B57: c_050 | C57: 0.097116107 | D57: 0.10608112 | E57: 0.044597107 | F57: 0.04630188 | G57: 10.51442 | L57: a_050 | M57: 14.521388 | N57: 34.880966 | O57: 1.7167304 | P57: 7.5881091 | Q57: 20.992561 | R57: 2.7568717 | T57: 17.543373 | X57: 100 | Z57: a_050 | AA57: 0.059188742 | AB57: 0.39102742 | AC57: 0.12050224 | AD57: 0.060584338 | AE57: 0.11260815 | AF57: 0.073191403 | AH57: 0.049805125 | AL57: 0.094324067 | AN57: a_050 | AO57: 30.369577 | AP57: 69.630423 | AQ57: 0.7 | AT57: a_050 | AU57: 0.34551091 | AV57: 0.40172139 | AW57: 0.17285638 | AX57: 0.13103931 | AY57: 0.15457142 | AZ57: 0.19247691 | BB57: 1 | BH57: a_050 | BI57: 7.8497785 | BJ57: 3.7996206 | BK57: 33.21904 | BL57: 5.6973357 | BM57: 2.4292238 | BN57: 23.033814 | BP57: 18.805751
B58: c_051 | C58: 0.14140494 | D58: 0.20728251 | E58: 0.021519654 | F58: 0.5037647 | G58: 58.735907 | H58: 0.022252823 | I58: 6.6261574 | L58: a_051 | M58: 11.619728 | N58: 27.91106 | O58: 1.3736938 | P58: 6.0718551 | Q58: 16.797833 | R58: 2.2059943 | T58: 34.019835 | X58: 100 | Z58: a_051 | AA58: 0.075551188 | AB58: 0.49912509 | AC58: 0.15381451 | AD58: 0.07733259 | AE58: 0.14373814 | AF58: 0.093424817 | AH58: 0.15406624 | AL58: 0.15046548 | AN58: a_051 | AO58: 22.278643 | AP58: 77.721357 | AQ58: 0.7 | AT58: a_051 | AU58: 0.81254882 | AV58: 0.94474076 | AW58: 0.40651176 | AX58: 0.30816925 | AY58: 0.36351044 | AZ58: 0.45265397 | BB58: 1 | BH58: a_051 | BI58: 31.428123 | BJ58: 15.212524 | BK58: 132.99892 | BL58: 22.810397 | BM58: 9.7258725 | BN58: 92.220376 | BP58: 13.21091
B59: c_052 | C59: 0.021915114 | D59: 0.043849514 | E59: 0.0037733802 | F59: 0.04895364 | G59: 30.163246 | H59: 0.0073254461 | I59: 6.5046255 | L59: a_052 | M59: 13.332172 | N59: 32.02442 | O59: 1.5761403 | P59: 6.9666876 | Q59: 19.273394 | R59: 2.5311001 | T59: 24.296086 | X59: 100 | Z59: a_052 | AA59: 0.012676881 | AB59: 0.083749169 | AC59: 0.025808836 | AD59: 0.012975786 | AE59: 0.024118102 | AF59: 0.015675932 | AH59: 0.016090804 | AL59: 0.022004071 | AN59: a_052 | AO59: 16.264792 | AP59: 83.735208 | AQ59: 0.7 | AT59: a_052 | AU59: 0.81254882 | AV59: 0.94474076 | AW59: 0.40651176 | AX59: 0.30816925 | AY59: 0.36351044 | AZ59: 0.45265397 | BB59: 1 | BH59: a_052 | BI59: 37.511351 | BJ59: 18.15706 | BK59: 158.7422 | BL59: 27.225578 | BM59: 11.608413 | BN59: 110.07055 | BP59: 25.332488
B60: c_053 | C60: 0.2841966 | D60: 0.47575251 | E60: 0.29524424 | F60: 0.50020345 | G60: 28.836642 | H60: 0.55598513 | I60: 31.267795 | L60: a_053 | M60: 13.903305 | N60: 12.455772 | O60: 3.6082488 | P60: 17.605027 | Q60: 16.186092 | R60: 2.1721821 | T60: 34.069374 | X60: 100 | Z60: a_053 | AA60: 0.16911763 | AB60: 0.41670547 | AC60: 0.7558391 | AD60: 0.41947236 | AE60: 0.25911124 | AF60: 0.1720995 | AH60: 0.2886456 | AL60: 0.28148961 | AN60: a_053 | AO60: 19.432105 | AP60: 80.567895 | AQ60: 0.7 | AT60: a_053 | AU60: 0.10750578 | AV60: 0.073012282 | AW60: 0.093629398 | AX60: 0.12083682 | AY60: 0.053722577 | AZ60: 0.048398369 | BB60: 1 | BH60: a_053 | BI60: 3.9830976 | BJ60: 3.0194823 | BK60: 13.366662 | BL60: 3.5356543 | BM60: 1.7097084 | BN60: 11.477352 | BP60: 15.119696
B61: c_054 | C61: 0.60245437 | D61: 1.4017905 | E61: 0.12136853 | F61: 0.14159165 | G61: 2.9075563 | H61: 0.19774066 | I61: 4.0323446 | L61: a_054 | M61: 12.895939 | N61: 13.864684 | O61: 2.9515186 | P61: 9.4245343 | Q61: 17.962083 | R61: 1.5673485 | T61: 41.333893 | X61: 100 | Z61: a_054 | AA61: 0.33564558 | AB61: 0.99248895 | AC61: 1.3229259 | AD61: 0.48048927 | AE61: 0.61525918 | AF61: 0.26570889 | AH61: 0.74931467 | AL61: 0.60230922 | AN61: a_054 | AO61: 14.003342 | AP61: 85.996658 | AQ61: 0.7 | AT61: a_054 | AU61: 0.35027422 | AV61: 0.55847992 | AW61: 0.3887033 | AX61: 0.28551919 | AY61: 0.36135566 | AZ61: 0.24811081 | BB61: 1 | BH61: a_054 | BI61: 19.399488 | BJ61: 28.769522 | BK61: 94.060606 | BL61: 21.637669 | BM61: 14.368559 | BN61: 113.06161 | BP61: 17.279404
B62: c_055 | C62: 0.062667726 | D62: 0.065650983 | E62: 0.17264429 | F62: 0.032477354 | G62: 14.637819 | H62: 0.047704105 | I62: 19.926449 | L62: a_055 | M62: 14.108151 | N62: 14.254739 | O62: 1.5914866 | P62: 13.640501 | Q62: 17.441995 | R62: 2.3834988 | T62: 36.579629 | X62: 100 | Z62: a_055 | AA62: 0.038369383 | AB62: 0.10662565 | AC62: 0.074538346 | AD62: 0.072667607 | AE62: 0.062428702 | AF62: 0.042222329 | AH62: 0.069292139 | AL62: 0.062937032 | AN62: a_055 | AO62: 31.335797 | AP62: 68.664203 | AQ62: 0.7 | AT62: a_055 | AU62: 0.094928301 | AV62: 0.051338816 | AW62: 0.050767561 | AX62: 0.05889095 | AY62: 0.014513135 | AZ62: 0.0087199981 | BB62: 1 | BH62: a_055 | BI62: 2.1634376 | BJ62: 1.1579915 | BK62: 10.256568 | BL62: 1.388152 | BM62: 0.26753699 | BN62: 1.1763058 | BP62: 8.7898097
B63: c_056 | C63: 0.42056052 | D63: 0.36032296 | E63: 0.048875846 | F63: 0.11801421 | G63: 9.4348068 | H63: 0.16278126 | I63: 12.441964 | L63: a_056 | M63: 14.300746 | N63: 0.76716391 | O63: 0.039726328 | P63: 5.0118389 | Q63: 2.693786 | R63: 0.18412405 | T63: 77.002615 | X63: 100 | Z63: a_056 | AA63: 0.26094838 | AB63: 0.038500984 | AC63: 0.012483501 | AD63: 0.17913847 | AE63: 0.0646893 | AF63: 0.021883611 | AH63: 0.97865892 | AL63: 0.42226732 | AN63: a_056 | AO63: 38.410643 | AP63: 61.589357 | AQ63: 0.7 | AT63: a_056 | AU63: 0.39735515 | AV63: 0.12603831 | AW63: 0.088218335 | AX63: 0.16625334 | AY63: 0.16114258 | AZ63: 0.34449679 | BB63: 1 | BH63: a_056 | BI63: 7.3051602 | BJ63: 43.194056 | BK63: 583.83484 | BL63: 8.7213327 | BM63: 15.727395 | BN63: 491.9084 | BP63: 3.4143191
B64: c_057 | C64: 0.38690336 | D64: 0.38614791 | E64: 0.082292413 | F64: 0.056151537 | G64: 4.0065656 | H64: 0.071637371 | I64: 5.4412113 | L64: a_057 | M64: 31.385653 | N64: 14.128738 | O64: 0.39313734 | P64: 7.1594074 | Q64: 9.692924 | R64: 1.4266562 | T64: 35.813484 | X64: 100 | Z64: a_057 | AA64: 0.5222543 | AB64: 0.64660931 | AC64: 0.11265674 | AD64: 0.23335857 | AE64: 0.21226535 | AF64: 0.15462607 | AH64: 0.41507577 | AL64: 0.38507241 | AN64: a_057 | AO64: 32.741173 | AP64: 67.258827 | AQ64: 0.7 | AT64: a_057 | AU64: 0.55816505 | AV64: 0.42246574 | AW64: 0.13452653 | AX64: 0.26667582 | AY64: 0.22480993 | AZ64: 0.29217294 | BB64: 1 | BH64: a_057 | BI64: 5.4511096 | BJ64: 9.1651923 | BK64: 104.8859 | BL64: 11.417211 | BM64: 7.1090918 | BN64: 62.773177 | BP64: 8.5586816
B65: c_058 | C65: 0.098666955 | D65: 0.1679015 | E65: 0.018152799 | F65: 0.14908552 | G65: 25.123303 | H65: 0.044304652 | I65: 9.0172 | L65: a_058 | M65: 19.020953 | N65: 16.583814 | Q65: 14.070718 | T65: 50.324514 | X65: 100 | Z65: a_058 | AA65: 0.081098433 | AB65: 0.19446988 | AE65: 0.078953225 | AH65: 0.14944787 | AL65: 0.098666955 | AN65: a_058 | AO65: 19.177967 | AP65: 80.822033 | AQ65: 0.7 | AT65: a_058 | AU65: 0.1657006 | AV65: 0.70639418 | AY65: 2.2491041 | BB65: 1 | BH65: a_058 | BI65: 4.5497197 | BJ65: 22.246185 | BM65: 83.480711 | BP65: 10.37799
B66: c_059 | C66: 0.86831703 | D66: 1.4148565 | E66: 0.18719758 | F66: 1.4566935 | G66: 29.135774 | H66: 2.7440512 | I66: 42.992494 | L66: a_059 | M66: 15.774402 | N66: 5.9824229 | P66: 19.483825 | Q66: 23.980167 | R66: 0.82301246 | T66: 33.956171 | X66: 100 | Z66: a_059 | AA66: 0.58424232 | AB66: 0.60940352 | AD66: 1.4135467 | AE66: 1.1688687 | AF66: 0.19854505 | AH66: 0.87596908 | AL66: 0.85710031 | AN66: a_059 | AO66: 19.886726 | AP66: 80.113274 | AQ66: 0.7 | AT66: a_059 | AU66: 0.6514529 | AV66: 0.27738893 | AX66: 0.52116952 | AY66: 0.41048521 | AZ66: 0.080405873 | BB66: 1 | BH66: a_059 | BI66: 20.776875 | BJ66: 23.327174 | BL66: 13.457206 | BM66: 8.6118296 | BN66: 49.1509 | BP66: 14.816015
B67: c_060 | C67: 0.41088368 | D67: 0.61078063 | E67: 0.35870861 | F67: 1.6748909 | G67: 79.934293 | H67: 3.356742 | I67: 85.782515 | L67: a_060 | M67: 11.934456 | N67: 10.10796 | O67: 0.91723238 | P67: 17.077252 | Q67: 23.239006 | R67: 2.5683934 | T67: 34.1557 | X67: 100 | Z67: a_060 | AA67: 0.20703132 | AB67: 0.48226384 | AC67: 0.27401533 | AD67: 0.5802929 | AE67: 0.53054766 | AF67: 0.29020675 | AH67: 0.41269251 | AL67: 0.40144401 | AN67: a_060 | AO67: 21.879374 | AP67: 78.120626 | AQ67: 0.7 | AT67: a_060 | AU67: 0.10467103 | AV67: 0.090415248 | AW67: 0.059215963 | AX67: 0.1555564 | AY67: 0.086619947 | AZ67: 0.039906411 | BB67: 1 | BH67: a_060 | BI67: 4.0122647 | BJ67: 4.0920774 | BK67: 29.534193 | BL67: 4.167116 | BM67: 1.7051637 | BN67: 7.1079903 | BP67: 13.39376
B68: c_061 | C68: 3.1829472 | D68: 3.6667492 | E68: 4.1255244 | F68: 10.796161 | G68: 82.413437 | H68: 0.3271108 | I68: 13.026776 | L68: a_061 | M68: 11.71795 | N68: 10.06469 | O68: 0.26567225 | P68: 14.800869 | Q68: 24.367935 | R68: 0.82137531 | T68: 37.961508 | X68: 100 | Z68: a_061 | AA68: 1.6213615 | AB68: 3.8301551 | AC68: 0.63304772 | AD68: 4.0115412 | AE68: 4.4373161 | AF68: 0.74025679 | AH68: 3.6584879 | AL68: 3.2019884 | AN68: a_061 | AO68: 28.354162 | AP68: 71.645838 | AQ68: 0.7 | AT68: a_061 | AU68: 0.076717795 | AV68: 0.048959257 | AW68: 0.02393843 | AX68: 0.060260705 | AY68: 0.06355375 | AZ68: 0.040215798 | BB68: 1 | BH68: a_061 | BI68: 2.3134549 | BJ68: 1.7189015 | BK68: 31.839486 | BL68: 1.4386779 | BM68: 0.92159273 | BN68: 17.301017 | BP68: 9.3083591
B69: c_062 | C69: 0.1969858 | D69: 0.28423809 | E69: 0.35081049 | F69: 0.93683428 | G69: 63.231362 | H69: 0.11763464 | I69: 35.302152 | L69: a_062 | M69: 10.396174 | N69: 15.266377 | O69: 0.96046545 | P69: 13.863762 | Q69: 38.47524 | R69: 2.7797734 | T69: 18.258208 | X69: 100 | Z69: a_062 | AA69: 0.088747697 | AB69: 0.35843242 | AC69: 0.14119761 | AD69: 0.2318251 | AE69: 0.43225331 | AF69: 0.15456299 | AH69: 0.10856046 | AL69: 0.19754912 | AN69: a_062 | AO69: 22.647597 | AP69: 77.352403 | AQ69: 0.7 | AT69: a_062 | AU69: 0.08847363 | AV69: 0.043031807 | AW69: 0.066162125 | AX69: 0.057260775 | AY69: 0.063661472 | AZ69: 0.040782308 | BB69: 1 | BH69: a_062 | BI69: 3.772827 | BJ69: 1.2496263 | BK69: 30.538963 | BL69: 1.8310607 | BM69: 0.73353682 | BN69: 6.5041265 | BP69: 24.281104
B70: c_063 | C70: 1.4419609 | D70: 1.7717405 | E70: 2.252705 | F70: 6.2422076 | G70: 97.743237 | H70: 0.52641272 | I70: 72.787365 | L70: a_063 | M70: 13.533421 | N70: 23.783963 | O70: 1.7706774 | P70: 10.35004 | Q70: 27.673892 | R70: 2.4924474 | T70: 20.395559 | X70: 100 | Z70: a_063 | AA70: 0.8438907 | AB70: 4.0789707 | AC70: 1.901429 | AD70: 1.2642021 | AE70: 2.271027 | AF70: 1.0123185 | AH70: 0.88581737 | AL70: 1.4430128 | AN70: a_063 | AO70: 26.674889 | AP70: 73.325111 | AQ70: 0.7 | AT70: a_063 | AU70: 0.090729778 | AV70: 0.079961452 | AW70: 0.080621556 | AX70: 0.050404048 | AY70: 0.054631323 | AZ70: 0.053321712 | BB70: 1 | BH70: a_063 | BI70: 2.528127 | BJ70: 1.2678068 | BK70: 17.169923 | BL70: 1.8364537 | BM70: 0.74443723 | BN70: 8.0674205 | BP70: 18.489323
B71: c_064 | C71: 0.6716603 | D71: 1.0638417 | E71: 0.89555652 | F71: 1.3096562 | G71: 34.256477 | H71: 0.62025952 | I71: 20.024913 | L71: a_064 | M71: 3.7878941 | N71: 14.198235 | O71: 0.35651439 | P71: 9.7300422 | Q71: 43.745511 | R71: 5.8149689 | T71: 22.366834 | X71: 100 | Z71: a_064 | AA71: 0.10994714 | AB71: 1.1334653 | AC71: 0.17820719 | AD71: 0.55321845 | AE71: 1.6710638 | AF71: 1.0993755 | AH71: 0.45218961 | AL71: 0.67170356 | AN71: a_064 | AO71: 20.584081 | AP71: 79.415919 | AQ71: 0.7 | AT71: a_064 | AU71: 0.073947948 | AV71: 0.12369536 | AW71: 0.011077553 | AX71: 0.074220815 | AY71: 0.076217683 | AZ71: 0.040334234 | BB71: 1 | BH71: a_064 | BI71: 9.4899646 | BJ71: 4.2350187 | BK71: 15.104385 | BL71: 3.7080645 | BM71: 0.8469515 | BN71: 3.371807 | BP71: 21.733605
B72: c_065 | C72: 0.57064913 | D72: 0.99976443 | E72: 0.28629902 | F72: 0.45542423 | G72: 12.786848 | H72: 1.0983278 | I72: 26.340529 | L72: a_065 | M72: 21.318399 | N72: 9.8212056 | O72: 4.7773762 | P72: 11.39854 | Q72: 14.481433 | R72: 1.1785393 | T72: 37.024507 | X72: 100 | Z72: a_065 | AA72: 0.5290469 | AB72: 0.67033537 | AC72: 2.041696 | AD72: 0.55409552 | AE72: 0.47296018 | AF72: 0.19050053 | AH72: 0.63996885 | AL72: 0.57428985 | AN72: a_065 | AO72: 18.603426 | AP72: 81.396574 | AQ72: 0.7 | AT72: a_065 | AU72: 0.30190424 | AV72: 0.10212597 | AW72: 0.44505985 | AX72: 0.15471752 | AY72: 0.11617242 | AZ72: 0.064847273 | BB72: 1 | BH72: a_065 | BI72: 7.617346 | BJ72: 5.5932012 | BK72: 50.109264 | BL72: 7.300949 | BM72: 4.3149974 | BN72: 29.596251 | BP72: 14.527797
B73: c_066 | C73: 0.25517732 | D73: 0.33238259 | E73: 0.1348191 | F73: 0.0078967522 | G73: 0.72082485 | H73: 0.010729441 | I73: 0.95462852 | L73: a_066 | M73: 43.652164 | N73: 6.4886328 | P73: 22.741416 | Q73: 2.4829673 | T73: 24.63482 | X73: 100 | Z73: a_066 | AA73: 0.47439569 | AB73: 0.1939438 | AD73: 0.48411473 | AE73: 0.035512348 | AH73: 0.1864723 | AL73: 0.25149335 | AN73: a_066 | AO73: 25.188199 | AP73: 74.811801 | AQ73: 0.7 | AT73: a_066 | AU73: 0.20163205 | AV73: 0.10807518 | AX73: 0.25390558 | AY73: 0.050364961 | BB73: 1 | BH73: a_066 | BI73: 1.8353018 | BJ73: 6.6179957 | BL73: 4.4361728 | BM73: 8.0595579 | BP73: 16.128884
B74: c_067 | C74: 0.026449063 | D74: 0.040293369 | E74: 0.0040203248 | F74: 0.0089282488 | G74: 6.4912626 | H74: 0.11356896 | I74: 45.676174 | L74: a_067 | M74: 67.548872 | R74: 1.0997771 | T74: 31.351351 | X74: 100 | Z74: a_067 | AA74: 0.077091461 | AF74: 0.0081753316 | AH74: 0.024921513 | AL74: 0.026410689 | AN74: a_067 | AO74: 21.436912 | AP74: 78.563088 | AQ74: 0.7 | AT74: a_067 | AU74: 7.2616291 | AZ74: 0.01000131 | BB74: 1 | BH74: a_067 | BI74: 50.253527 | BN74: 4.2511147 | BP74: 14.910573
B75: c_068 | C75: 0.55906113 | D75: 0.90071786 | E75: 0.0084663657 | F75: 0.7898297 | G75: 25.149879 | H75: 4.4862034 | I75: 62.892894 | L75: a_068 | M75: 26.675154 | N75: 1.1083747 | O75: 1.2018987 | P75: 8.6644181 | Q75: 12.038012 | T75: 50.312143 | X75: 100 | Z75: a_068 | AA75: 0.6518476 | AB75: 0.074492662 | AC75: 0.50578862 | AD75: 0.41473852 | AE75: 0.38713938 | AH75: 0.8563315 | AL75: 0.5654975 | AN75: a_068 | AO75: 20.343041 | AP75: 79.656959 | AQ75: 0.7 | AT75: a_068 | AU75: 7.6711485 | AV75: 0.98001436 | AW75: 2.482395 | AX75: 2.7543738 | AY75: 3.3495953 | BB75: 1 | BH75: a_068 | BI75: 142.20008 | BJ75: 437.21214 | BK75: 1021.2908 | BL75: 157.19179 | BM75: 137.58907 | BP75: 9.8281905
B76: c_069 | C76: 0.015018219 | D76: 0.020239138 | E76: 0.012819259 | H76: 0.12943315 | I76: 49.897446 | L76: a_069 | M76: 38.312988 | N76: 1.5919364 | O76: 1.726263 | P76: 12.44453 | Q76: 17.289955 | T76: 28.634328 | X76: 100 | Z76: a_069 | AA76: 0.024954158 | AB76: 0.0028517427 | AC76: 0.019362699 | AD76: 0.015877102 | AE76: 0.014820546 | AH76: 0.012990141 | AL76: 0.015072609 | AN76: a_069 | AO76: 24.211511 | AP76: 75.788489 | AQ76: 0.7 | AT76: a_069 | AU76: 0.13357508 | AV76: 0.078116187 | AW76: 0.0090277105 | AX76: 0.43386829 | AY76: 0.12056001 | BB76: 1 | BH76: a_069 | BI76: 1.4419924 | BJ76: 20.29546 | BK76: 2.1629887 | BL76: 14.419924 | BM76: 2.8839849 | BP76: 14.444302
B77: c_070 | C77: 0.13925797 | D77: 0.23617049 | E77: 0.015123874 | F77: 0.57721456 | G77: 70.243143 | H77: 2.3147414 | I77: 86.059081 | L77: a_070 | M77: 25.258933 | O77: 3.6796974 | P77: 14.140849 | Q77: 3.1777687 | R77: 0.5160869 | T77: 53.226665 | X77: 100 | Z77: a_070 | AA77: 0.14781005 | AC77: 0.37081998 | AD77: 0.16209153 | AE77: 0.024472859 | AF77: 0.019670906 | AH77: 0.21694428 | AL77: 0.13541929 | AN77: a_070 | AO77: 19.265587 | AP77: 80.734413 | AQ77: 0.7 | AT77: a_070 | AU77: 0.86319989 | AW77: 0.13831359 | AX77: 0.6548814 | AY77: 0.31258554 | AZ77: 0.63562964 | BB77: 1 | BH77: a_070 | BI77: 17.818046 | BK77: 19.598212 | BL77: 24.146315 | BM77: 51.287356 | BN77: 642.1626 | BP77: 9.7956768
B78: c_071 | C78: 0.16973692 | D78: 0.3551918 | E78: 0.051882074 | F78: 0.095792622 | G78: 7.6776323 | H78: 0.42343774 | I78: 26.739824 | L78: a_071 | M78: 21.684709 | N78: 4.8775454 | P78: 21.739378 | Q78: 13.139475 | R78: 5.0518056 | T78: 33.507087 | X78: 100 | Z78: a_071 | AA78: 0.15715258 | AB78: 0.097220305 | AD78: 0.30861061 | AE78: 0.12531971 | AF78: 0.23846634 | AH78: 0.16913541 | AL78: 0.16771019 | AN78: a_071 | AO78: 15.543202 | AP78: 84.456798 | AQ78: 0.7 | AT78: a_071 | AU78: 0.30933482 | AV78: 0.22509677 | AX78: 0.30815393 | AY78: 0.20978192 | AZ78: 0.27419217 | BB78: 1 | BH78: a_071 | BI78: 9.1987355 | BJ78: 29.759173 | BL78: 9.140575 | BM78: 10.295394 | BN78: 34.99946 | BP78: 19.244926
B79: c_072 | C79: 0.13408424 | D79: 0.23402961 | E79: 0.018053418 | F79: 0.77134968 | G79: 97.207904 | H79: 3.4853737 | I79: 96.937915 | L79: a_072 | M79: 15.016461 | N79: 18.168886 | O79: 2.617472 | P79: 7.1152373 | Q79: 14.384892 | R79: 4.9216979 | T79: 37.775354 | X79: 100 | Z79: a_072 | AA79: 0.087414221 | AB79: 0.29089117 | AC79: 0.26239684 | AD79: 0.081133408 | AE79: 0.11020328 | AF79: 0.18661304 | AH79: 0.1531627 | AL79: 0.13471193 | AN79: a_072 | AO79: 18.708753 | AP79: 81.291247 | AQ79: 0.7 | AT79: a_072 | AU79: 0.5634128 | AV79: 0.66627925 | AW79: 0.57028029 | AX79: 0.85956097 | AY79: 0.45361416 | AZ79: 0.67738496 | BB79: 1 | BH79: a_072 | BI79: 20.098433 | BJ79: 19.644052 | BK79: 116.71036 | BL79: 64.712829 | BM79: 16.892078 | BN79: 73.72651 | BP79: 14.180598
B80: c_073 | C80: 0.086364191 | D80: 0.14404402 | E80: 0.0091308039 | F80: 0.055273969 | G80: 10.979155 | H80: 0.32373449 | I80: 41.150539 | L80: a_073 | M80: 22.800318 | N80: 4.0063612 | O80: 4.7937931 | P80: 9.9189991 | Q80: 26.82961 | T80: 31.650919 | X80: 100 | Z80: a_073 | AA80: 0.08445922 | AB80: 0.040817276 | AC80: 0.30580706 | AD80: 0.071973041 | AE80: 0.13079585 | AH80: 0.081662459 | AL80: 0.085723071 | AN80: a_073 | AO80: 19.636352 | AP80: 80.363648 | AQ80: 0.7 | AT80: a_073 | AU80: 1.1627157 | AV80: 0.4494708 | AW80: 0.86377693 | AX80: 0.61741361 | AY80: 0.84604374 | BB80: 1 | BH80: a_073 | BI80: 26.053051 | BJ80: 57.316192 | BK80: 92.055188 | BL80: 31.800526 | BM80: 16.110329 | BP80: 16.141341
B81: c_074 | C81: 0.47558868 | D81: 0.81932601 | E81: 0.13010205 | F81: 0.87386736 | G81: 30.863743 | H81: 2.4960948 | I81: 54.691112 | L81: a_074 | M81: 19.921722 | N81: 3.5005483 | O81: 4.188565 | P81: 8.6667012 | Q81: 23.442306 | T81: 40.280158 | X81: 100 | Z81: a_074 | AA81: 0.41241861 | AB81: 0.1993128 | AC81: 1.4932712 | AD81: 0.35144797 | AE81: 0.6386827 | AH81: 0.58080788 | AL81: 0.47907436 | AN81: a_074 | AO81: 18.960823 | AP81: 81.039177 | AQ81: 0.7 | AT81: a_074 | AU81: 0.24675225 | AV81: 0.080581047 | AW81: 0.77034076 | AX81: 0.23310442 | AY81: 0.48892336 | BB81: 1 | BH81: a_074 | BI81: 6.5501449 | BJ81: 12.173445 | BK81: 97.260002 | BL81: 14.223724 | BM81: 11.029533 | BP81: 13.128814
B82: c_075 | C82: 0.25180976 | D82: 0.30086633 | E82: 0.096022879 | F82: 0.097823832 | G82: 9.5666909 | H82: 1.4289199 | I82: 59.257986 | L82: a_075 | M82: 34.517263 | N82: 8.7560975 | P82: 8.6039832 | Q82: 7.0007127 | T82: 41.121944 | X82: 100 | Z82: a_075 | AA82: 0.36953825 | AB82: 0.25782283 | AD82: 0.18043402 | AE82: 0.098636748 | AH82: 0.30663847 | AL82: 0.24775053 | AN82: a_075 | AO82: 27.568148 | AP82: 72.431852 | AQ82: 0.7 | AT82: a_075 | AU82: 0.20727691 | AV82: 0.41477459 | AX82: 0.10232134 | AY82: 0.23767149 | BB82: 1 | BH82: a_075 | BI82: 2.1833241 | BJ82: 17.222857 | BL82: 4.3238469 | BM82: 12.343505 | BP82: 8.8415826
B83: c_076 | C83: 0.26770171 | D83: 0.40632818 | E83: 0.064687967 | F83: 0.70559863 | G83: 49.249295 | H83: 0.56753817 | I83: 43.177924 | L83: a_076 | M83: 10.136579 | N83: 6.2476374 | O83: 0.5527626 | P83: 9.4269336 | Q83: 18.93481 | R83: 5.8783133 | T83: 48.822964 | X83: 100 | Z83: a_076 | AA83: 0.11756847 | AB83: 0.19929803 | AC83: 0.1104079 | AD83: 0.2141735 | AE83: 0.28902396 | AF83: 0.44408359 | AH83: 0.39441512 | AL83: 0.26840525 | AN83: a_076 | AO83: 21.536529 | AP83: 78.463471 | AQ83: 0.7 | AT83: a_076 | AU83: 0.24742227 | AV83: 0.32959294 | AW83: 0.85704029 | AX83: 0.25305065 | AY83: 0.25163501 | AZ83: 0.35097753 | BB83: 1 | BH83: a_076 | BI83: 11.37058 | BJ83: 24.575215 | BK83: 722.26709 | BL83: 12.50467 | BM83: 6.1907797 | BN83: 27.813895 | BP83: 9.5413778
B84: c_077 | C84: 0.98788169 | D84: 1.6594271 | E84: 0.37099798 | F84: 1.3135056 | G84: 23.497767 | H84: 2.540503 | I84: 36.760141 | L84: a_077 | M84: 25.982312 | N84: 5.6471527 | P84: 11.735046 | Q84: 17.604502 | R84: 2.0656568 | T84: 36.965331 | X84: 100 | Z84: a_077 | AA84: 1.1084127 | AB84: 0.66258402 | AD84: 0.98062809 | AE84: 0.98837297 | AF84: 0.57397688 | AH84: 1.098369 | AL84: 0.98722294 | AN84: a_077 | AO84: 19.421259 | AP84: 80.578741 | AQ84: 0.7 | AT84: a_077 | AU84: 0.31686068 | AV84: 0.097576081 | AX84: 0.1569633 | AY84: 0.23393247 | AZ84: 0.3977992 | BB84: 1 | BH84: a_077 | BI84: 6.2875837 | BJ84: 8.9085508 | BL84: 6.8961475 | BM84: 6.8510951 | BN84: 99.288504 | BP84: 13.947572
B85: c_078 | C85: 0.068809355 | D85: 0.089147618 | E85: 0.045413428 | F85: 0.29382601 | G85: 97.148888 | H85: 0.47828622 | I85: 95.489543 | L85: a_078 | M85: 21.480784 | N85: 6.5074757 | P85: 7.5707317 | Q85: 15.213909 | R85: 0.87192046 | T85: 48.355179 | X85: 100 | Z85: a_078 | AA85: 0.063829776 | AB85: 0.05318308 | AD85: 0.04406633 | AE85: 0.059495957 | AF85: 0.016875732 | AH85: 0.10007973 | AL85: 0.068764571 | AN85: a_078 | AO85: 25.23035 | AP85: 74.76965 | AQ85: 0.7 | AT85: a_078 | AU85: 0.13291453 | AV85: 0.081088198 | AX85: 0.063352424 | AY85: 0.10296418 | AZ85: 0.092105685 | BB85: 1 | BH85: a_078 | BI85: 2.4598616 | BJ85: 4.9537426 | BL85: 3.3267006 | BM85: 2.6905043 | BN85: 41.995031 | BP85: 8.2213919
B86: c_079 | C86: 0.36802213 | D86: 0.45527623 | E86: 0.41296102 | F86: 0.20607762 | G86: 12.763725 | H86: 0.24492669 | I86: 15.167558 | L86: a_079 | M86: 9.1232571 | N86: 8.9837988 | O86: 2.5103999 | P86: 18.986239 | Q86: 21.02469 | R86: 3.3248038 | T86: 36.046812 | X86: 100 | Z86: a_079 | AA86: 0.14508827 | AB86: 0.39294353 | AC86: 0.68752319 | AD86: 0.59144879 | AE86: 0.44003317 | AF86: 0.34439826 | AH86: 0.39928152 | AL86: 0.36802213 | AN86: a_079 | AO86: 26.412127 | AP86: 73.587873 | AQ86: 0.7 | AT86: a_079 | AU86: 0.14029587 | AV86: 0.078771624 | AW86: 0.11067405 | AX86: 0.10914148 | AY86: 0.05037128 | AZ86: 0.037633664 | BB86: 1 | BH86: a_079 | BI86: 5.8385636 | BJ86: 3.3290539 | BK86: 16.738399 | BL86: 2.1825387 | BM86: 0.9096293 | BN86: 4.2975559 | BP86: 10.532808
B87: c_080 | C87: 0.3843043 | D87: 0.57513361 | E87: 0.26685517 | F87: 0.51763592 | G87: 22.21986 | H87: 0.012744394 | I87: 0.80574979 | L87: a_080 | M87: 12.496852 | N87: 8.9529276 | O87: 0.62342266 | P87: 12.190862 | Q87: 13.874144 | R87: 1.7786026 | T87: 50.083189 | X87: 100 | Z87: a_080 | AA87: 0.20882434 | AB87: 0.41146538 | AC87: 0.17940111 | AD87: 0.39903476 | AE87: 0.3051126 | AF87: 0.19358511 | AH87: 0.58291122 | AL87: 0.3866981 | AN87: a_080 | AO87: 21.98805 | AP87: 78.01195 | AQ87: 0.7 | AT87: a_080 | AU87: 0.13225727 | AV87: 0.098080467 | AW87: 0.093556731 | AX87: 0.092448414 | AY87: 0.070649168 | AZ87: 0.06923885 | BB87: 1 | BH87: a_080 | BI87: 4.8610619 | BJ87: 5.0318731 | BK87: 68.929429 | BL87: 3.483191 | BM87: 2.3389076 | BN87: 17.880644 | BP87: 9.1710752
B88: c_081 | C88: 0.47563135 | D88: 0.70379246 | E88: 0.023833507 | F88: 0.29856939 | G88: 12.041826 | H88: 0.24655885 | I88: 10.408581 | L88: a_081 | M88: 9.1403651 | N88: 10.086427 | P88: 13.775245 | Q88: 30.651524 | R88: 0.9614182 | T88: 35.385022 | X88: 100 | Z88: a_081 | AA88: 0.18691803 | AB88: 0.56729994 | AD88: 0.55180141 | AE88: 0.82492252 | AF88: 0.12805972 | AH88: 0.5040076 | AL88: 0.47323756 | AN88: a_081 | AO88: 22.105421 | AP88: 77.894579 | AQ88: 0.7 | AT88: a_081 | AU88: 2.0534112 | AV88: 2.2855223 | AX88: 2.164766 | AY88: 1.5179195 | AZ88: 1.4924683 | BB88: 1 | BH88: a_081 | BI88: 102.01506 | BJ88: 102.89636 | BL88: 71.36143 | BM88: 22.487883 | BN88: 704.92785 | BP88: 12.833125
B89: c_082 | C89: 1.4086315 | D89: 2.6587742 | E89: 0.11679809 | F89: 1.819708 | G89: 19.360964 | H89: 3.8388857 | I89: 33.283462 | L89: a_082 | M89: 14.245203 | N89: 7.9297847 | O89: 0.33197669 | P89: 25.594993 | Q89: 8.4169556 | R89: 0.090132974 | T89: 43.390954 | X89: 100 | Z89: a_082 | AA89: 0.86593445 | AB89: 1.3257618 | AC89: 0.34752496 | AD89: 3.0476648 | AE89: 0.67335616 | AF89: 0.035687211 | AH89: 1.8371538 | AL89: 1.4067208 | AN89: a_082 | AO89: 17.295309 | AP89: 82.704691 | AQ89: 0.7 | AT89: a_082 | AU89: 0.92236466 | AV89: 0.80402045 | AW89: 0.78439096 | AX89: 1.057829 | AY89: 0.67190687 | AZ89: 0.68554886 | BB89: 1 | BH89: a_082 | BI89: 37.47923 | BJ89: 58.689763 | BK89: 1367.671 | BL89: 23.923081 | BM89: 46.207312 | BN89: 4402.6217 | BP89: 13.34005
B90: c_083 | C90: 0.24902904 | D90: 0.50697165 | E90: 0.044460581 | F90: 0.88226638 | G90: 48.391076 | H90: 2.6805511 | I90: 69.876254 | L90: a_083 | M90: 8.4244318 | N90: 8.7937898 | P90: 20.129701 | Q90: 24.153201 | R90: 1.7381859 | T90: 36.760691 | X90: 100 | Z90: a_083 | AA90: 0.090307206 | AB90: 0.25926602 | AD90: 0.42268315 | AE90: 0.34074533 | AF90: 0.12136419 | AH90: 0.27447034 | AL90: 0.24806948 | AN90: a_083 | AO90: 16.02509 | AP90: 83.97491 | AQ90: 0.7 | AT90: a_083 | AU90: 0.39213728 | AV90: 0.57434422 | AX90: 0.32604033 | AY90: 0.67036661 | AZ90: 0.30739176 | BB90: 1 | BH90: a_083 | BI90: 29.089922 | BJ90: 40.817013 | BL90: 10.122297 | BM90: 17.345337 | BN90: 110.52004 | BP90: 17.000488
B91: c_084 | C91: 1.2515799 | D91: 2.9055603 | E91: 1.3070282 | F91: 1.6164262 | G91: 16.313238 | H91: 2.6575719 | I91: 24.111382 | L91: a_084 | M91: 15.423303 | N91: 14.849543 | O91: 2.0276622 | P91: 17.39626 | Q91: 23.335062 | R91: 1.575691 | T91: 25.392479 | X91: 100 | Z91: a_084 | AA91: 0.83606346 | AB91: 2.2139238 | AC91: 1.8928644 | AD91: 1.8471985 | AE91: 1.6647316 | AF91: 0.55634661 | AH91: 0.95873131 | AL91: 1.2544501 | AN91: a_084 | AO91: 14.050135 | AP91: 85.949865 | AQ91: 0.7 | AT91: a_084 | AU91: 0.095290023 | AV91: 0.08226585 | AW91: 0.10209133 | AX91: 0.090383683 | AY91: 0.092521172 | AZ91: 0.10773253 | BB91: 1 | BH91: a_084 | BI91: 4.4032842 | BJ91: 3.9483276 | BK91: 35.883922 | BL91: 3.7028901 | BM91: 2.8257833 | BN91: 48.728438 | BP91: 28.067361
B92: c_085 | C92: 3.0621902 | D92: 10.557019 | E92: 1.0595797 | F92: 31.681776 | G92: 90.594448 | H92: 25.540475 | I92: 87.798056 | L92: a_085 | M92: 18.034654 | N92: 2.3274669 | O92: 0.15831394 | P92: 32.618257 | Q92: 17.973142 | R92: 0.24130304 | T92: 28.646863 | X92: 100 | Z92: a_085 | AA92: 2.3559864 | AB92: 0.83625017 | AC92: 0.35616083 | AD92: 8.3468293 | AE92: 3.0900278 | AF92: 0.20532427 | AH92: 2.6065856 | AL92: 3.0231278 | AN92: a_085 | AO92: 9.3823283 | AP92: 90.617672 | AQ92: 0.7 | AT92: a_085 | AU92: 0.4176524 | AV92: 0.15755038 | AW92: 0.12217684 | AX92: 0.24526709 | AY92: 0.21382411 | AZ92: 0.1469766 | BB92: 1 | BH92: a_085 | BI92: 24.696302 | BJ92: 72.187285 | BK92: 822.98992 | BL92: 8.0186878 | BM92: 12.686956 | BN92: 649.5464 | BP92: 37.226113
B93: c_086 | C93: 0.48213664 | D93: 1.3574515 | E93: 0.078082776 | F93: 2.7474138 | G93: 58.346516 | H93: 0.99159384 | I93: 33.337724 | L93: a_086 | M93: 23.616329 | N93: 4.4237555 | P93: 23.36988 | Q93: 10.503343 | T93: 38.086692 | X93: 100 | Z93: a_086 | AA93: 0.53022125 | AB93: 0.27316408 | AD93: 1.0277727 | AE93: 0.31034569 | AH93: 0.59559076 | AL93: 0.51956069 | AN93: a_086 | AO93: 12.022356 | AP93: 87.977644 | AQ93: 0.7 | AT93: a_086 | AU93: 0.99095861 | AV93: 2.2919638 | AX93: 0.46543008 | AY93: 0.39790605 | BB93: 1 | BH93: a_086 | BI93: 34.937191 | BJ93: 431.3815 | BL93: 16.582226 | BM93: 31.542627 | BP93: 21.86108
B94: c_087 | C94: 0.10410478 | D94: 0.15423191 | E94: 0.019135626 | F94: 0.50834053 | G94: 93.405643 | H94: 0.90196176 | I94: 90.235605 | L94: a_087 | M94: 29.557906 | N94: 13.91585 | P94: 25.454195 | Q94: 7.9596402 | T94: 23.112408 | X94: 100 | Z94: a_087 | AA94: 0.12664199 | AB94: 0.16398402 | AD94: 0.21362854 | AE94: 0.04488187 | AH94: 0.068973018 | AL94: 0.099150661 | AN94: a_087 | AO94: 23.210761 | AP94: 76.789239 | AQ94: 0.7 | AT94: a_087 | AU94: 0.6081618 | AV94: 0.39669422 | AX94: 0.55262071 | AY94: 0.47876325 | BB94: 1 | BH94: a_087 | BI94: 8.9009434 | BJ94: 12.332091 | BL94: 9.3920059 | BM94: 26.020638 | BP94: 18.717394
B95: c_088 | C95: 0.20279823 | D95: 0.33264978 | E95: 0.030838041 | F95: 1.0963968 | G95: 94.431806 | H95: 2.1857107 | I95: 92.74575 | L95: a_088 | M95: 19.96012 | N95: 16.484667 | P95: 27.994354 | Q95: 8.1728957 | R95: 1.1879946 | T95: 26.199969 | X95: 100 | Z95: a_088 | AA95: 0.1749879 | AB95: 0.39747772 | AD95: 0.48074099 | AE95: 0.094296217 | AF95: 0.06783782 | AH95: 0.15998365 | AL95: 0.20287869 | AN95: a_088 | AO95: 20.025176 | AP95: 79.974824 | AQ95: 0.7 | AT95: a_088 | AU95: 0.66408648 | AV95: 0.79500149 | AX95: 0.59161241 | AY95: 0.43068654 | AZ95: 0.51248461 | BB95: 1 | BH95: a_088 | BI95: 16.748366 | BJ95: 24.277207 | BL95: 10.638436 | BM95: 26.527498 | BN95: 217.15874 | BP95: 19.213663
B96: c_089 | C96: 0.22651204 | D96: 0.51508202 | E96: 0.023704712 | F96: 0.60536977 | G96: 33.805314 | H96: 0.75079566 | I96: 38.204444 | L96: a_089 | M96: 7.9508903 | N96: 9.2605331 | O96: 3.9908792 | P96: 25.082976 | Q96: 17.159965 | T96: 36.554756 | X96: 100 | Z96: a_089 | AA96: 0.079817739 | AB96: 0.25568626 | AC96: 0.68994471 | AD96: 0.4932403 | AE96: 0.22671147 | AH96: 0.25559804 | AL96: 0.23231391 | AN96: a_089 | AO96: 14.335805 | AP96: 85.664195 | AQ96: 0.7 | AT96: a_089 | AU96: 0.71181816 | AV96: 0.90773795 | AW96: 1.0630583 | AX96: 0.67355688 | AY96: 0.86482374 | BB96: 1 | BH96: a_089 | BI96: 62.481063 | BJ96: 68.410003 | BK96: 185.90181 | BL96: 18.740895 | BM96: 35.172749 | BP96: 19.091991
B97: c_090 | C97: 0.31353971 | D97: 0.72843417 | E97: 0.14839689 | F97: 1.8789684 | G97: 74.188961 | H97: 1.3937518 | I97: 65.822418 | L97: a_090 | M97: 20.111234 | N97: 5.0037291 | O97: 0.10106513 | P97: 23.719395 | Q97: 19.949446 | R97: 2.5676418 | T97: 28.547488 | X97: 100 | Z97: a_090 | AA97: 0.27282156 | AB97: 0.18669019 | AC97: 0.0236104 | AD97: 0.63028854 | AE97: 0.35615926 | AF97: 0.22687515 | AH97: 0.26973532 | AL97: 0.31392905 | AN97: a_090 | AO97: 14.035457 | AP97: 85.964543 | AQ97: 0.7 | AT97: a_090 | AU97: 0.24926705 | AV97: 0.19844916 | AW97: 0.10111389 | AX97: 0.1693267 | AY97: 0.17244814 | AZ97: 0.27769567 | BB97: 1 | BH97: a_090 | BI97: 8.8407517 | BJ97: 28.28906 | BK97: 713.62908 | BL97: 5.0919585 | BM97: 6.1658182 | BN97: 77.14321 | BP97: 24.985908
B98: c_091 | C98: 0.040272476 | D98: 0.067870773 | E98: 0.025350132 | F98: 0.095177741 | G98: 40.899518 | H98: 0.15991282 | I98: 52.915835 | L98: a_091 | M98: 34.150006 | N98: 5.7711142 | O98: 2.738546 | P98: 24.018418 | Q98: 17.542468 | R98: 0.29807418 | T98: 15.481374 | X98: 100 | Z98: a_091 | AA98: 0.059576267 | AB98: 0.027690444 | AC98: 0.082274376 | AD98: 0.082077236 | AE98: 0.040276027 | AF98: 0.0033870328 | AH98: 0.018811437 | AL98: 0.040371422 | AN98: a_091 | AO98: 19.39123 | AP98: 80.60877 | AQ98: 0.7 | AT98: a_091 | AU98: 0.226103 | AV98: 0.1109689 | AW98: 0.17151058 | AX98: 0.1561196 | AY98: 0.15177027 | AZ98: 0.045252121 | BB98: 1 | BH98: a_091 | BI98: 3.4243288 | BJ98: 9.9449257 | BK98: 32.39148 | BL98: 3.3618084 | BM98: 4.4746177 | BN98: 78.518954 | BP98: 33.407995
B99: c_092 | C99: 0.18856372 | D99: 0.3279893 | E99: 0.042071082 | F99: 0.47491362 | G99: 41.850443 | H99: 0.46238158 | I99: 40.814247 | L99: a_092 | M99: 27.95962 | N99: 12.907938 | P99: 16.273018 | Q99: 7.4916312 | T99: 35.367793 | X99: 100 | Z99: a_092 | AA99: 0.22699615 | AB99: 0.28822512 | AD99: 0.25879218 | AE99: 0.080045523 | AH99: 0.19999776 | AL99: 0.18787923 | AN99: a_092 | AO99: 18.772372 | AP99: 81.227628 | AQ99: 0.7 | AT99: a_092 | AU99: 0.53079723 | AV99: 0.3822613 | AX99: 0.30598732 | AY99: 0.21663641 | BB99: 1 | BH99: a_092 | BI99: 10.136588 | BJ99: 15.812403 | BL99: 10.039908 | BM99: 15.440077 | BP99: 15.096854
B100: c_093 | C100: 0.047084393 | D100: 0.078728239 | E100: 0.023367833 | F100: 0.25948427 | G100: 94.779251 | H100: 1.1147344 | I100: 94.824731 | L100: a_093 | M100: 12.022091 | P100: 16.785554 | Q100: 31.891404 | T100: 39.300951 | X100: 100 | Z100: a_093 | AA100: 0.024931374 | AD100: 0.068186392 | AE100: 0.087038875 | AH100: 0.056767428 | AL100: 0.047990773 | AN100: a_093 | AO100: 19.619689 | AP100: 80.380311 | AQ100: 0.7 | AT100: a_093 | AU100: 0.087637436 | AX100: 0.095578054 | AY100: 0.41327507 | BB100: 1 | BH100: a_093 | BI100: 3.7409036 | BL100: 2.9220616 | BM100: 6.6501653 | BP100: 13.057613
B101: c_094 | C101: 0.17054671 | D101: 0.30383097 | E101: 0.040970325 | F101: 0.89067899 | G101: 84.862447 | H101: 2.7622029 | I101: 90.336178 | L101: a_094 | M101: 26.911956 | N101: 5.0769365 | P101: 20.748221 | Q101: 5.882993 | T101: 41.379893 | X101: 100 | Z101: a_094 | AA101: 0.19733901 | AB101: 0.10238991 | AD101: 0.29801929 | AE101: 0.056772687 | AH101: 0.21134258 | AL101: 0.16969116 | AN101: a_094 | AO101: 18.366869 | AP101: 81.633131 | AQ101: 0.7 | AT101: a_094 | AU101: 0.34857825 | AV101: 0.26068958 | AX101: 0.33142229 | AY101: 0.20596214 | BB101: 1 | BH101: a_094 | BI101: 7.0849775 | BJ101: 28.087003 | BL101: 8.7374421 | BM101: 19.150165 | BP101: 13.218863
B102: c_095 | C102: 0.13881745 | D102: 0.22750919 | E102: 0.062023504 | F102: 0.74985871 | G102: 94.861862 | H102: 3.7627239 | I102: 94.912272 | L102: a_095 | M102: 34.755338 | N102: 5.2676419 | P102: 22.193935 | Q102: 5.9572858 | R102: 1.1256894 | T102: 30.70011 | X102: 100 | Z102: a_095 | AA102: 0.20976954 | AB102: 0.087442966 | AD102: 0.26239227 | AE102: 0.047319786 | AF102: 0.044253947 | AH102: 0.12905974 | AL102: 0.139673 | AN102: a_095 | AO102: 19.98404 | AP102: 80.01596 | AQ102: 0.7 | AT102: a_095 | AU102: 0.25284285 | AV102: 0.14209858 | AX102: 0.16299732 | AY102: 0.17689964 | AZ102: 0.16886258 | BB102: 1 | BH102: a_095 | BI102: 3.6591605 | BJ102: 13.568311 | BL102: 3.6940133 | BM102: 14.93588 | BN102: 75.451372 | BP102: 16.383714
B103: c_096 | C103: 0.12739991 | D103: 0.39067685 | E103: 0.03859691 | F103: 0.018553073 | G103: 1.3861645 | H103: 1.3637266 | I103: 50.207462 | L103: a_096 | M103: 5.3601426 | N103: 2.6175936 | P103: 9.728848 | Q103: 2.4476072 | T103: 79.845809 | X103: 100 | Z103: a_096 | AA103: 0.02950896 | AB103: 0.039633965 | AD103: 0.10491433 | AE103: 0.017733429 | AH103: 0.30616789 | AL103: 0.12739991 | AN103: a_096 | AO103: 10.820529 | AP103: 89.179471 | AQ103: 0.7 | AT103: a_096 | AU103: 0.12721912 | AV103: 0.1097035 | AX103: 0.073442096 | AY103: 0.061929335 | BB103: 1 | BH103: a_096 | BI103: 22.337502 | BJ103: 39.443626 | BL103: 7.1046421 | BM103: 23.812954 | BP103: 11.787086
B104: c_097 | C104: 0.60634268 | D104: 1.0494058 | E104: 0.1351738 | F104: 0.61171213 | G104: 17.230612 | H104: 1.0756675 | I104: 26.540097 | L104: a_097 | M104: 11.281887 | N104: 2.7253368 | O104: 2.6023007 | P104: 32.646035 | Q104: 4.5876368 | R104: 6.5052638 | T104: 39.65154 | X104: 100 | Z104: a_097 | AA104: 0.29337374 | AB104: 0.19491596 | AC104: 1.1653571 | AD104: 1.6628985 | AE104: 0.15700083 | AF104: 1.1018359 | AH104: 0.7181737 | AL104: 0.60177068 | AN104: a_097 | AO104: 18.851061 | AP104: 81.148939 | AQ104: 0.7 | AT104: a_097 | AU104: 0.33923766 | AV104: 0.27415624 | AW104: 1.5057736 | AX104: 0.34307192 | AY104: 0.1281016 | AZ104: 62.637694 | BB104: 1 | BH104: a_097 | BI104: 15.976917 | BJ104: 53.450114 | BK104: 307.44885 | BL104: 5.5837428 | BM104: 14.836663 | BN104: 5116.1295 | BP104: 13.40018
B105: c_098 | C105: 0.10528175 | D105: 0.17588031 | E105: 0.080956041 | F105: 0.46345718 | G105: 76.802816 | H105: 0.35269678 | I105: 69.293237 | L105: a_098 | M105: 23.726177 | N105: 7.4373206 | O105: 1.2104243 | P105: 8.2410667 | Q105: 12.510378 | R105: 2.8929146 | T105: 43.981719 | X105: 100 | Z105: a_098 | AA105: 0.10794171 | AB105: 0.093060584 | AC105: 0.094833377 | AD105: 0.073441373 | AE105: 0.074904065 | AF105: 0.085725433 | AH105: 0.1393682 | AL105: 0.10528175 | AN105: a_098 | AO105: 19.544893 | AP105: 80.455107 | AQ105: 0.7 | AT105: a_098 | AU105: 0.11599229 | AV105: 0.077955571 | AW105: 0.088872727 | AX105: 0.090929226 | AY105: 0.076672144 | AZ105: 0.078901148 | BB105: 1 | BH105: a_098 | BI105: 2.5065449 | BJ105: 5.3740883 | BK105: 37.644802 | BL105: 5.6571046 | BM105: 3.1422543 | BN105: 13.983692 | BP105: 11.657407
B106: c_099 | C106: 0.43264549 | D106: 0.73265381 | E106: 0.063084663 | F106: 0.38765695 | G106: 15.233014 | H106: 0.21376426 | I106: 9.583518 | L106: a_099 | M106: 19.12157 | N106: 2.6950752 | O106: 0.1172679 | P106: 24.739979 | Q106: 13.079148 | R106: 0.57415766 | T106: 39.672803 | X106: 100 | Z106: a_099 | AA106: 0.36115769 | AB106: 0.14000126 | AC106: 0.038142971 | AD106: 0.91531057 | AE106: 0.32510692 | AF106: 0.070634526 | AH106: 0.52191066 | AL106: 0.43708396 | AN106: a_099 | AO106: 19.298977 | AP106: 80.701023 | AQ106: 0.7 | AT106: a_099 | AU106: 0.64659221 | AV106: 0.76309292 | AW106: 0.089732998 | AX106: 0.43569517 | AY106: 0.60961417 | AZ106: 0.44101131 | BB106: 1 | BH106: a_099 | BI106: 17.571036 | BJ106: 147.12856 | BK106: 397.61566 | BL106: 9.151112 | BM106: 24.219549 | BN106: 399.12506 | BP106: 13.097776
...

Sheet Raw_Codes_Labels
B3: sims range, Used to get titles of tables. Linked to 2sim.xlsx. The 4th column is used to ensure that only sim titles of active sims are used
R5: Activity | U5: Commodity
R6: Aggr Label | U6: Aggr Label
C7: =[1]Main!C7 -> active | H7: Macro labels | I7: Macro Descriptions | N7: Pvt SAV | Q7: sGDP | R7: Tot Act
B8: =[1]Main!B8 -> base | C8: =[1]Main!C8 -> 0 | D8: =[1]Main!D8 -> base | E8: =C8+1 -> 1 | H8: ABSORP | I8: Absorption | N8: Ent SAV | Q8: sAGR | R8: {=_xlfn.XLOOKUP(Q8:Q18,Notes!D16:D193,Notes!E16:E193)} -> Agriculture | T8: xAGR | U8: Agriculture
B9: =[1]Main!B9 -> sim1 | C9: =[1]Main!C9 -> 1 | D9: =[1]Main!D9 -> tm +10% | E9: =E8+C9 -> 2 | H9: PRVCON | I9: Consumption | N9: HRP SAV | Q9: sMIN | R9: Mining | T9: xMIN | U9: Mining
B10: =[1]Main!B10 -> sim2 | C10: =[1]Main!C10 -> 1 | D10: =[1]Main!D10 -> tq manf 10% | E10: =E9+C10 -> 3 | H10: FIXINV | I10: Investment | N10: HRN SAV | Q10: sMND | R10: Non-Dur Manf | T10: xMND | U10: Manf non-Dur
B11: =[1]Main!B11 -> sim3 | C11: =[1]Main!C11 -> 1 | D11: =[1]Main!D11 -> pwm cr_oil&gas +10% | E11: =E10+C11 -> 4 | H11: DSTOCK | I11: Stocks | N11: HUP SAV | Q11: sMDU | R11: Durble Manf | T11: xMDU | U11: Manf Dur
B12: =[1]Main!B12 -> sim4 | C12: =[1]Main!C12 -> 0 | D12: =[1]Main!D12 -> 0 | E12: =E11+C12 -> 4 | H12: GOVCON | I12: Government | N12: HUN SAV | Q12: sELN | R12: N-Renw ElecGen | T12: xELP | U12: All Electr
B13: =[1]Main!B13 -> sim5 | C13: =[1]Main!C13 -> 0 | D13: =[1]Main!D13 -> 0 | E13: =E12+C13 -> 4 | H13: EXPORTS | I13: Exports | N13: Gov SAV | Q13: sELR | R13: Renwbl ElecGen | T13: xETD | U13: Elctr TrDistr
B14: =[1]Main!B14 -> sim6 | C14: =[1]Main!C14 -> 0 | D14: =[1]Main!D14 -> 0 | E14: =E13+C14 -> 4 | H14: IMPORTS | I14: Imports | N14: For SAV | Q14: sETD | R14: Elec TrsmDistr | T14: xTRD | U14: Trade+Acco
B15: =[1]Main!B15 -> sim7 | C15: =[1]Main!C15 -> 0 | D15: =[1]Main!D15 -> 0 | E15: =E14+C15 -> 4 | H15: GDPMP | I15: GDP at market prices | N15: Tot SAV | Q15: sTRD | R15: Trade | T15: xTRP | U15: Transp
B16: =[1]Main!B16 -> sim8 | C16: =[1]Main!C16 -> 0 | D16: =[1]Main!D16 -> 0 | E16: =E15+C16 -> 4 | H16: GDPMP2 | N16: GFC INV | Q16: sTRP | R16: Transp | T16: xPSV | U16: Oth Priv Srv
B17: =[1]Main!B17 -> sim9 | C17: =[1]Main!C17 -> 0 | D17: =[1]Main!D17 -> 0 | E17: =E16+C17 -> 4 | H17: NETITAX | I17: Indirect taxes | N17: DST INV | Q17: sPSV | R17: Priv Srv | T17: xGSV | U17: Publ Srv
H18: GDPFC2 | I18: GDP at factor cost | N18: Tot INV | Q18: sGSV | R18: Publ Srv
H20: QABSTOT | I20: Absorption | J20: Quantity
H21: QHTOT | I21: Consumption | J21: Quantity
H22: QINVTOT | I22: Investment | J22: Quantity
H23: QGTOT | I23: Government | J23: Quantity
H24: QETOT | I24: Exports | J24: Quantity
H25: QMTOT | I25: Imports | J25: Quantity
H26: REXR | I26: Real exchange rate | J26: Prices
H27: NEXR | I27: Nominal exchange rate | J27: Prices
H28: PWEIND | I28: World export prices | J28: Prices
H29: PWMIND | I29: World import prices | J29: Prices
H30: PWIND | I30: World price index | J30: Prices
H31: PDIND | I31: Domestic price index | J31: Prices
... H40: DIRTAXGDP | I40: Direct taxes / GDP | J40: Shares
H42: All households | I42: hhd
H43: Enterprises | I43: ent

Sheet Raw_GDPTAB
B1: GDPTAB1
B5: Demand-side GDP table | F5: Change from base (%)
E6: Initial value or share | F6: =IFERROR(VLOOKUP(F7,sims,3,),"") -> tm +10% | G6: =IFERROR(VLOOKUP(G7,sims,3,),"") -> tq manf 10% | H6: =IFERROR(VLOOKUP(H7,sims,3,),"") -> pwm cr_oil&gas +10% | I6: =IFERROR(VLOOKUP(I7,sims,3,),"") | J6: =IFERROR(VLOOKUP(J7,sims,3,),"") | K6: =IFERROR(VLOOKUP(K7,sims,3,),"") | L6: =IFERROR(VLOOKUP(L7,sims,3,),"") | M6: =IFERROR(VLOOKUP(M7,sims,3,),"") | N6: =IFERROR(VLOOKUP(N7,sims,3,),"")
E7: base | F7: sim1 | G7: sim2 | H7: sim3
A8: Nominal | B8: Absorption | C8: NOMINAL | D8: ABSORP | E8: 7452.605 | F8: -0.033445736 | G8: -0.29600631 | H8: -0.1774626
B9: Consumption | C9: NOMINAL | D9: PRVCON | E9: 4264.0024 | F9: -0.033445736 | G9: -0.29600631 | H9: -0.1774626
B10: Investment | C10: NOMINAL | D10: FIXINV | E10: 2332.7465 | F10: -0.034215413 | G10: -0.30360999 | H10: -0.20298392
B11: Stocks | C11: NOMINAL | D11: DSTOCK | E11: 117.72046 | F11: -0.01819382 | G11: -0.1453319 | H11: 0.32826755
B12: Government | C12: NOMINAL | D12: GOVCON | E12: 738.13562 | F12: -0.033445736 | G12: -0.29600631 | H12: -0.1774626
B13: Exports | C13: NOMINAL | D13: EXPORTS | E13: 6479.251 | F13: -0.11093083 | G13: -0.54457288 | H13: 0.23975055
B14: Imports | C14: NOMINAL | D14: IMPORTS | E14: -6185.7617 | F14: -0.11597245 | G14: -0.56110492 | H14: 0.24762864
B15: GDP at market prices | C15: NOMINAL | D15: GDPMP | E15: 7746.0942 | F15: -0.032355485 | G15: -0.29222225 | H15: -0.16794612
C16: NOMINAL | D16: GDPMP2 | E16: 7746.0942 | F16: -0.032355485 | G16: -0.29222225 | H16: -0.16794612
B17: Indirect taxes | C17: NOMINAL | D17: NETITAX | E17: 787.92 | F17: 0.64388709 | G17: 4.9232417 | H17: 0.14742921
B18: GDP at factor cost | C18: NOMINAL | D18: GDPFC2 | E18: 6958.1742 | F18: -0.1089309 | G18: -0.88280367 | H18: -0.20365815
A19: Real | B19: Absorption | C19: REAL | D19: ABSORP | E19: 7452.605 | F19: -0.030246974 | G19: -0.2520711 | H19: -0.17237735
B20: Consumption | C20: REAL | D20: PRVCON | E20: 4264.0024 | F20: -0.026203367 | G20: -0.22914977 | H20: -0.16625299
B21: Investment | C21: REAL | D21: FIXINV | E21: 2332.7465 | F21: -0.057488426 | G21: -0.45173317 | H21: -0.22616059
B22: Stocks | C22: REAL | D22: DSTOCK | E22: 117.72046
B23: Government | C23: REAL | D23: GOVCON | E23: 738.13562 | F23: 0.027662122 | G23: 0.20631417 | H23: -0.065275037
B24: Exports | C24: REAL | D24: EXPORTS | E24: 6479.251 | F24: -0.10626517 | G24: -0.34912444 | H24: 0.16592126
B25: Imports | C25: REAL | D25: IMPORTS | E25: -6185.7617 | F25: -0.11130702 | G25: -0.36568897 | H25: 0.038904217
B26: GDP at market prices | C26: REAL | D26: GDPMP | E26: 7746.0942 | F26: -0.029100956 | G26: -0.24252046 | H26: -0.058128271
B27: Indirect taxes | C27: REAL | D27: NETITAX | E27: 787.92 | F27: -0.049434932 | G27: -0.45160122 | H27: -0.15924421
B28: GDP at factor cost | C28: REAL | D28: GDPFC2 | E28: 6958.1742 | F28: -0.026770928 | G28: -0.21876754 | H28: -0.044432503
A29: Nominal | B29: Absorption | C29: NOMSHARE | D29: ABSORP | E29: 96.211133 | F29: -0.0010906037 | G29: -0.0037951499 | H29: -0.0095324916
A30: share | B30: Consumption | C30: NOMSHARE | D30: PRVCON | E30: 55.047128 | F30: -0.0010906037 | G30: -0.0037951499 | H30: -0.0095324916
B31: Investment | C31: NOMSHARE | D31: FIXINV | E31: 30.115132 | F31: -0.0018605302 | G31: -0.011421116 | H31: -0.035096752
B32: Stocks | C32: NOMSHARE | D32: DSTOCK | E32: 1.5197396 | F32: 0.014166248 | G32: 0.14732085 | H32: 0.49704844
B33: Government | C33: NOMSHARE | D33: GOVCON | E33: 9.5291329 | F33: -0.0010906036 | G33: -0.0037951499 | H33: -0.0095324916
B34: Exports | C34: NOMSHARE | D34: EXPORTS | E34: 83.645393 | F34: -0.078600778 | G34: -0.25309022 | H34: 0.40838253
B35: Imports | C35: NOMSHARE | D35: IMPORTS | E35: -79.856526 | F35: -0.083644024 | G35: -0.26967072 | H35: 0.41627387
B36: GDP at market prices | C36: NOMSHARE | D36: GDPMP | E36: 100
C37: NOMSHARE | D37: GDPMP2 | E37: 100 | F37: 2.264855e-12 | G37: -6.2172489e-13 | H37: -5.6621374e-13
B38: Indirect taxes | C38: NOMSHARE | D38: NETITAX | E38: 10.171836 | F38: 0.67646145 | G38: 5.2307494 | H38: 0.31590588
B39: GDP at factor cost | C39: NOMSHARE | D39: GDPFC2 | E39: 89.828164 | F39: -0.076600196 | G39: -0.59231229 | H39: -0.035772108
B40: Absorption | C40: REALSHARE | D40: ABSORP | E40: 96.211133 | F40: -0.0011463512 | G40: -0.0095738575 | H40: -0.11431553
A41: Real | B41: Consumption | C41: REALSHARE | D41: PRVCON | E41: 55.047128 | F41: 0.0028984328 | G41: 0.013403192 | H41: -0.10818761
A42: share | B42: Investment | C42: REALSHARE | D42: FIXINV | E42: 30.115132 | F42: -0.028395734 | G42: -0.20972133 | H42: -0.16813005
B43: Stocks | C43: REALSHARE | D43: DSTOCK | E43: 1.5197396 | F43: 0.029109427 | G43: 0.24311005 | H43: 0.058162079
B44: Government | C44: REALSHARE | D44: GOVCON | E44: 9.5291329 | F44: 0.056779602 | G44: 0.4499258 | H44: -0.0071509229
B45: Exports | C45: REALSHARE | D45: EXPORTS | E45: 83.645393 | F45: -0.077186678 | G45: -0.10686314 | H45: 0.22417984
B46: Imports | C46: REALSHARE | D46: IMPORTS | E46: -79.856526 | F46: -0.082229995 | G46: -0.12346795 | H46: 0.097088924
B47: GDP at market prices | C47: REALSHARE | D47: GDPMP | E47: 100
C48: REALSHARE | D48: NETITAX | E48: 10.171836 | F48: -0.020339896 | G48: -0.20958906 | H48: -0.10117475
B49: Indirect taxes | C49: REALSHARE | D49: GDPFC2 | E49: 89.828164 | F49: 0.0023307061 | G49: 0.023810664 | H49: 0.013703734
B50: GDP at factor cost | C50: DEFLATOR | D50: ABSORP | E50: 100 | F50: -0.0031997298 | G50: -0.044046235 | H50: -0.0050940265
B51: Absorption | C51: DEFLATOR | D51: PRVCON | E51: 100 | F51: -0.0072442671 | G51: -0.067010085 | H51: -0.011228274
A52: Deflator | B52: Consumption | C52: DEFLATOR | D52: FIXINV | E52: 100 | F52: 0.0232864 | G52: 0.14879534 | H52: 0.023229202
B53: Investment | C53: DEFLATOR | D53: DSTOCK | E53: 100 | F53: -0.01819382 | G53: -0.1453319 | H53: 0.32826755
B54: Stocks | C54: DEFLATOR | D54: GOVCON | E54: 100 | F54: -0.061090959 | G54: -0.50128626 | H54: -0.11226084
B55: Government | C55: DEFLATOR | D55: EXPORTS | E55: 100 | F55: -0.0046706225 | G55: -0.19613319 | H55: 0.073706998
B56: Exports | C56: DEFLATOR | D56: IMPORTS | E56: 100 | F56: -0.0046706225 | G56: -0.19613319 | H56: 0.20864325
B57: Imports | C57: DEFLATOR | D57: GDPMP | E57: 100 | F57: -0.0032554761 | G57: -0.049822616 | H57: -0.10988172
B58: GDP at market prices | C58: DEFLATOR | D58: NETITAX | E58: 100 | F58: 0.69366494 | G58: 5.3992259 | H58: 0.30716256
C59: DEFLATOR | D59: GDPFC2 | E59: 100 | F59: -0.082181969 | G59: -0.66549201 | H59: -0.15929642
B60: Indirect taxes
B61: GDP at factor cost

Sheet GDPTAB
A1: GDP at market prices: Demand-side expenditures
D2: =IF(ISBLANK(Raw_GDPTAB!E7),"",Raw_GDPTAB!E7) -> base | E2: =IF(ISBLANK(Raw_GDPTAB!F7),"",Raw_GDPTAB!F7) -> sim1 | F2: =IF(ISBLANK(Raw_GDPTAB!G7),"",Raw_GDPTAB!G7) -> sim2 | G2: =IF(ISBLANK(Raw_GDPTAB!H7),"",Raw_GDPTAB!H7) -> sim3 | H2: =IF(ISBLANK(Raw_GDPTAB!I7),"",Raw_GDPTAB!I7) | I2: =IF(ISBLANK(Raw_GDPTAB!J7),"",Raw_GDPTAB!J7) | J2: =IF(ISBLANK(Raw_GDPTAB!K7),"",Raw_GDPTAB!K7) | K2: =IF(ISBLANK(Raw_GDPTAB!L7),"",Raw_GDPTAB!L7) | ... M2: =IF(ISBLANK(Raw_GDPTAB!N7),"",Raw_GDPTAB!N7)
D3: =IFERROR(VLOOKUP(D2,sims,4,0),"") -> 1 | E3: =IFERROR(VLOOKUP(E2,sims,4,0),"") -> 2 | F3: =IFERROR(VLOOKUP(F2,sims,4,0),"") -> 3 | G3: =IFERROR(VLOOKUP(G2,sims,4,0),"") -> 4 | H3: =IFERROR(VLOOKUP(H2,sims,4,0),"") | I3: =IFERROR(VLOOKUP(I2,sims,4,0),"") | J3: =IFERROR(VLOOKUP(J2,sims,4,0),"") | K3: =IFERROR(VLOOKUP(K2,sims,4,0),"") | ... M3: =IFERROR(VLOOKUP(M2,sims,4,0),"")
A4: Return to Cover
C7: Demand-side GDP table | E7: Change from base (%)
D8: Initial value or share | E8: =IFERROR(VLOOKUP(E2,sims,3,),"") -> tm +10% | F8: =IFERROR(VLOOKUP(F2,sims,3,),"") -> tq manf 10% | G8: =IFERROR(VLOOKUP(G2,sims,3,),"") -> pwm cr_oil&gas +10% | H8: =IFERROR(VLOOKUP(H2,sims,3,),"") | I8: =IFERROR(VLOOKUP(I2,sims,3,),"") | J8: =IFERROR(VLOOKUP(J2,sims,3,),"") | K8: =IFERROR(VLOOKUP(K2,sims,3,),"") | L8: =IFERROR(VLOOKUP(L2,sims,3,),"") | M8: =IFERROR(VLOOKUP(M2,sims,3,),"")
B9: Nominal | C9: Absorption | D9: =IF(D$2="","",Raw_GDPTAB!E8) -> 7452.605 | E9: =IF(E$2="","",Raw_GDPTAB!F8) -> -0.033445736 | F9: =IF(F$2="","",Raw_GDPTAB!G8) -> -0.29600631 | G9: =IF(G$2="","",Raw_GDPTAB!H8) -> -0.1774626 | H9: =IF(H$2="","",Raw_GDPTAB!I8) | I9: =IF(I$2="","",Raw_GDPTAB!J8) | J9: =IF(J$2="","",Raw_GDPTAB!K8) | K9: =IF(K$2="","",Raw_GDPTAB!L8) | ... M9: =IF(M$2="","",Raw_GDPTAB!N8)
C10: Consumption | D10: =IF(D$2="","",Raw_GDPTAB!E9) -> 4264.0024 | E10: =IF(E$2="","",Raw_GDPTAB!F9) -> -0.033445736 | F10: =IF(F$2="","",Raw_GDPTAB!G9) -> -0.29600631 | G10: =IF(G$2="","",Raw_GDPTAB!H9) -> -0.1774626 | H10: =IF(H$2="","",Raw_GDPTAB!I9) | I10: =IF(I$2="","",Raw_GDPTAB!J9) | J10: =IF(J$2="","",Raw_GDPTAB!K9) | K10: =IF(K$2="","",Raw_GDPTAB!L9) | ... M10: =IF(M$2="","",Raw_GDPTAB!N9)
C11: Investment | D11: =IF(D$2="","",Raw_GDPTAB!E10) -> 2332.7465 | E11: =IF(E$2="","",Raw_GDPTAB!F10) -> -0.034215413 | F11: =IF(F$2="","",Raw_GDPTAB!G10) -> -0.30360999 | G11: =IF(G$2="","",Raw_GDPTAB!H10) -> -0.20298392 | H11: =IF(H$2="","",Raw_GDPTAB!I10) | I11: =IF(I$2="","",Raw_GDPTAB!J10) | J11: =IF(J$2="","",Raw_GDPTAB!K10) | K11: =IF(K$2="","",Raw_GDPTAB!L10) | ... M11: =IF(M$2="","",Raw_GDPTAB!N10)
C12: Stocks | D12: =IF(D$2="","",Raw_GDPTAB!E11) -> 117.72046 | E12: =IF(E$2="","",Raw_GDPTAB!F11) -> -0.01819382 | F12: =IF(F$2="","",Raw_GDPTAB!G11) -> -0.1453319 | G12: =IF(G$2="","",Raw_GDPTAB!H11) -> 0.32826755 | H12: =IF(H$2="","",Raw_GDPTAB!I11) | I12: =IF(I$2="","",Raw_GDPTAB!J11) | J12: =IF(J$2="","",Raw_GDPTAB!K11) | K12: =IF(K$2="","",Raw_GDPTAB!L11) | ... M12: =IF(M$2="","",Raw_GDPTAB!N11)
C13: Government | D13: =IF(D$2="","",Raw_GDPTAB!E12) -> 738.13562 | E13: =IF(E$2="","",Raw_GDPTAB!F12) -> -0.033445736 | F13: =IF(F$2="","",Raw_GDPTAB!G12) -> -0.29600631 | G13: =IF(G$2="","",Raw_GDPTAB!H12) -> -0.1774626 | H13: =IF(H$2="","",Raw_GDPTAB!I12) | I13: =IF(I$2="","",Raw_GDPTAB!J12) | J13: =IF(J$2="","",Raw_GDPTAB!K12) | K13: =IF(K$2="","",Raw_GDPTAB!L12) | ... M13: =IF(M$2="","",Raw_GDPTAB!N12)
C14: Exports | D14: =IF(D$2="","",Raw_GDPTAB!E13) -> 6479.251 | E14: =IF(E$2="","",Raw_GDPTAB!F13) -> -0.11093083 | F14: =IF(F$2="","",Raw_GDPTAB!G13) -> -0.54457288 | G14: =IF(G$2="","",Raw_GDPTAB!H13) -> 0.23975055 | H14: =IF(H$2="","",Raw_GDPTAB!I13) | I14: =IF(I$2="","",Raw_GDPTAB!J13) | J14: =IF(J$2="","",Raw_GDPTAB!K13) | K14: =IF(K$2="","",Raw_GDPTAB!L13) | ... M14: =IF(M$2="","",Raw_GDPTAB!N13)
C15: Imports | D15: =IF(D$2="","",Raw_GDPTAB!E14) -> -6185.7617 | E15: =IF(E$2="","",Raw_GDPTAB!F14) -> -0.11597245 | F15: =IF(F$2="","",Raw_GDPTAB!G14) -> -0.56110492 | G15: =IF(G$2="","",Raw_GDPTAB!H14) -> 0.24762864 | H15: =IF(H$2="","",Raw_GDPTAB!I14) | I15: =IF(I$2="","",Raw_GDPTAB!J14) | J15: =IF(J$2="","",Raw_GDPTAB!K14) | K15: =IF(K$2="","",Raw_GDPTAB!L14) | ... M15: =IF(M$2="","",Raw_GDPTAB!N14)
C16: GDP at market prices | D16: =IF(D$2="","",Raw_GDPTAB!E15) -> 7746.0942 | E16: =IF(E$2="","",Raw_GDPTAB!F15) -> -0.032355485 | F16: =IF(F$2="","",Raw_GDPTAB!G15) -> -0.29222225 | G16: =IF(G$2="","",Raw_GDPTAB!H15) -> -0.16794612 | H16: =IF(H$2="","",Raw_GDPTAB!I15) | I16: =IF(I$2="","",Raw_GDPTAB!J15) | J16: =IF(J$2="","",Raw_GDPTAB!K15) | K16: =IF(K$2="","",Raw_GDPTAB!L15) | ... M16: =IF(M$2="","",Raw_GDPTAB!N15)
C17: Indirect taxes | D17: =IF(D$2="","",Raw_GDPTAB!E17) -> 787.92 | E17: =IF(E$2="","",Raw_GDPTAB!F17) -> 0.64388709 | F17: =IF(F$2="","",Raw_GDPTAB!G17) -> 4.9232417 | G17: =IF(G$2="","",Raw_GDPTAB!H17) -> 0.14742921 | H17: =IF(H$2="","",Raw_GDPTAB!I17) | I17: =IF(I$2="","",Raw_GDPTAB!J17) | J17: =IF(J$2="","",Raw_GDPTAB!K17) | K17: =IF(K$2="","",Raw_GDPTAB!L17) | ... M17: =IF(M$2="","",Raw_GDPTAB!N17)
C18: GDP at factor cost | D18: =IF(D$2="","",Raw_GDPTAB!E18) -> 6958.1742 | E18: =IF(E$2="","",Raw_GDPTAB!F18) -> -0.1089309 | F18: =IF(F$2="","",Raw_GDPTAB!G18) -> -0.88280367 | G18: =IF(G$2="","",Raw_GDPTAB!H18) -> -0.20365815 | H18: =IF(H$2="","",Raw_GDPTAB!I18) | I18: =IF(I$2="","",Raw_GDPTAB!J18) | J18: =IF(J$2="","",Raw_GDPTAB!K18) | K18: =IF(K$2="","",Raw_GDPTAB!L18) | ... M18: =IF(M$2="","",Raw_GDPTAB!N18)
B19: Real | C19: Absorption | D19: =IF(D$2="","",Raw_GDPTAB!E19) -> 7452.605 | E19: =IF(E$2="","",Raw_GDPTAB!F19) -> -0.030246974 | F19: =IF(F$2="","",Raw_GDPTAB!G19) -> -0.2520711 | G19: =IF(G$2="","",Raw_GDPTAB!H19) -> -0.17237735 | H19: =IF(H$2="","",Raw_GDPTAB!I19) | I19: =IF(I$2="","",Raw_GDPTAB!J19) | J19: =IF(J$2="","",Raw_GDPTAB!K19) | K19: =IF(K$2="","",Raw_GDPTAB!L19) | ... M19: =IF(M$2="","",Raw_GDPTAB!N19)
C20: Consumption | D20: =IF(D$2="","",Raw_GDPTAB!E20) -> 4264.0024 | E20: =IF(E$2="","",Raw_GDPTAB!F20) -> -0.026203367 | F20: =IF(F$2="","",Raw_GDPTAB!G20) -> -0.22914977 | G20: =IF(G$2="","",Raw_GDPTAB!H20) -> -0.16625299 | H20: =IF(H$2="","",Raw_GDPTAB!I20) | I20: =IF(I$2="","",Raw_GDPTAB!J20) | J20: =IF(J$2="","",Raw_GDPTAB!K20) | K20: =IF(K$2="","",Raw_GDPTAB!L20) | ... M20: =IF(M$2="","",Raw_GDPTAB!N20)
C21: Investment | D21: =IF(D$2="","",Raw_GDPTAB!E21) -> 2332.7465 | E21: =IF(E$2="","",Raw_GDPTAB!F21) -> -0.057488426 | F21: =IF(F$2="","",Raw_GDPTAB!G21) -> -0.45173317 | G21: =IF(G$2="","",Raw_GDPTAB!H21) -> -0.22616059 | H21: =IF(H$2="","",Raw_GDPTAB!I21) | I21: =IF(I$2="","",Raw_GDPTAB!J21) | J21: =IF(J$2="","",Raw_GDPTAB!K21) | K21: =IF(K$2="","",Raw_GDPTAB!L21) | ... M21: =IF(M$2="","",Raw_GDPTAB!N21)
C22: Stocks | D22: =IF(D$2="","",Raw_GDPTAB!E22) -> 117.72046 | E22: =IF(E$2="","",Raw_GDPTAB!F22) -> 0 | F22: =IF(F$2="","",Raw_GDPTAB!G22) -> 0 | G22: =IF(G$2="","",Raw_GDPTAB!H22) -> 0 | H22: =IF(H$2="","",Raw_GDPTAB!I22) | I22: =IF(I$2="","",Raw_GDPTAB!J22) | J22: =IF(J$2="","",Raw_GDPTAB!K22) | K22: =IF(K$2="","",Raw_GDPTAB!L22) | ... M22: =IF(M$2="","",Raw_GDPTAB!N22)
C23: Government | D23: =IF(D$2="","",Raw_GDPTAB!E23) -> 738.13562 | E23: =IF(E$2="","",Raw_GDPTAB!F23) -> 0.027662122 | F23: =IF(F$2="","",Raw_GDPTAB!G23) -> 0.20631417 | G23: =IF(G$2="","",Raw_GDPTAB!H23) -> -0.065275037 | H23: =IF(H$2="","",Raw_GDPTAB!I23) | I23: =IF(I$2="","",Raw_GDPTAB!J23) | J23: =IF(J$2="","",Raw_GDPTAB!K23) | K23: =IF(K$2="","",Raw_GDPTAB!L23) | ... M23: =IF(M$2="","",Raw_GDPTAB!N23)
C24: Exports | D24: =IF(D$2="","",Raw_GDPTAB!E24) -> 6479.251 | E24: =IF(E$2="","",Raw_GDPTAB!F24) -> -0.10626517 | F24: =IF(F$2="","",Raw_GDPTAB!G24) -> -0.34912444 | G24: =IF(G$2="","",Raw_GDPTAB!H24) -> 0.16592126 | H24: =IF(H$2="","",Raw_GDPTAB!I24) | I24: =IF(I$2="","",Raw_GDPTAB!J24) | J24: =IF(J$2="","",Raw_GDPTAB!K24) | K24: =IF(K$2="","",Raw_GDPTAB!L24) | ... M24: =IF(M$2="","",Raw_GDPTAB!N24)
C25: Imports | D25: =IF(D$2="","",Raw_GDPTAB!E25) -> -6185.7617 | E25: =IF(E$2="","",Raw_GDPTAB!F25) -> -0.11130702 | F25: =IF(F$2="","",Raw_GDPTAB!G25) -> -0.36568897 | G25: =IF(G$2="","",Raw_GDPTAB!H25) -> 0.038904217 | H25: =IF(H$2="","",Raw_GDPTAB!I25) | I25: =IF(I$2="","",Raw_GDPTAB!J25) | J25: =IF(J$2="","",Raw_GDPTAB!K25) | K25: =IF(K$2="","",Raw_GDPTAB!L25) | ... M25: =IF(M$2="","",Raw_GDPTAB!N25)
C26: GDP at market prices | D26: =IF(D$2="","",Raw_GDPTAB!E26) -> 7746.0942 | E26: =IF(E$2="","",Raw_GDPTAB!F26) -> -0.029100956 | F26: =IF(F$2="","",Raw_GDPTAB!G26) -> -0.24252046 | G26: =IF(G$2="","",Raw_GDPTAB!H26) -> -0.058128271 | H26: =IF(H$2="","",Raw_GDPTAB!I26) | I26: =IF(I$2="","",Raw_GDPTAB!J26) | J26: =IF(J$2="","",Raw_GDPTAB!K26) | K26: =IF(K$2="","",Raw_GDPTAB!L26) | ... M26: =IF(M$2="","",Raw_GDPTAB!N26)
C27: Indirect taxes | D27: =IF(D$2="","",Raw_GDPTAB!E27) -> 787.92 | E27: =IF(E$2="","",Raw_GDPTAB!F27) -> -0.049434932 | F27: =IF(F$2="","",Raw_GDPTAB!G27) -> -0.45160122 | G27: =IF(G$2="","",Raw_GDPTAB!H27) -> -0.15924421 | H27: =IF(H$2="","",Raw_GDPTAB!I27) | I27: =IF(I$2="","",Raw_GDPTAB!J27) | J27: =IF(J$2="","",Raw_GDPTAB!K27) | K27: =IF(K$2="","",Raw_GDPTAB!L27) | ... M27: =IF(M$2="","",Raw_GDPTAB!N27)
C28: GDP at factor cost | D28: =IF(D$2="","",Raw_GDPTAB!E28) -> 6958.1742 | E28: =IF(E$2="","",Raw_GDPTAB!F28) -> -0.026770928 | F28: =IF(F$2="","",Raw_GDPTAB!G28) -> -0.21876754 | G28: =IF(G$2="","",Raw_GDPTAB!H28) -> -0.044432503 | H28: =IF(H$2="","",Raw_GDPTAB!I28) | I28: =IF(I$2="","",Raw_GDPTAB!J28) | J28: =IF(J$2="","",Raw_GDPTAB!K28) | K28: =IF(K$2="","",Raw_GDPTAB!L28) | ... M28: =IF(M$2="","",Raw_GDPTAB!N28)
B29: Nominal | C29: Absorption | D29: =IF(D$2="","",Raw_GDPTAB!E29) -> 96.211133 | E29: =IF(E$2="","",Raw_GDPTAB!F29) -> -0.0010906037 | F29: =IF(F$2="","",Raw_GDPTAB!G29) -> -0.0037951499 | G29: =IF(G$2="","",Raw_GDPTAB!H29) -> -0.0095324916 | H29: =IF(H$2="","",Raw_GDPTAB!I29) | I29: =IF(I$2="","",Raw_GDPTAB!J29) | J29: =IF(J$2="","",Raw_GDPTAB!K29) | K29: =IF(K$2="","",Raw_GDPTAB!L29) | ... M29: =IF(M$2="","",Raw_GDPTAB!N29)
B30: share | C30: Consumption | D30: =IF(D$2="","",Raw_GDPTAB!E30) -> 55.047128 | E30: =IF(E$2="","",Raw_GDPTAB!F30) -> -0.0010906037 | F30: =IF(F$2="","",Raw_GDPTAB!G30) -> -0.0037951499 | G30: =IF(G$2="","",Raw_GDPTAB!H30) -> -0.0095324916 | H30: =IF(H$2="","",Raw_GDPTAB!I30) | I30: =IF(I$2="","",Raw_GDPTAB!J30) | J30: =IF(J$2="","",Raw_GDPTAB!K30) | K30: =IF(K$2="","",Raw_GDPTAB!L30) | ... M30: =IF(M$2="","",Raw_GDPTAB!N30)
C31: Investment | D31: =IF(D$2="","",Raw_GDPTAB!E31) -> 30.115132 | E31: =IF(E$2="","",Raw_GDPTAB!F31) -> -0.0018605302 | F31: =IF(F$2="","",Raw_GDPTAB!G31) -> -0.011421116 | G31: =IF(G$2="","",Raw_GDPTAB!H31) -> -0.035096752 | H31: =IF(H$2="","",Raw_GDPTAB!I31) | I31: =IF(I$2="","",Raw_GDPTAB!J31) | J31: =IF(J$2="","",Raw_GDPTAB!K31) | K31: =IF(K$2="","",Raw_GDPTAB!L31) | ... M31: =IF(M$2="","",Raw_GDPTAB!N31)
C32: Stocks | D32: =IF(D$2="","",Raw_GDPTAB!E32) -> 1.5197396 | E32: =IF(E$2="","",Raw_GDPTAB!F32) -> 0.014166248 | F32: =IF(F$2="","",Raw_GDPTAB!G32) -> 0.14732085 | G32: =IF(G$2="","",Raw_GDPTAB!H32) -> 0.49704844 | H32: =IF(H$2="","",Raw_GDPTAB!I32) | I32: =IF(I$2="","",Raw_GDPTAB!J32) | J32: =IF(J$2="","",Raw_GDPTAB!K32) | K32: =IF(K$2="","",Raw_GDPTAB!L32) | ... M32: =IF(M$2="","",Raw_GDPTAB!N32)
C33: Government | D33: =IF(D$2="","",Raw_GDPTAB!E33) -> 9.5291329 | E33: =IF(E$2="","",Raw_GDPTAB!F33) -> -0.0010906036 | F33: =IF(F$2="","",Raw_GDPTAB!G33) -> -0.0037951499 | G33: =IF(G$2="","",Raw_GDPTAB!H33) -> -0.0095324916 | H33: =IF(H$2="","",Raw_GDPTAB!I33) | I33: =IF(I$2="","",Raw_GDPTAB!J33) | J33: =IF(J$2="","",Raw_GDPTAB!K33) | K33: =IF(K$2="","",Raw_GDPTAB!L33) | ... M33: =IF(M$2="","",Raw_GDPTAB!N33)
C34: Exports | D34: =IF(D$2="","",Raw_GDPTAB!E34) -> 83.645393 | E34: =IF(E$2="","",Raw_GDPTAB!F34) -> -0.078600778 | F34: =IF(F$2="","",Raw_GDPTAB!G34) -> -0.25309022 | G34: =IF(G$2="","",Raw_GDPTAB!H34) -> 0.40838253 | H34: =IF(H$2="","",Raw_GDPTAB!I34) | I34: =IF(I$2="","",Raw_GDPTAB!J34) | J34: =IF(J$2="","",Raw_GDPTAB!K34) | K34: =IF(K$2="","",Raw_GDPTAB!L34) | ... M34: =IF(M$2="","",Raw_GDPTAB!N34)
C35: Imports | D35: =IF(D$2="","",Raw_GDPTAB!E35) -> -79.856526 | E35: =IF(E$2="","",Raw_GDPTAB!F35) -> -0.083644024 | F35: =IF(F$2="","",Raw_GDPTAB!G35) -> -0.26967072 | G35: =IF(G$2="","",Raw_GDPTAB!H35) -> 0.41627387 | H35: =IF(H$2="","",Raw_GDPTAB!I35) | I35: =IF(I$2="","",Raw_GDPTAB!J35) | J35: =IF(J$2="","",Raw_GDPTAB!K35) | K35: =IF(K$2="","",Raw_GDPTAB!L35) | ... M35: =IF(M$2="","",Raw_GDPTAB!N35)
C36: GDP at market prices | D36: =IF(D$2="","",Raw_GDPTAB!E36) -> 100 | E36: =IF(E$2="","",Raw_GDPTAB!F36) -> 0 | F36: =IF(F$2="","",Raw_GDPTAB!G36) -> 0 | G36: =IF(G$2="","",Raw_GDPTAB!H36) -> 0 | H36: =IF(H$2="","",Raw_GDPTAB!I36) | I36: =IF(I$2="","",Raw_GDPTAB!J36) | J36: =IF(J$2="","",Raw_GDPTAB!K36) | K36: =IF(K$2="","",Raw_GDPTAB!L36) | ... M36: =IF(M$2="","",Raw_GDPTAB!N36)
C37: Indirect taxes | D37: =IF(D$2="","",Raw_GDPTAB!E38) -> 10.171836 | E37: =IF(E$2="","",Raw_GDPTAB!F38) -> 0.67646145 | F37: =IF(F$2="","",Raw_GDPTAB!G38) -> 5.2307494 | G37: =IF(G$2="","",Raw_GDPTAB!H38) -> 0.31590588 | H37: =IF(H$2="","",Raw_GDPTAB!I38) | I37: =IF(I$2="","",Raw_GDPTAB!J38) | J37: =IF(J$2="","",Raw_GDPTAB!K38) | K37: =IF(K$2="","",Raw_GDPTAB!L38) | ... M37: =IF(M$2="","",Raw_GDPTAB!N38)
C38: GDP at factor cost | D38: =IF(D$2="","",Raw_GDPTAB!E39) -> 89.828164 | E38: =IF(E$2="","",Raw_GDPTAB!F39) -> -0.076600196 | F38: =IF(F$2="","",Raw_GDPTAB!G39) -> -0.59231229 | G38: =IF(G$2="","",Raw_GDPTAB!H39) -> -0.035772108 | H38: =IF(H$2="","",Raw_GDPTAB!I39) | I38: =IF(I$2="","",Raw_GDPTAB!J39) | J38: =IF(J$2="","",Raw_GDPTAB!K39) | K38: =IF(K$2="","",Raw_GDPTAB!L39) | ... M38: =IF(M$2="","",Raw_GDPTAB!N39)
B39: Real | C39: Absorption | D39: =IF(D$2="","",Raw_GDPTAB!E40) -> 96.211133 | E39: =IF(E$2="","",Raw_GDPTAB!F40) -> -0.0011463512 | F39: =IF(F$2="","",Raw_GDPTAB!G40) -> -0.0095738575 | G39: =IF(G$2="","",Raw_GDPTAB!H40) -> -0.11431553 | H39: =IF(H$2="","",Raw_GDPTAB!I40) | I39: =IF(I$2="","",Raw_GDPTAB!J40) | J39: =IF(J$2="","",Raw_GDPTAB!K40) | K39: =IF(K$2="","",Raw_GDPTAB!L40) | ... M39: =IF(M$2="","",Raw_GDPTAB!N40)
B40: share | C40: Consumption | D40: =IF(D$2="","",Raw_GDPTAB!E41) -> 55.047128 | E40: =IF(E$2="","",Raw_GDPTAB!F41) -> 0.0028984328 | F40: =IF(F$2="","",Raw_GDPTAB!G41) -> 0.013403192 | G40: =IF(G$2="","",Raw_GDPTAB!H41) -> -0.10818761 | H40: =IF(H$2="","",Raw_GDPTAB!I41) | I40: =IF(I$2="","",Raw_GDPTAB!J41) | J40: =IF(J$2="","",Raw_GDPTAB!K41) | K40: =IF(K$2="","",Raw_GDPTAB!L41) | ... M40: =IF(M$2="","",Raw_GDPTAB!N41)
C41: Investment | D41: =IF(D$2="","",Raw_GDPTAB!E42) -> 30.115132 | E41: =IF(E$2="","",Raw_GDPTAB!F42) -> -0.028395734 | F41: =IF(F$2="","",Raw_GDPTAB!G42) -> -0.20972133 | G41: =IF(G$2="","",Raw_GDPTAB!H42) -> -0.16813005 | H41: =IF(H$2="","",Raw_GDPTAB!I42) | I41: =IF(I$2="","",Raw_GDPTAB!J42) | J41: =IF(J$2="","",Raw_GDPTAB!K42) | K41: =IF(K$2="","",Raw_GDPTAB!L42) | ... M41: =IF(M$2="","",Raw_GDPTAB!N42)
C42: Stocks | D42: =IF(D$2="","",Raw_GDPTAB!E43) -> 1.5197396 | E42: =IF(E$2="","",Raw_GDPTAB!F43) -> 0.029109427 | F42: =IF(F$2="","",Raw_GDPTAB!G43) -> 0.24311005 | G42: =IF(G$2="","",Raw_GDPTAB!H43) -> 0.058162079 | H42: =IF(H$2="","",Raw_GDPTAB!I43) | I42: =IF(I$2="","",Raw_GDPTAB!J43) | J42: =IF(J$2="","",Raw_GDPTAB!K43) | K42: =IF(K$2="","",Raw_GDPTAB!L43) | ... M42: =IF(M$2="","",Raw_GDPTAB!N43)
C43: Government | D43: =IF(D$2="","",Raw_GDPTAB!E44) -> 9.5291329 | E43: =IF(E$2="","",Raw_GDPTAB!F44) -> 0.056779602 | F43: =IF(F$2="","",Raw_GDPTAB!G44) -> 0.4499258 | G43: =IF(G$2="","",Raw_GDPTAB!H44) -> -0.0071509229 | H43: =IF(H$2="","",Raw_GDPTAB!I44) | I43: =IF(I$2="","",Raw_GDPTAB!J44) | J43: =IF(J$2="","",Raw_GDPTAB!K44) | K43: =IF(K$2="","",Raw_GDPTAB!L44) | ... M43: =IF(M$2="","",Raw_GDPTAB!N44)
C44: Exports | D44: =IF(D$2="","",Raw_GDPTAB!E45) -> 83.645393 | E44: =IF(E$2="","",Raw_GDPTAB!F45) -> -0.077186678 | F44: =IF(F$2="","",Raw_GDPTAB!G45) -> -0.10686314 | G44: =IF(G$2="","",Raw_GDPTAB!H45) -> 0.22417984 | H44: =IF(H$2="","",Raw_GDPTAB!I45) | I44: =IF(I$2="","",Raw_GDPTAB!J45) | J44: =IF(J$2="","",Raw_GDPTAB!K45) | K44: =IF(K$2="","",Raw_GDPTAB!L45) | ... M44: =IF(M$2="","",Raw_GDPTAB!N45)
C45: Imports | D45: =IF(D$2="","",Raw_GDPTAB!E46) -> -79.856526 | E45: =IF(E$2="","",Raw_GDPTAB!F46) -> -0.082229995 | F45: =IF(F$2="","",Raw_GDPTAB!G46) -> -0.12346795 | G45: =IF(G$2="","",Raw_GDPTAB!H46) -> 0.097088924 | H45: =IF(H$2="","",Raw_GDPTAB!I46) | I45: =IF(I$2="","",Raw_GDPTAB!J46) | J45: =IF(J$2="","",Raw_GDPTAB!K46) | K45: =IF(K$2="","",Raw_GDPTAB!L46) | ... M45: =IF(M$2="","",Raw_GDPTAB!N46)
C46: GDP at market prices | D46: =IF(D$2="","",Raw_GDPTAB!E47) -> 100 | E46: =IF(E$2="","",Raw_GDPTAB!F47) -> 0 | F46: =IF(F$2="","",Raw_GDPTAB!G47) -> 0 | G46: =IF(G$2="","",Raw_GDPTAB!H47) -> 0 | H46: =IF(H$2="","",Raw_GDPTAB!I47) | I46: =IF(I$2="","",Raw_GDPTAB!J47) | J46: =IF(J$2="","",Raw_GDPTAB!K47) | K46: =IF(K$2="","",Raw_GDPTAB!L47) | ... M46: =IF(M$2="","",Raw_GDPTAB!N47)
C47: Indirect taxes | D47: =IF(D$2="","",Raw_GDPTAB!E48) -> 10.171836 | E47: =IF(E$2="","",Raw_GDPTAB!F48) -> -0.020339896 | F47: =IF(F$2="","",Raw_GDPTAB!G48) -> -0.20958906 | G47: =IF(G$2="","",Raw_GDPTAB!H48) -> -0.10117475 | H47: =IF(H$2="","",Raw_GDPTAB!I48) | I47: =IF(I$2="","",Raw_GDPTAB!J48) | J47: =IF(J$2="","",Raw_GDPTAB!K48) | K47: =IF(K$2="","",Raw_GDPTAB!L48) | ... M47: =IF(M$2="","",Raw_GDPTAB!N48)
C48: GDP at factor cost | D48: =IF(D$2="","",Raw_GDPTAB!E49) -> 89.828164 | E48: =IF(E$2="","",Raw_GDPTAB!F49) -> 0.0023307061 | F48: =IF(F$2="","",Raw_GDPTAB!G49) -> 0.023810664 | G48: =IF(G$2="","",Raw_GDPTAB!H49) -> 0.013703734 | H48: =IF(H$2="","",Raw_GDPTAB!I49) | I48: =IF(I$2="","",Raw_GDPTAB!J49) | J48: =IF(J$2="","",Raw_GDPTAB!K49) | K48: =IF(K$2="","",Raw_GDPTAB!L49) | ... M48: =IF(M$2="","",Raw_GDPTAB!N49)
B49: Deflator | C49: Absorption | D49: =IF(D$2="","",Raw_GDPTAB!E50) -> 100 | E49: =IF(E$2="","",Raw_GDPTAB!F50) -> -0.0031997298 | F49: =IF(F$2="","",Raw_GDPTAB!G50) -> -0.044046235 | G49: =IF(G$2="","",Raw_GDPTAB!H50) -> -0.0050940265 | H49: =IF(H$2="","",Raw_GDPTAB!I50) | I49: =IF(I$2="","",Raw_GDPTAB!J50) | J49: =IF(J$2="","",Raw_GDPTAB!K50) | K49: =IF(K$2="","",Raw_GDPTAB!L50) | ... M49: =IF(M$2="","",Raw_GDPTAB!N50)
C50: Consumption | D50: =IF(D$2="","",Raw_GDPTAB!E51) -> 100 | E50: =IF(E$2="","",Raw_GDPTAB!F51) -> -0.0072442671 | F50: =IF(F$2="","",Raw_GDPTAB!G51) -> -0.067010085 | G50: =IF(G$2="","",Raw_GDPTAB!H51) -> -0.011228274 | H50: =IF(H$2="","",Raw_GDPTAB!I51) | I50: =IF(I$2="","",Raw_GDPTAB!J51) | J50: =IF(J$2="","",Raw_GDPTAB!K51) | K50: =IF(K$2="","",Raw_GDPTAB!L51) | ... M50: =IF(M$2="","",Raw_GDPTAB!N51)
C51: Investment | D51: =IF(D$2="","",Raw_GDPTAB!E52) -> 100 | E51: =IF(E$2="","",Raw_GDPTAB!F52) -> 0.0232864 | F51: =IF(F$2="","",Raw_GDPTAB!G52) -> 0.14879534 | G51: =IF(G$2="","",Raw_GDPTAB!H52) -> 0.023229202 | H51: =IF(H$2="","",Raw_GDPTAB!I52) | I51: =IF(I$2="","",Raw_GDPTAB!J52) | J51: =IF(J$2="","",Raw_GDPTAB!K52) | K51: =IF(K$2="","",Raw_GDPTAB!L52) | ... M51: =IF(M$2="","",Raw_GDPTAB!N52)
C52: Stocks | D52: =IF(D$2="","",Raw_GDPTAB!E53) -> 100 | E52: =IF(E$2="","",Raw_GDPTAB!F53) -> -0.01819382 | F52: =IF(F$2="","",Raw_GDPTAB!G53) -> -0.1453319 | G52: =IF(G$2="","",Raw_GDPTAB!H53) -> 0.32826755 | H52: =IF(H$2="","",Raw_GDPTAB!I53) | I52: =IF(I$2="","",Raw_GDPTAB!J53) | J52: =IF(J$2="","",Raw_GDPTAB!K53) | K52: =IF(K$2="","",Raw_GDPTAB!L53) | ... M52: =IF(M$2="","",Raw_GDPTAB!N53)
C53: Government | D53: =IF(D$2="","",Raw_GDPTAB!E54) -> 100 | E53: =IF(E$2="","",Raw_GDPTAB!F54) -> -0.061090959 | F53: =IF(F$2="","",Raw_GDPTAB!G54) -> -0.50128626 | G53: =IF(G$2="","",Raw_GDPTAB!H54) -> -0.11226084 | H53: =IF(H$2="","",Raw_GDPTAB!I54) | I53: =IF(I$2="","",Raw_GDPTAB!J54) | J53: =IF(J$2="","",Raw_GDPTAB!K54) | K53: =IF(K$2="","",Raw_GDPTAB!L54) | ... M53: =IF(M$2="","",Raw_GDPTAB!N54)
C54: Exports | D54: =IF(D$2="","",Raw_GDPTAB!E55) -> 100 | E54: =IF(E$2="","",Raw_GDPTAB!F55) -> -0.0046706225 | F54: =IF(F$2="","",Raw_GDPTAB!G55) -> -0.19613319 | G54: =IF(G$2="","",Raw_GDPTAB!H55) -> 0.073706998 | H54: =IF(H$2="","",Raw_GDPTAB!I55) | I54: =IF(I$2="","",Raw_GDPTAB!J55) | J54: =IF(J$2="","",Raw_GDPTAB!K55) | K54: =IF(K$2="","",Raw_GDPTAB!L55) | ... M54: =IF(M$2="","",Raw_GDPTAB!N55)
C55: Imports | D55: =IF(D$2="","",Raw_GDPTAB!E56) -> 100 | E55: =IF(E$2="","",Raw_GDPTAB!F56) -> -0.0046706225 | F55: =IF(F$2="","",Raw_GDPTAB!G56) -> -0.19613319 | G55: =IF(G$2="","",Raw_GDPTAB!H56) -> 0.20864325 | H55: =IF(H$2="","",Raw_GDPTAB!I56) | I55: =IF(I$2="","",Raw_GDPTAB!J56) | J55: =IF(J$2="","",Raw_GDPTAB!K56) | K55: =IF(K$2="","",Raw_GDPTAB!L56) | ... M55: =IF(M$2="","",Raw_GDPTAB!N56)
C56: GDP at market prices | D56: =IF(D$2="","",Raw_GDPTAB!E57) -> 100 | E56: =IF(E$2="","",Raw_GDPTAB!F57) -> -0.0032554761 | F56: =IF(F$2="","",Raw_GDPTAB!G57) -> -0.049822616 | G56: =IF(G$2="","",Raw_GDPTAB!H57) -> -0.10988172 | H56: =IF(H$2="","",Raw_GDPTAB!I57) | I56: =IF(I$2="","",Raw_GDPTAB!J57) | J56: =IF(J$2="","",Raw_GDPTAB!K57) | K56: =IF(K$2="","",Raw_GDPTAB!L57) | ... M56: =IF(M$2="","",Raw_GDPTAB!N57)
C57: Indirect taxes | D57: =IF(D$2="","",Raw_GDPTAB!E58) -> 100 | E57: =IF(E$2="","",Raw_GDPTAB!F58) -> 0.69366494 | F57: =IF(F$2="","",Raw_GDPTAB!G58) -> 5.3992259 | G57: =IF(G$2="","",Raw_GDPTAB!H58) -> 0.30716256 | H57: =IF(H$2="","",Raw_GDPTAB!I58) | I57: =IF(I$2="","",Raw_GDPTAB!J58) | J57: =IF(J$2="","",Raw_GDPTAB!K58) | K57: =IF(K$2="","",Raw_GDPTAB!L58) | ... M57: =IF(M$2="","",Raw_GDPTAB!N58)
C58: GDP at factor cost | D58: =IF(D$2="","",Raw_GDPTAB!E59) -> 100 | E58: =IF(E$2="","",Raw_GDPTAB!F59) -> -0.082181969 | F58: =IF(F$2="","",Raw_GDPTAB!G59) -> -0.66549201 | G58: =IF(G$2="","",Raw_GDPTAB!H59) -> -0.15929642 | H58: =IF(H$2="","",Raw_GDPTAB!I59) | I58: =IF(I$2="","",Raw_GDPTAB!J59) | J58: =IF(J$2="","",Raw_GDPTAB!K59) | K58: =IF(K$2="","",Raw_GDPTAB!L59) | ... M58: =IF(M$2="","",Raw_GDPTAB!N59)

Sheet Raw_Macro
D7: base | E7: sim1 | F7: sim2 | G7: sim3
C8: QABSTOT | D8: 7334.8845 | E8: -0.030732419 | F8: -0.25611669 | G8: -0.1751439
C9: QHTOT | D9: 4264.0024 | E9: -0.026203367 | F9: -0.22914977 | G9: -0.16625299
C10: QINVTOT | D10: 2332.7465 | E10: -0.057488426 | F10: -0.45173317 | G10: -0.22616059
C11: QGTOT | D11: 738.13562 | E11: 0.027662122 | F11: 0.20631417 | G11: -0.065275037
C12: QETOT | D12: 6479.251 | E12: -0.10626517 | F12: -0.34912444 | G12: 0.16592126
C13: QMTOT | D13: 6185.7617 | E13: -0.11130702 | F13: -0.36568897 | G13: 0.038904217
C14: REXR | D14: 93.698342 | E14: 0.026746016 | F14: 0.16179516 | G14: 0.074380207
C15: NEXR | D15: 100 | E15: -0.0046706225 | F15: -0.19613319 | G15: 0.073706998
C16: PWEIND | D16: 100
C17: PWMIND | D17: 100 | G17: 0.10036424
C18: PWIND | D18: 100 | G18: 0.049019241
C19: PDIND | D19: 106.72547 | E19: -0.031408238 | F19: -0.35735017 | G19: 0.048346202
C20: CPI | D20: 100
C21: TOFT | D21: 100 | G21: -0.10026362
C22: INVGDP | D22: 30.115132 | E22: -0.00056030114 | F22: -0.0034394842 | G22: -0.010569433
C23: PRVSAVGDP | D23: 26.270266 | E23: -0.063069952 | F23: -0.48592407 | G23: -0.025907763
C24: FORSAVGDP | D24: -1.5246596 | E24: -0.00042223652 | F24: -0.0014693247 | G24: -0.0036905855
C25: TRDDEFGDP | D25: 3.6987614 | E25: 0.058962112 | F25: -0.045306147 | G25: 0.014086488
C26: GOVSAVGDP | D26: 6.8892654 | E26: 0.063147177 | F26: 0.4861928 | G26: 0.026582757
C27: IMPTAXGDP | D27: 0.689618 | E27: 0.068052051 | F27: -0.0026753753 | G27: 0.001758089
C28: DIRTAXGDP | D28: 4.9322354 | E28: -0.0061875959 | F28: -0.049953758 | G28: -0.0087190339

Sheet Macro
A1: Macroeconomic results
D2: =GDPTAB!$D2 -> base | E2: =GDPTAB!$E2 -> sim1 | F2: =GDPTAB!$F2 -> sim2 | G2: =GDPTAB!$G2 -> sim3 | H2: =GDPTAB!$H2 | I2: =GDPTAB!$I2 | J2: =GDPTAB!$J2 | K2: =GDPTAB!$K2 | L2: =GDPTAB!$L2 | M2: =GDPTAB!$M2
D3: =IFERROR(VLOOKUP(D2,sims,4,0),"") -> 1 | E3: =IFERROR(VLOOKUP(E2,sims,4,0),"") -> 2 | F3: =IFERROR(VLOOKUP(F2,sims,4,0),"") -> 3 | G3: =IFERROR(VLOOKUP(G2,sims,4,0),"") -> 4 | H3: =IFERROR(VLOOKUP(H2,sims,4,0),"") | I3: =IFERROR(VLOOKUP(I2,sims,4,0),"") | J3: =IFERROR(VLOOKUP(J2,sims,4,0),"") | K3: =IFERROR(VLOOKUP(K2,sims,4,0),"") | ... M3: =IFERROR(VLOOKUP(M2,sims,4,0),"")
A5: Return to Cover
A6: Macroeconomic results table
A7: Return to Cover | E7: Change from base (%)
D8: Initial value or share | E8: =IFERROR(VLOOKUP(E2,sims,3,0),"") -> tm +10% | F8: =IFERROR(VLOOKUP(F2,sims,3,0),"") -> tq manf 10% | G8: =IFERROR(VLOOKUP(G2,sims,3,0),"") -> pwm cr_oil&gas +10% | H8: =IFERROR(VLOOKUP(H2,sims,3,0),"") | I8: =IFERROR(VLOOKUP(I2,sims,3,0),"") | J8: =IFERROR(VLOOKUP(J2,sims,3,0),"") | K8: =IFERROR(VLOOKUP(K2,sims,3,0),"") | L8: =IFERROR(VLOOKUP(L2,sims,3,0),"") | M8: =IFERROR(VLOOKUP(M2,sims,3,0),"")
C9: {=MACROT} -> 0 | D9: base | E9: sim1 | F9: sim2 | G9: sim3 | H9: 0 | I9: 0 | J9: 0 | K9: 0 | L9: 0 | M9: 0
A10: Quantity | B10: Absorption | C10: QABSTOT | D10: 7334.8845 | E10: -0.030732419 | F10: -0.25611669 | G10: -0.1751439 | H10: 0 | I10: 0 | J10: 0 | K10: 0 | L10: 0 | M10: 0
B11: Consumption | C11: QHTOT | D11: 4264.0024 | E11: -0.026203367 | F11: -0.22914977 | G11: -0.16625299 | H11: 0 | I11: 0 | J11: 0 | K11: 0 | L11: 0 | M11: 0
B12: Investment | C12: QINVTOT | D12: 2332.7465 | E12: -0.057488426 | F12: -0.45173317 | G12: -0.22616059 | H12: 0 | I12: 0 | J12: 0 | K12: 0 | L12: 0 | M12: 0
B13: Government | C13: QGTOT | D13: 738.13562 | E13: 0.027662122 | F13: 0.20631417 | G13: -0.065275037 | H13: 0 | I13: 0 | J13: 0 | K13: 0 | L13: 0 | M13: 0
B14: Exports | C14: QETOT | D14: 6479.251 | E14: -0.10626517 | F14: -0.34912444 | G14: 0.16592126 | H14: 0 | I14: 0 | J14: 0 | K14: 0 | L14: 0 | M14: 0
B15: Imports | C15: QMTOT | D15: 6185.7617 | E15: -0.11130702 | F15: -0.36568897 | G15: 0.038904217 | H15: 0 | I15: 0 | J15: 0 | K15: 0 | L15: 0 | M15: 0
A16: Prices | B16: Real exchange rate | C16: REXR | D16: 93.698342 | E16: 0.026746016 | F16: 0.16179516 | G16: 0.074380207 | H16: 0 | I16: 0 | J16: 0 | K16: 0 | L16: 0 | M16: 0
B17: Nominal exchange rate | C17: NEXR | D17: 100 | E17: -0.0046706225 | F17: -0.19613319 | G17: 0.073706998 | H17: 0 | I17: 0 | J17: 0 | K17: 0 | L17: 0 | M17: 0
B18: World export prices | C18: PWEIND | D18: 100 | E18: 0 | F18: 0 | G18: 0 | H18: 0 | I18: 0 | J18: 0 | K18: 0 | L18: 0 | M18: 0
B19: World import prices | C19: PWMIND | D19: 100 | E19: 0 | F19: 0 | G19: 0.10036424 | H19: 0 | I19: 0 | J19: 0 | K19: 0 | L19: 0 | M19: 0
B20: World price index | C20: PWIND | D20: 100 | E20: 0 | F20: 0 | G20: 0.049019241 | H20: 0 | I20: 0 | J20: 0 | K20: 0 | L20: 0 | M20: 0
B21: Domestic price index | C21: PDIND | D21: 106.72547 | E21: -0.031408238 | F21: -0.35735017 | G21: 0.048346202 | H21: 0 | I21: 0 | J21: 0 | K21: 0 | L21: 0 | M21: 0
B22: Consumer price index | C22: CPI | D22: 100 | E22: 0 | F22: 0 | G22: 0 | H22: 0 | I22: 0 | J22: 0 | K22: 0 | L22: 0 | M22: 0
B23: Terms-of-trade | C23: TOFT | D23: 100 | E23: 0 | F23: 0 | G23: -0.10026362 | H23: 0 | I23: 0 | J23: 0 | K23: 0 | L23: 0 | M23: 0
A24: Shares | B24: Investment / GDP | C24: INVGDP | D24: 30.115132 | E24: -0.00056030114 | F24: -0.0034394842 | G24: -0.010569433 | H24: 0 | I24: 0 | J24: 0 | K24: 0 | L24: 0 | M24: 0
B25: Private savings / GDP | C25: PRVSAVGDP | D25: 26.270266 | E25: -0.063069952 | F25: -0.48592407 | G25: -0.025907763 | H25: 0 | I25: 0 | J25: 0 | K25: 0 | L25: 0 | M25: 0
B26: Foreign savings / GDP | C26: FORSAVGDP | D26: -1.5246596 | E26: -0.00042223652 | F26: -0.0014693247 | G26: -0.0036905855 | H26: 0 | I26: 0 | J26: 0 | K26: 0 | L26: 0 | M26: 0
B27: Trade Balance / GDP | C27: TRDDEFGDP | D27: 3.6987614 | E27: 0.058962112 | F27: -0.045306147 | G27: 0.014086488 | H27: 0 | I27: 0 | J27: 0 | K27: 0 | L27: 0 | M27: 0
B28: Public savings / GDP | C28: GOVSAVGDP | D28: 6.8892654 | E28: 0.063147177 | F28: 0.4861928 | G28: 0.026582757 | H28: 0 | I28: 0 | J28: 0 | K28: 0 | L28: 0 | M28: 0
B29: Import taxes/GDP | D29: =Raw_Govt!P5/GDPTAB!D16 -> 0.00689618 | E29: {=TRANSPOSE(Raw_Govt!P6:P14)/GDPTAB!D16*(1+GDPTAB!E16:M16/100)} -> 0.0075717984 | F29: 0.006829337 | G29: 0.0068905576 | H29: #VALUE! | I29: #VALUE! | J29: #VALUE! | K29: #VALUE! | L29: #VALUE! | M29: #VALUE!
B30: Direct taxes/GDP | D30: =Raw_Govt!D5/GDPTAB!D16 -> 0.049322354 | E30: {=TRANSPOSE(Raw_Govt!D6:D14)/GDPTAB!D16*(1+GDPTAB!E16:M16/100)} -> 0.049228606 | F30: 0.048537891 | G30: 0.049069925 | H30: #VALUE! | I30: #VALUE! | J30: #VALUE! | K30: #VALUE! | L30: #VALUE! | M30: #VALUE!
B31: CPI | D31: {=IF(TRANSPOSE(Raw_Govt!AE5:AE14)="","",TRANSPOSE(Raw_Govt!AE5:AE14))} -> 1.1620904 | E31: 1.1620904 | F31: 1.1620904 | G31: 1.1620904

Sheet Raw_sGDP
D1: Sectoral GDP at factor cost
D2: Sectoral change and contribution
C4: Percentage change (%) | R4: Percentage point contribution to change (%)
D5: Initial Share of GDP (%) | E5: Change from base (%) | S5: Initial Share of GDP (%) | T5: Change from base (%)
E6: =IFERROR(VLOOKUP(E7,sims,3,),"") -> tm +10% | F6: =IFERROR(VLOOKUP(F7,sims,3,),"") -> tq manf 10% | G6: =IFERROR(VLOOKUP(G7,sims,3,),"") -> pwm cr_oil&gas +10% | H6: =IFERROR(VLOOKUP(H7,sims,3,),"") | I6: =IFERROR(VLOOKUP(I7,sims,3,),"") | J6: =IFERROR(VLOOKUP(J7,sims,3,),"") | K6: =IFERROR(VLOOKUP(K7,sims,3,),"") | L6: =IFERROR(VLOOKUP(L7,sims,3,),"") | M6: =IFERROR(VLOOKUP(M7,sims,3,),"") | T6: =IFERROR(VLOOKUP(T7,sims,3,),"") -> tm +10% | U6: =IFERROR(VLOOKUP(U7,sims,3,),"") -> tq manf 10% | V6: =IFERROR(VLOOKUP(V7,sims,3,),"") -> pwm cr_oil&gas +10% | W6: =IFERROR(VLOOKUP(W7,sims,3,),"") | X6: =IFERROR(VLOOKUP(X7,sims,3,),"") | Y6: =IFERROR(VLOOKUP(Y7,sims,3,),"") | Z6: =IFERROR(VLOOKUP(Z7,sims,3,),"") | AA6: =IFERROR(VLOOKUP(AA7,sims,3,),"") | AB6: =IFERROR(VLOOKUP(AB7,sims,3,),"")
D7: base | E7: sim1 | F7: sim2 | G7: sim3 | S7: base | T7: sim1 | U7: sim2 | V7: sim3
C8: a_001 | D8: 2.1380453 | E8: -0.0045631705 | F8: -0.18148043 | G8: -0.11019331 | R8: a_001 | S8: 2.1380453 | T8: -9.7562649e-05 | U8: -0.0038801337 | V8: -0.0023559828
C9: a_002 | D9: 0.24566219 | E9: 0.016588219 | F9: -0.29886446 | G9: -0.12307485 | R9: a_002 | S9: 0.24566219 | T9: 4.0750982e-05 | U9: -0.00073419699 | V9: -0.00030234837
C10: a_003 | D10: 0.26570396 | E10: -0.0081113091 | F10: -0.21980315 | G10: -0.12014469 | R10: a_003 | S10: 0.26570396 | T10: -2.155207e-05 | U10: -0.00058402568 | V10: -0.0003192292
C11: a_004 | D11: 0.11037254 | E11: -0.00042512707 | F11: -0.2494887 | G11: -0.11765745 | R11: a_004 | S11: 0.11037254 | T11: -4.6922353e-07 | U11: -0.000275367 | V11: -0.00012986151
C12: a_005 | D12: 0.13054019 | E12: 0.053963386 | F12: -0.19523688 | G12: -0.089762882 | R12: a_005 | S12: 0.13054019 | T12: 7.0443907e-05 | U12: -0.00025486259 | V12: -0.00011717664
C13: a_006 | D13: 1.1168143 | E13: -0.022567703 | F13: -0.13500032 | G13: -0.10222138 | R13: a_006 | S13: 1.1168143 | T13: -0.00025203934 | U13: -0.0015077029 | V13: -0.001141623
C14: a_007 | D14: 0.21966574 | E14: -0.019419949 | F14: -0.15179035 | G14: -0.1094323 | R14: a_007 | S14: 0.21966574 | T14: -4.2658974e-05 | U14: -0.0003334314 | V14: -0.00024038528
C15: a_008 | D15: 0.31615611 | E15: -0.004075529 | F15: -0.53430836 | G15: 0.043930496 | R15: a_008 | S15: 0.31615611 | T15: -1.2885034e-05 | U15: -0.0016892486 | V15: 0.00013888895
C16: a_009 | D16: 1.1108498 | E16: -0.014591891 | F16: -0.20395264 | G16: -0.112855 | R16: a_009 | S16: 1.1108498 | T16: -0.00016209399 | U16: -0.0022656075 | V16: -0.0012536496
C17: a_010 | D17: 0.064180659 | E17: -0.011241057 | F17: -0.1557469 | G17: 0.088755299 | R17: a_010 | S17: 0.064180659 | T17: -7.2145848e-06 | U17: -9.9959387e-05 | V17: 5.6963736e-05
C18: a_011 | D18: 0.15175805 | E18: 0.12742574 | F18: 0.057916359 | G18: 1.0067128 | R18: a_011 | S18: 0.15175805 | T18: 0.00019337882 | U18: 8.7892737e-05 | V18: 0.0015277677
C19: a_012 | D19: 0.49724413 | E19: 0.0036619463 | F19: -0.46523684 | G19: 0.069398901 | R19: a_012 | S19: 0.49724413 | T19: 1.8208813e-05 | U19: -0.0023133629 | V19: 0.00034508196
... C197: sGSV | D197: 8.7380466 | E197: 0.024212194 | F197: 0.18577546 | G197: -0.060404475 | R197: sGSV | S197: 8.7380466 | T197: 0.0021156727 | U197: 0.016233146 | V197: -0.0052781712

Sheet Sector
B2: Return to Cover | D2: Results for aggregates are shown at the bottom of the table | O2: Results for aggregates are shown at the bottom of the table
D3: =IFERROR(VLOOKUP(D2,sims,4,0),"") | E3: =IFERROR(VLOOKUP(E2,sims,4,0),"") | F3: =IFERROR(VLOOKUP(F2,sims,4,0),"") | G3: =IFERROR(VLOOKUP(G2,sims,4,0),"") | H3: =IFERROR(VLOOKUP(H2,sims,4,0),"") | I3: =IFERROR(VLOOKUP(I2,sims,4,0),"") | J3: =IFERROR(VLOOKUP(J2,sims,4,0),"") | K3: =IFERROR(VLOOKUP(K2,sims,4,0),"") | ... M3: =IFERROR(VLOOKUP(M2,sims,4,0),"") | Q3: =IFERROR(VLOOKUP(Q2,sims,4,0),"") | R3: =IFERROR(VLOOKUP(R2,sims,4,0),"") | S3: =IFERROR(VLOOKUP(S2,sims,4,0),"") | T3: =IFERROR(VLOOKUP(T2,sims,4,0),"") | U3: =IFERROR(VLOOKUP(U2,sims,4,0),"") | V3: =IFERROR(VLOOKUP(V2,sims,4,0),"") | W3: =IFERROR(VLOOKUP(W2,sims,4,0),"") | X3: =IFERROR(VLOOKUP(X2,sims,4,0),"") | ... Z3: =IFERROR(VLOOKUP(Z2,sims,4,0),"")
C6: ="Sectoral GDP at Factor Cost" -> Sectoral GDP at Factor Cost | P6: Sectoral GDP: contributions to national GDP growth
D7: Initial Share | E7: Change from base (%) | Q7: Initial Share | R7: Percentage point contribution to change (%)
E8: =IFERROR(VLOOKUP(E$9,sims,3,0),"") -> tm +10% | F8: =IFERROR(VLOOKUP(F$9,sims,3,0),"") -> tq manf 10% | G8: =IFERROR(VLOOKUP(G$9,sims,3,0),"") -> pwm cr_oil&gas +10% | H8: =IFERROR(VLOOKUP(H$9,sims,3,0),"") | I8: =IFERROR(VLOOKUP(I$9,sims,3,0),"") | J8: =IFERROR(VLOOKUP(J$9,sims,3,0),"") | K8: =IFERROR(VLOOKUP(K$9,sims,3,0),"") | L8: =IFERROR(VLOOKUP(L$9,sims,3,0),"") | M8: =IFERROR(VLOOKUP(M$9,sims,3,0),"") | R8: =IFERROR(VLOOKUP(R$9,sims,3,0),"") -> tm +10% | S8: =IFERROR(VLOOKUP(S$9,sims,3,0),"") -> tq manf 10% | T8: =IFERROR(VLOOKUP(T$9,sims,3,0),"") -> pwm cr_oil&gas +10% | U8: =IFERROR(VLOOKUP(U$9,sims,3,0),"") | V8: =IFERROR(VLOOKUP(V$9,sims,3,0),"") | W8: =IFERROR(VLOOKUP(W$9,sims,3,0),"") | X8: =IFERROR(VLOOKUP(X$9,sims,3,0),"") | Y8: =IFERROR(VLOOKUP(Y$9,sims,3,0),"") | Z8: =IFERROR(VLOOKUP(Z$9,sims,3,0),"")
C9: {=OFFSET(Raw_sGDP!$C$6,1,0,COUNTA(Raw_sGDP!$C$8:$C$500)+1,11)} -> 0 | D9: base | E9: sim1 | F9: sim2 | G9: sim3 | H9: 0 | I9: 0 | J9: 0 | K9: 0 | L9: 0 | M9: 0 | P9: {=OFFSET(Raw_sGDP!$R$6,1,0,COUNTA(Raw_sGDP!$R$8:$R$500)+1,11)} -> 0 | Q9: base | R9: sim1 | S9: sim2 | T9: sim3 | U9: 0 | V9: 0 | W9: 0 | X9: 0 | Y9: 0 | Z9: 0
B10: {=IFERROR(_xlfn.XLOOKUP(C10,Act_codes_core,Act_labels_core),"")} -> Paddy | C10: a_001 | D10: 2.1380453 | E10: -0.0045631705 | F10: -0.18148043 | G10: -0.11019331 | H10: 0 | I10: 0 | J10: 0 | K10: 0 | L10: 0 | M10: 0 | O10: {=IFERROR(_xlfn.XLOOKUP(P10,Act_codes_core,Act_labels_core),"")} -> Paddy | P10: a_001 | Q10: 2.1380453 | R10: -9.7562649e-05 | S10: -0.0038801337 | T10: -0.0023559828 | U10: 0 | V10: 0 | W10: 0 | X10: 0 | Y10: 0 | Z10: 0
B11: {=IFERROR(_xlfn.XLOOKUP(C11,Act_codes_core,Act_labels_core),"")} -> Corn and other grain food products | C11: a_002 | D11: 0.24566219 | E11: 0.016588219 | F11: -0.29886446 | G11: -0.12307485 | H11: 0 | I11: 0 | J11: 0 | K11: 0 | L11: 0 | M11: 0 | O11: {=IFERROR(_xlfn.XLOOKUP(P11,Act_codes_core,Act_labels_core),"")} -> Corn and other grain food products | P11: a_002 | Q11: 0.24566219 | R11: 4.0750982e-05 | S11: -0.00073419699 | T11: -0.00030234837 | U11: 0 | V11: 0 | W11: 0 | X11: 0 | Y11: 0 | Z11: 0
B12: {=IFERROR(_xlfn.XLOOKUP(C12,Act_codes_core,Act_labels_core),"")} -> Root crop products contain starch | C12: a_003 | D12: 0.26570396 | E12: -0.0081113091 | F12: -0.21980315 | G12: -0.12014469 | H12: 0 | I12: 0 | J12: 0 | K12: 0 | L12: 0 | M12: 0 | O12: {=IFERROR(_xlfn.XLOOKUP(P12,Act_codes_core,Act_labels_core),"")} -> Root crop products contain starch | P12: a_003 | Q12: 0.26570396 | R12: -2.155207e-05 | S12: -0.00058402568 | T12: -0.0003192292 | U12: 0 | V12: 0 | W12: 0 | X12: 0 | Y12: 0 | Z12: 0
B13: {=IFERROR(_xlfn.XLOOKUP(C13,Act_codes_core,Act_labels_core),"")} -> Oil-bearing plant products | C13: a_004 | D13: 0.11037254 | E13: -0.00042512707 | F13: -0.2494887 | G13: -0.11765745 | H13: 0 | I13: 0 | J13: 0 | K13: 0 | L13: 0 | M13: 0 | O13: {=IFERROR(_xlfn.XLOOKUP(P13,Act_codes_core,Act_labels_core),"")} -> Oil-bearing plant products | P13: a_004 | Q13: 0.11037254 | R13: -4.6922353e-07 | S13: -0.000275367 | T13: -0.00012986151 | U13: 0 | V13: 0 | W13: 0 | X13: 0 | Y13: 0 | Z13: 0
B14: {=IFERROR(_xlfn.XLOOKUP(C14,Act_codes_core,Act_labels_core),"")} -> Fresh sugar cane | C14: a_005 | D14: 0.13054019 | E14: 0.053963386 | F14: -0.19523688 | G14: -0.089762882 | H14: 0 | I14: 0 | J14: 0 | K14: 0 | L14: 0 | M14: 0 | O14: {=IFERROR(_xlfn.XLOOKUP(P14,Act_codes_core,Act_labels_core),"")} -> Fresh sugar cane | P14: a_005 | Q14: 0.13054019 | R14: 7.0443907e-05 | S14: -0.00025486259 | T14: -0.00011717664 | U14: 0 | V14: 0 | W14: 0 | X14: 0 | Y14: 0 | Z14: 0
B15: {=IFERROR(_xlfn.XLOOKUP(C15,Act_codes_core,Act_labels_core),"")} -> Vegetables, beans of all kinds | C15: a_006 | D15: 1.1168143 | E15: -0.022567703 | F15: -0.13500032 | G15: -0.10222138 | H15: 0 | I15: 0 | J15: 0 | K15: 0 | L15: 0 | M15: 0 | O15: {=IFERROR(_xlfn.XLOOKUP(P15,Act_codes_core,Act_labels_core),"")} -> Vegetables, beans of all kinds | P15: a_006 | Q15: 1.1168143 | R15: -0.00025203934 | S15: -0.0015077029 | T15: -0.001141623 | U15: 0 | V15: 0 | W15: 0 | X15: 0 | Y15: 0 | Z15: 0
B16: {=IFERROR(_xlfn.XLOOKUP(C16,Act_codes_core,Act_labels_core),"")} -> Annual flower products | C16: a_007 | D16: 0.21966574 | E16: -0.019419949 | F16: -0.15179035 | G16: -0.1094323 | H16: 0 | I16: 0 | J16: 0 | K16: 0 | L16: 0 | M16: 0 | O16: {=IFERROR(_xlfn.XLOOKUP(P16,Act_codes_core,Act_labels_core),"")} -> Annual flower products | P16: a_007 | Q16: 0.21966574 | R16: -4.2658974e-05 | S16: -0.0003334314 | T16: -0.00024038528 | U16: 0 | V16: 0 | W16: 0 | X16: 0 | Y16: 0 | Z16: 0
B17: {=IFERROR(_xlfn.XLOOKUP(C17,Act_codes_core,Act_labels_core),"")} -> Other remaining annual crop products | C17: a_008 | D17: 0.31615611 | E17: -0.004075529 | F17: -0.53430836 | G17: 0.043930496 | H17: 0 | I17: 0 | J17: 0 | K17: 0 | L17: 0 | M17: 0 | O17: {=IFERROR(_xlfn.XLOOKUP(P17,Act_codes_core,Act_labels_core),"")} -> Other remaining annual crop products | P17: a_008 | Q17: 0.31615611 | R17: -1.2885034e-05 | S17: -0.0016892486 | T17: 0.00013888895 | U17: 0 | V17: 0 | W17: 0 | X17: 0 | Y17: 0 | Z17: 0
B18: {=IFERROR(_xlfn.XLOOKUP(C18,Act_codes_core,Act_labels_core),"")} -> Fruit tree products | C18: a_009 | D18: 1.1108498 | E18: -0.014591891 | F18: -0.20395264 | G18: -0.112855 | H18: 0 | I18: 0 | J18: 0 | K18: 0 | L18: 0 | M18: 0 | O18: {=IFERROR(_xlfn.XLOOKUP(P18,Act_codes_core,Act_labels_core),"")} -> Fruit tree products | P18: a_009 | Q18: 1.1108498 | R18: -0.00016209399 | S18: -0.0022656075 | T18: -0.0012536496 | U18: 0 | V18: 0 | W18: 0 | X18: 0 | Y18: 0 | Z18: 0
B19: {=IFERROR(_xlfn.XLOOKUP(C19,Act_codes_core,Act_labels_core),"")} -> Dried cashews | C19: a_010 | D19: 0.064180659 | E19: -0.011241057 | F19: -0.1557469 | G19: 0.088755299 | H19: 0 | I19: 0 | J19: 0 | K19: 0 | L19: 0 | M19: 0 | O19: {=IFERROR(_xlfn.XLOOKUP(P19,Act_codes_core,Act_labels_core),"")} -> Dried cashews | P19: a_010 | Q19: 0.064180659 | R19: -7.2145848e-06 | S19: -9.9959387e-05 | T19: 5.6963736e-05 | U19: 0 | V19: 0 | W19: 0 | X19: 0 | Y19: 0 | Z19: 0
B20: {=IFERROR(_xlfn.XLOOKUP(C20,Act_codes_core,Act_labels_core),"")} -> Pepper seeds | C20: a_011 | D20: 0.15175805 | E20: 0.12742574 | F20: 0.057916359 | G20: 1.0067128 | H20: 0 | I20: 0 | J20: 0 | K20: 0 | L20: 0 | M20: 0 | O20: {=IFERROR(_xlfn.XLOOKUP(P20,Act_codes_core,Act_labels_core),"")} -> Pepper seeds | P20: a_011 | Q20: 0.15175805 | R20: 0.00019337882 | S20: 8.7892737e-05 | T20: 0.0015277677 | U20: 0 | V20: 0 | W20: 0 | X20: 0 | Y20: 0 | Z20: 0
B21: {=IFERROR(_xlfn.XLOOKUP(C21,Act_codes_core,Act_labels_core),"")} -> Dried latex | C21: a_012 | D21: 0.49724413 | E21: 0.0036619463 | F21: -0.46523684 | G21: 0.069398901 | H21: 0 | I21: 0 | J21: 0 | K21: 0 | L21: 0 | M21: 0 | O21: {=IFERROR(_xlfn.XLOOKUP(P21,Act_codes_core,Act_labels_core),"")} -> Dried latex | P21: a_012 | Q21: 0.49724413 | R21: 1.8208813e-05 | S21: -0.0023133629 | T21: 0.00034508196 | U21: 0 | V21: 0 | W21: 0 | X21: 0 | Y21: 0 | Z21: 0
... B55: {=IFERROR(_xlfn.XLOOKUP(C55,Act_codes_core,Act_labels_core),"")} -> Milk and dairy products | C55: a_046 | D55: 0.26706814 | E55: -0.0096659762 | F55: -0.7525702 | G55: -0.10934855 | H55: 0 | I55: 0 | J55: 0 | K55: 0 | L55: 0 | M55: 0 | O55: {=IFERROR(_xlfn.XLOOKUP(P55,Act_codes_core,Act_labels_core),"")} -> Milk and dairy products | P55: a_046 | Q55: 0.26706814 | R55: -2.5814743e-05 | S55: -0.0020098753 | T55: -0.00029203515 | U55: 0 | V55: 0 | W55: 0 | X55: 0 | Y55: 0 | Z55: 0
B56: {=IFERROR(_xlfn.XLOOKUP(C56,Act_codes_core,Act_labels_core),"")} -> Milling products and flour production | C56: a_047 | D56: 0.37057284 | E56: -0.0018330591 | F56: -0.16441441 | G56: -0.10622044 | H56: 0 | I56: 0 | J56: 0 | K56: 0 | L56: 0 | M56: 0 | O56: =INDEX(Act_labels_aggr,MATCH(P56,Act_codes_aggr,0),1) -> #N/A | P56: a_047 | Q56: 0.37057284 | R56: -6.7928192e-06 | S56: -0.00060927514 | T56: -0.0003936241 | U56: 0 | V56: 0 | W56: 0 | X56: 0 | Y56: 0 | Z56: 0
B57: {=IFERROR(_xlfn.XLOOKUP(C57,Act_codes_core,Act_labels_core),"")} -> Sugar, Honey | C57: a_048 | D57: 0.080706967 | E57: 0.060530908 | F57: -0.20142367 | G57: -0.087302494 | H57: 0 | I57: 0 | J57: 0 | K57: 0 | L57: 0 | M57: 0 | O57: =INDEX(Act_labels_aggr,MATCH(P57,Act_codes_aggr,0),1) -> #N/A | P57: a_048 | Q57: 0.080706967 | R57: 4.885266e-05 | S57: -0.00016256293 | T57: -7.0459195e-05 | U57: 0 | V57: 0 | W57: 0 | X57: 0 | Y57: 0 | Z57: 0
B58: {=IFERROR(_xlfn.XLOOKUP(C58,Act_codes_core,Act_labels_core),"")} -> Cocoa, chocolate and confectionery; bakery products from flour | C58: a_049 | D58: 0.16790997 | E58: -0.02653923 | F58: -0.24226945 | G58: -0.080696472 | H58: 0 | I58: 0 | J58: 0 | K58: 0 | L58: 0 | M58: 0 | O58: =INDEX(Act_labels_aggr,MATCH(P58,Act_codes_aggr,0),1) -> #N/A | P58: a_049 | Q58: 0.16790997 | R58: -4.4562013e-05 | S58: -0.00040679457 | T58: -0.00013549742 | U58: 0 | V58: 0 | W58: 0 | X58: 0 | Y58: 0 | Z58: 0
B59: {=IFERROR(_xlfn.XLOOKUP(C59,Act_codes_core,Act_labels_core),"")} -> Dishes, prepared foods | C59: a_050 | D59: 0.094324067 | E59: -0.0097631584 | F59: -0.36744404 | G59: -0.1471918 | H59: 0 | I59: 0 | J59: 0 | K59: 0 | L59: 0 | M59: 0 | O59: =INDEX(Act_labels_aggr,MATCH(P59,Act_codes_aggr,0),1) -> #N/A | P59: a_050 | Q59: 0.094324067 | R59: -9.209008e-06 | S59: -0.00034658816 | T59: -0.00013883729 | U59: 0 | V59: 0 | W59: 0 | X59: 0 | Y59: 0 | Z59: 0
B60: {=IFERROR(_xlfn.XLOOKUP(C60,Act_codes_core,Act_labels_core),"")} -> Coffee | C60: a_051 | D60: 0.15046548 | E60: 0.021532142 | F60: 0.025130664 | G60: 0.020297288 | H60: 0 | I60: 0 | J60: 0 | K60: 0 | L60: 0 | M60: 0 | O60: =INDEX(Act_labels_aggr,MATCH(P60,Act_codes_aggr,0),1) -> #N/A | P60: a_051 | Q60: 0.15046548 | R60: 3.2398441e-05 | S60: 3.7812974e-05 | T60: 3.0540412e-05 | U60: 0 | V60: 0 | W60: 0 | X60: 0 | Y60: 0 | Z60: 0
B61: {=IFERROR(_xlfn.XLOOKUP(C61,Act_codes_core,Act_labels_core),"")} -> Tea (tea) | C61: a_052 | D61: 0.022004071 | E61: -0.011291396 | F61: -0.17922463 | G61: -0.10407688 | H61: 0 | I61: 0 | J61: 0 | K61: 0 | L61: 0 | M61: 0 | O61: =INDEX(Act_labels_aggr,MATCH(P61,Act_codes_aggr,0),1) -> #N/A | P61: a_052 | Q61: 0.022004071 | R61: -2.4845669e-06 | S61: -3.9436715e-05 | T61: -2.2901151e-05 | U61: 0 | V61: 0 | W61: 0 | X61: 0 | Y61: 0 | Z61: 0
B62: {=IFERROR(_xlfn.XLOOKUP(C62,Act_codes_core,Act_labels_core),"")} -> Other remaining foods (pasta, noodles and similar products; other foods not yet classified...) | C62: a_053 | D62: 0.28148961 | E62: -0.019519983 | F62: -0.14450116 | G62: -0.10646508 | H62: 0 | I62: 0 | J62: 0 | K62: 0 | L62: 0 | M62: 0 | O62: =INDEX(Act_labels_aggr,MATCH(P62,Act_codes_aggr,0),1) -> #N/A | P62: a_053 | Q62: 0.28148961 | R62: -5.4946726e-05 | S62: -0.00040675575 | T62: -0.00029968813 | U62: 0 | V62: 0 | W62: 0 | X62: 0 | Y62: 0 | Z62: 0
B63: {=IFERROR(_xlfn.XLOOKUP(C63,Act_codes_core,Act_labels_core),"")} -> Feed for livestock, poultry and aquatic products | C63: a_054 | D63: 0.60230922 | E63: -0.016675664 | F63: -0.27793473 | G63: -0.15718044 | H63: 0 | I63: 0 | J63: 0 | K63: 0 | L63: 0 | M63: 0 | O63: =INDEX(Act_labels_aggr,MATCH(P63,Act_codes_aggr,0),1) -> #N/A | P63: a_054 | Q63: 0.60230922 | R63: -0.00010043906 | S63: -0.0016740265 | T63: -0.00094671228 | U63: 0 | V63: 0 | W63: 0 | X63: 0 | Y63: 0 | Z63: 0
B64: {=IFERROR(_xlfn.XLOOKUP(C64,Act_codes_core,Act_labels_core),"")} -> Wine of all kinds | C64: a_055 | D64: 0.062937032 | E64: -0.0077661978 | F64: -1.1785301 | G64: -0.088001651 | H64: 0 | I64: 0 | J64: 0 | K64: 0 | L64: 0 | M64: 0 | O64: =INDEX(Act_labels_aggr,MATCH(P64,Act_codes_aggr,0),1) -> #N/A | P64: a_055 | Q64: 0.062937032 | R64: -4.8878144e-06 | S64: -0.00074173185 | T64: -5.5385627e-05 | U64: 0 | V64: 0 | W64: 0 | X64: 0 | Y64: 0 | Z64: 0
B65: {=IFERROR(_xlfn.XLOOKUP(C65,Act_codes_core,Act_labels_core),"")} -> Beer | C65: a_056 | D65: 0.42226732 | E65: 0.00058191319 | F65: -0.49185146 | G65: -0.043190573 | H65: 0 | I65: 0 | J65: 0 | K65: 0 | L65: 0 | M65: 0 | O65: =INDEX(Act_labels_aggr,MATCH(P65,Act_codes_aggr,0),1) -> #N/A | P65: a_056 | Q65: 0.42226732 | R65: 2.4572292e-06 | S65: -0.002076928 | T65: -0.00018237967 | U65: 0 | V65: 0 | W65: 0 | X65: 0 | Y65: 0 | Z65: 0
B66: {=IFERROR(_xlfn.XLOOKUP(C66,Act_codes_core,Act_labels_core),"")} -> Non-alcoholic drinks, mineral water, purified water | C66: a_057 | D66: 0.38507241 | E66: -0.022803607 | F66: -0.41630868 | G66: -0.10701416 | H66: 0 | I66: 0 | J66: 0 | K66: 0 | L66: 0 | M66: 0 | O66: =INDEX(Act_labels_aggr,MATCH(P66,Act_codes_aggr,0),1) -> #N/A | P66: a_057 | Q66: 0.38507241 | R66: -8.78104e-05 | S66: -0.0016030898 | T66: -0.00041208198 | U66: 0 | V66: 0 | W66: 0 | X66: 0 | Y66: 0 | Z66: 0
B67: {=IFERROR(_xlfn.XLOOKUP(C67,Act_codes_core,Act_labels_core),"")} -> Tobacco products | C67: a_058 | D67: 0.098666955 | E67: -0.012727638 | F67: -2.0278454 | G67: -0.10477169 | H67: 0 | I67: 0 | J67: 0 | K67: 0 | L67: 0 | M67: 0 | O67: =INDEX(Act_labels_aggr,MATCH(P67,Act_codes_aggr,0),1) -> #N/A | P67: a_058 | Q67: 0.098666955 | R67: -1.2557973e-05 | S67: -0.0020008133 | T67: -0.00010337504 | U67: 0 | V67: 0 | W67: 0 | X67: 0 | Y67: 0 | Z67: 0
B68: {=IFERROR(_xlfn.XLOOKUP(C68,Act_codes_core,Act_labels_core),"")} -> Yarn, woven fabric and finished textile products | C68: a_059 | D68: 0.85710031 | E68: -0.059717667 | F68: -0.25405811 | G68: 0.16079866 | H68: 0 | I68: 0 | J68: 0 | K68: 0 | L68: 0 | M68: 0 | O68: {=IFERROR(_xlfn.XLOOKUP(P68,Act_codes_core,Act_labels_core),"")} -> Yarn, woven fabric and finished textile products | P68: a_059 | Q68: 0.85710031 | R68: -0.00051184031 | S68: -0.0021775328 | T68: 0.0013782059 | U68: 0 | V68: 0 | W68: 0 | X68: 0 | Y68: 0 | Z68: 0
B69: {=IFERROR(_xlfn.XLOOKUP(C69,Act_codes_core,Act_labels_core),"")} -> Other textile products | C69: a_060 | D69: 0.40144401 | E69: -0.040394999 | F69: -0.21646839 | G69: 0.16978365 | H69: 0 | I69: 0 | J69: 0 | K69: 0 | L69: 0 | M69: 0 | O69: {=IFERROR(_xlfn.XLOOKUP(P69,Act_codes_core,Act_labels_core),"")} -> Other textile products | P69: a_060 | Q69: 0.40144401 | R69: -0.0001621633 | S69: -0.00086899938 | T69: 0.00068158627 | U69: 0 | V69: 0 | W69: 0 | X69: 0 | Y69: 0 | Z69: 0
B70: {=IFERROR(_xlfn.XLOOKUP(C70,Act_codes_core,Act_labels_core),"")} -> All types of clothing include clothing made of woven, knitted, crocheted fabrics, leather, synthetic leather, and fur. | C70: a_061 | D70: 3.2019884 | E70: -0.11053323 | F70: -0.19138721 | G70: 0.15212008 | H70: 0 | I70: 0 | J70: 0 | K70: 0 | L70: 0 | M70: 0 | O70: {=IFERROR(_xlfn.XLOOKUP(P70,Act_codes_core,Act_labels_core),"")} -> All types of clothing include clothing made of woven, knitted, crocheted fabrics, leather, synthetic leather, and fur. | P70: a_061 | Q70: 3.2019884 | R70: -0.0035392612 | S70: -0.0061281962 | T70: 0.0048708674 | U70: 0 | V70: 0 | W70: 0 | X70: 0 | Y70: 0 | Z70: 0
B71: {=IFERROR(_xlfn.XLOOKUP(C71,Act_codes_core,Act_labels_core),"")} -> Leather, pre-processed; suitcases, handbags, saddle cushions; Preliminary and dyed fur skins | C71: a_062 | D71: 0.19754912 | E71: -0.10413697 | F71: -1.2346096 | G71: 0.45118483 | H71: 0 | I71: 0 | J71: 0 | K71: 0 | L71: 0 | M71: 0 | O71: {=IFERROR(_xlfn.XLOOKUP(P71,Act_codes_core,Act_labels_core),"")} -> Leather, pre-processed; suitcases, handbags, saddle cushions; Preliminary and dyed fur skins | P71: a_062 | Q71: 0.19754912 | R71: -0.00020572167 | S71: -0.0024389604 | T71: 0.00089131166 | U71: 0 | V71: 0 | W71: 0 | X71: 0 | Y71: 0 | Z71: 0
B72: {=IFERROR(_xlfn.XLOOKUP(C72,Act_codes_core,Act_labels_core),"")} -> Shoes and sandals | C72: a_063 | D72: 1.4430128 | E72: -0.22449933 | F72: -1.6424288 | G72: 0.51610596 | H72: 0 | I72: 0 | J72: 0 | K72: 0 | L72: 0 | M72: 0 | O72: {=IFERROR(_xlfn.XLOOKUP(P72,Act_codes_core,Act_labels_core),"")} -> Shoes and sandals | P72: a_063 | Q72: 1.4430128 | R72: -0.003239554 | S72: -0.023700457 | T72: 0.0074474748 | U72: 0 | V72: 0 | W72: 0 | X72: 0 | Y72: 0 | Z72: 0
B73: {=IFERROR(_xlfn.XLOOKUP(C73,Act_codes_core,Act_labels_core),"")} -> Wood processing products and products from wood, bamboo (except beds, cabinets, tables, chairs); of straw, thatch and plaiting materials | C73: a_064 | D73: 0.67170356 | E73: -0.0050328884 | F73: -0.33044596 | G73: -0.061714105 | H73: 0 | I73: 0 | J73: 0 | K73: 0 | L73: 0 | M73: 0 | O73: {=IFERROR(_xlfn.XLOOKUP(P73,Act_codes_core,Act_labels_core),"")} -> Wood processing products and products from wood, bamboo (except beds, cabinets, tables, chairs); of straw, thatch and plaiting materials | P73: a_064 | Q73: 0.67170356 | R73: -3.3806091e-05 | S73: -0.0022196173 | T73: -0.00041453584 | U73: 0 | V73: 0 | W73: 0 | X73: 0 | Y73: 0 | Z73: 0
B74: {=IFERROR(_xlfn.XLOOKUP(C74,Act_codes_core,Act_labels_core),"")} -> Paper and paper products | C74: a_065 | D74: 0.57428985 | E74: -0.0038090182 | F74: -0.31277683 | G74: 0.010847121 | H74: 0 | I74: 0 | J74: 0 | K74: 0 | L74: 0 | M74: 0 | O74: {=IFERROR(_xlfn.XLOOKUP(P74,Act_codes_core,Act_labels_core),"")} -> Paper and paper products | P74: a_065 | Q74: 0.57428985 | R74: -2.1874805e-05 | S74: -0.0017962456 | T74: 6.2293914e-05 | U74: 0 | V74: 0 | W74: 0 | X74: 0 | Y74: 0 | Z74: 0
B75: {=IFERROR(_xlfn.XLOOKUP(C75,Act_codes_core,Act_labels_core),"")} -> Printing and copying services of all types | C75: a_066 | D75: 0.25149335 | E75: -0.0084698821 | F75: -0.15829684 | G75: -0.061531066 | H75: 0 | I75: 0 | J75: 0 | K75: 0 | L75: 0 | M75: 0 | O75: {=IFERROR(_xlfn.XLOOKUP(P75,Act_codes_core,Act_labels_core),"")} -> Printing and copying services of all types | P75: a_066 | Q75: 0.25149335 | R75: -2.130119e-05 | S75: -0.00039810602 | T75: -0.00015474654 | U75: 0 | V75: 0 | W75: 0 | X75: 0 | Y75: 0 | Z75: 0
B76: {=IFERROR(_xlfn.XLOOKUP(C76,Act_codes_core,Act_labels_core),"")} -> Coke | C76: a_067 | D76: 0.026410689 | E76: -0.01034064 | F76: -0.34310966 | G76: -0.16287401 | H76: 0 | I76: 0 | J76: 0 | K76: 0 | L76: 0 | M76: 0 | O76: {=IFERROR(_xlfn.XLOOKUP(P76,Act_codes_core,Act_labels_core),"")} -> Coke | P76: a_067 | Q76: 0.026410689 | R76: -2.7310343e-06 | S76: -9.0617623e-05 | T76: -4.3016147e-05 | U76: 0 | V76: 0 | W76: 0 | X76: 0 | Y76: 0 | Z76: 0
B77: {=IFERROR(_xlfn.XLOOKUP(C77,Act_codes_core,Act_labels_core),"")} -> Fuel oil and gasoline; lubricants | C77: a_068 | D77: 0.5654975 | E77: -0.0002838957 | F77: -0.33060023 | G77: -2.7573837 | H77: 0 | I77: 0 | J77: 0 | K77: 0 | L77: 0 | M77: 0 | O77: {=IFERROR(_xlfn.XLOOKUP(P77,Act_codes_core,Act_labels_core),"")} -> Fuel oil and gasoline; lubricants | P77: a_068 | Q77: 0.5654975 | R77: -1.6054231e-06 | S77: -0.0018695361 | T77: -0.015592936 | U77: 0 | V77: 0 | W77: 0 | X77: 0 | Y77: 0 | Z77: 0
B78: {=IFERROR(_xlfn.XLOOKUP(C78,Act_codes_core,Act_labels_core),"")} -> Remaining petroleum products | C78: a_069 | D78: 0.015072609 | E78: -0.024943595 | F78: -0.31394559 | G78: -0.5010662 | H78: 0 | I78: 0 | J78: 0 | K78: 0 | L78: 0 | M78: 0 | O78: {=IFERROR(_xlfn.XLOOKUP(P78,Act_codes_core,Act_labels_core),"")} -> Remaining petroleum products | P78: a_069 | Q78: 0.015072609 | R78: -3.7596507e-06 | S78: -4.7319793e-05 | T78: -7.5523751e-05 | U78: 0 | V78: 0 | W78: 0 | X78: 0 | Y78: 0 | Z78: 0
B79: {=IFERROR(_xlfn.XLOOKUP(C79,Act_codes_core,Act_labels_core),"")} -> Basic chemicals | C79: a_070 | D79: 0.13541929 | E79: 0.0242395 | F79: -0.12638116 | G79: 0.00085856859 | H79: 0 | I79: 0 | J79: 0 | K79: 0 | L79: 0 | M79: 0 | O79: {=IFERROR(_xlfn.XLOOKUP(P79,Act_codes_core,Act_labels_core),"")} -> Basic chemicals | P79: a_070 | Q79: 0.13541929 | R79: 3.2824959e-05 | S79: -0.00017114447 | T79: 1.1626675e-06 | U79: 0 | V79: 0 | W79: 0 | X79: 0 | Y79: 0 | Z79: 0
... B199: {=IFERROR(_xlfn.XLOOKUP(C199,Act_codes_core,Act_labels_core),"")} -> Publ Srv | C199: sGSV | D199: 8.7380466 | E199: 0.024212194 | F199: 0.18577546 | G199: -0.060404475 | H199: 0 | I199: 0 | J199: 0 | K199: 0 | L199: 0 | M199: 0 | O199: {=IFERROR(_xlfn.XLOOKUP(P199,Act_codes_core,Act_labels_core),"")} -> Publ Srv | P199: sGSV | Q199: 8.7380466 | R199: 0.0021156727 | S199: 0.016233146 | T199: -0.0052781712 | U199: 0 | V199: 0 | W199: 0 | X199: 0 | Y199: 0 | Z199: 0
O200: {=IFERROR(_xlfn.XLOOKUP(P200,Act_codes_core,Act_labels_core),"")}
O201: {=IFERROR(_xlfn.XLOOKUP(P201,Act_codes_core,Act_labels_core),"")}
O202: {=IFERROR(_xlfn.XLOOKUP(P202,Act_codes_core,Act_labels_core),"")}
O203: {=IFERROR(_xlfn.XLOOKUP(P203,Act_codes_core,Act_labels_core),"")}
O204: {=IFERROR(_xlfn.XLOOKUP(P204,Act_codes_core,Act_labels_core),"")}
O205: {=IFERROR(_xlfn.XLOOKUP(P205,Act_codes_core,Act_labels_core),"")}
O206: {=IFERROR(_xlfn.XLOOKUP(P206,Act_codes_core,Act_labels_core),"")}
O207: {=IFERROR(_xlfn.XLOOKUP(P207,Act_codes_core,Act_labels_core),"")}
O208: {=IFERROR(_xlfn.XLOOKUP(P208,Act_codes_core,Act_labels_core),"")}
O209: {=IFERROR(_xlfn.XLOOKUP(P209,Act_codes_core,Act_labels_core),"")}
O210: {=IFERROR(_xlfn.XLOOKUP(P210,Act_codes_core,Act_labels_core),"")}
O211: {=IFERROR(_xlfn.XLOOKUP(P211,Act_codes_core,Act_labels_core),"")}
... O223: {=IFERROR(_xlfn.XLOOKUP(P223,Act_codes_core,Act_labels_core),"")}
B224: =INDEX(Act_labels_aggr,MATCH(C224,Act_codes_aggr,0),1) -> #N/A | O224: {=IFERROR(_xlfn.XLOOKUP(P224,Act_codes_core,Act_labels_core),"")}
B225: =INDEX(Act_labels_aggr,MATCH(C225,Act_codes_aggr,0),1) -> #N/A | O225: {=IFERROR(_xlfn.XLOOKUP(P225,Act_codes_core,Act_labels_core),"")}
B226: =INDEX(Act_labels_aggr,MATCH(C226,Act_codes_aggr,0),1) -> #N/A | O226: {=IFERROR(_xlfn.XLOOKUP(P226,Act_codes_core,Act_labels_core),"")}
B227: =INDEX(Act_labels_aggr,MATCH(C227,Act_codes_aggr,0),1) -> #N/A | O227: {=IFERROR(_xlfn.XLOOKUP(P227,Act_codes_core,Act_labels_core),"")}
B229: =IFERROR(INDEX(Act_labels_aggr,MATCH(C229,Act_codes_aggr,0),1),"") | O229: =IFERROR(INDEX(Act_labels_aggr,MATCH(P229,Act_codes_aggr,0),1),"")
B230: =IFERROR(INDEX(Act_labels_aggr,MATCH(C230,Act_codes_aggr,0),1),"") | O230: =IFERROR(INDEX(Act_labels_aggr,MATCH(P230,Act_codes_aggr,0),1),"")
B231: =IFERROR(INDEX(Act_labels_aggr,MATCH(C231,Act_codes_aggr,0),1),"") | O231: =IFERROR(INDEX(Act_labels_aggr,MATCH(P231,Act_codes_aggr,0),1),"")
B232: =IFERROR(INDEX(Act_labels_aggr,MATCH(C232,Act_codes_aggr,0),1),"") | O232: =IFERROR(INDEX(Act_labels_aggr,MATCH(P232,Act_codes_aggr,0),1),"")
B233: =IFERROR(INDEX(Act_labels_aggr,MATCH(C233,Act_codes_aggr,0),1),"") | O233: =IFERROR(INDEX(Act_labels_aggr,MATCH(P233,Act_codes_aggr,0),1),"")
B234: =IFERROR(INDEX(Act_labels_aggr,MATCH(C234,Act_codes_aggr,0),1),"") | O234: =IFERROR(INDEX(Act_labels_aggr,MATCH(P234,Act_codes_aggr,0),1),"")
B235: =IFERROR(INDEX(Act_labels_aggr,MATCH(C235,Act_codes_aggr,0),1),"") | O235: =IFERROR(INDEX(Act_labels_aggr,MATCH(P235,Act_codes_aggr,0),1),"")
B236: =IFERROR(INDEX(Act_labels_aggr,MATCH(C236,Act_codes_aggr,0),1),"") | O236: =IFERROR(INDEX(Act_labels_aggr,MATCH(P236,Act_codes_aggr,0),1),"")
B237: =IFERROR(INDEX(Act_labels_aggr,MATCH(C237,Act_codes_aggr,0),1),"") | O237: =IFERROR(INDEX(Act_labels_aggr,MATCH(P237,Act_codes_aggr,0),1),"")
B238: =IFERROR(INDEX(Act_labels_aggr,MATCH(C238,Act_codes_aggr,0),1),"") | O238: =IFERROR(INDEX(Act_labels_aggr,MATCH(P238,Act_codes_aggr,0),1),"")
B239: =IFERROR(INDEX(Act_labels_aggr,MATCH(C239,Act_codes_aggr,0),1),"") | O239: =IFERROR(INDEX(Act_labels_aggr,MATCH(P239,Act_codes_aggr,0),1),"")
B240: =IFERROR(INDEX(Act_labels_aggr,MATCH(C240,Act_codes_aggr,0),1),"") | O240: =IFERROR(INDEX(Act_labels_aggr,MATCH(P240,Act_codes_aggr,0),1),"")
... B256: =IFERROR(INDEX(Act_labels_aggr,MATCH(C256,Act_codes_aggr,0),1),"") | O256: =IFERROR(INDEX(Act_labels_aggr,MATCH(P256,Act_codes_aggr,0),1),"")

Sheet Raw_Trade
C10: base | D10: sim1 | E10: sim2 | F10: sim3
B11: c_002 | C11: 1.4733885 | D11: 0.018047346 | E11: -0.31480087 | F11: -0.11083574
B12: c_003 | C12: 2.79611 | D12: -0.00380661 | E12: -0.23782586 | F12: -0.097998897
B13: c_004 | C13: 0.52293193 | D13: 0.0019965481 | E13: -0.26029095 | F13: -0.10097954
B14: c_005 | C14: 0.032427089 | D14: 0.056683825 | E14: -0.21610757 | F14: -0.078313135
B15: c_006 | C15: 0.88965103 | D15: -0.018628231 | E15: -0.14114977 | F15: -0.084546743
B16: c_007 | C16: 1.0444059 | D16: -0.015090388 | E16: -0.14923467 | F16: -0.086903012
B17: c_008 | C17: 3.9899477 | D17: -0.00035383858 | E17: -0.5370545 | F17: 0.064949097
B18: c_009 | C18: 53.300388 | D18: -0.010921956 | E18: -0.20473999 | F18: -0.090528288
B19: c_010 | C19: 1.7962653 | D19: -0.01028049 | E19: -0.17085799 | F19: 0.11078676
B20: c_011 | C20: 13.750638 | D20: 0.12852171 | E20: 0.064650549 | F20: 1.0261317
B21: c_012 | C21: 22.482774 | D21: 0.0083012228 | E21: -0.46452516 | F21: 0.096170478
B22: c_013 | C22: 22.730742 | D22: 0.03650417 | E22: 0.06107753 | F22: 0.066561868
... B146: xGSV | C146: 15.599322 | D146: 0.028084342 | E146: 0.21557276 | F146: -0.013813908
C310: base | D310: sim1 | E310: sim2 | F310: sim3
B311: c_001 | C311: 0.41132051 | D311: -0.44355917 | E311: -0.14489598 | F311: -0.14547628
B312: c_002 | C312: 72.798989 | D312: -0.032678495 | E312: -0.26373535 | F312: -0.15357114
B313: c_003 | C313: 5.5748616 | D313: -0.057386983 | E313: -0.18729232 | F313: -0.16208008
B314: c_004 | C314: 18.029 | D314: -0.033114731 | E314: -0.23112035 | F314: -0.15752732
B315: c_005 | C315: 0.11456163 | D315: -0.0088296502 | E315: -0.15046958 | F315: -0.11228808
B316: c_006 | C316: 5.8818487 | D316: -0.20846341 | E316: -0.11757078 | F316: -0.1425948
B317: c_007 | C317: 0.4663996 | D317: -0.21274291 | E317: -0.15246182 | F317: -0.16217629
B318: c_008 | C318: 63.617437 | D318: -0.033441728 | E318: -0.53789406 | F318: -0.010927648
B319: c_009 | C319: 28.741029 | D319: -0.087966215 | E319: -0.20035172 | F319: -0.19784524
B320: c_010 | C320: 48.646525 | D320: -0.055274946 | E320: -0.15333882 | F320: 0.021997288
B321: c_011 | C321: 1.6489413 | D321: -0.14142388 | E321: -0.34519931 | F321: -0.12809911
B322: c_012 | C322: 9.1618685 | D322: -0.067241726 | E322: -0.50012081 | F322: -0.056446307
... B450: xGSV | C450: 7.0732094 | D450: -0.019168056 | E450: -0.047694386 | F450: -0.18834338
C610: base | D610: sim1 | E610: sim2 | F610: sim3
B611: c_001 | C611: 276.39759 | D611: -0.0045622529 | E611: -0.18147724 | F611: -0.11019192
B612: c_002 | C612: 29.377308 | D612: 0.016523544 | E612: -0.29801365 | F612: -0.12370193
B613: c_003 | C613: 34.303616 | D613: -0.0081646537 | E613: -0.22208661 | F613: -0.11785333
B614: c_004 | C614: 14.602791 | D614: -0.00052185426 | E614: -0.24898801 | F614: -0.11830375
B615: c_005 | C615: 20.139185 | D615: 0.05369197 | E615: -0.19656461 | F615: -0.088471581
B616: c_006 | C616: 154.19514 | D616: -0.022592677 | E616: -0.13496138 | F616: -0.10233352
B617: c_007 | C617: 31.012424 | D617: -0.019581631 | E617: -0.15188579 | F617: -0.11027387
B618: c_008 | C618: 34.964759 | D618: -0.0045500929 | E618: -0.53395791 | F618: 0.041249317
B619: c_009 | C619: 115.52124 | D619: -0.016489095 | E619: -0.20352247 | F619: -0.12443198
B620: c_010 | C620: 6.6015011 | D620: -0.011589495 | E620: -0.15026792 | F620: 0.08075939
B621: c_011 | C621: 0.82989416 | D621: 0.1081234 | E621: -0.063474753 | F621: 0.65687786
B622: c_012 | C622: 27.663828 | D622: -0.00067379545 | E622: -0.47555844 | F622: 0.049106542
... B793: xGSV | C793: 987.19424 | D793: 0.023315532 | E793: 0.18265709 | F793: -0.060670162
C910: base | D910: sim1 | E910: sim2 | F910: sim3
B911: c_001 | C911: 276.93583 | D911: -0.0052166243 | E911: -0.1814229 | F911: -0.11024436
B912: c_002 | C912: 103.15613 | D912: -0.01853567 | E912: -0.27359263 | F912: -0.14498458
B913: c_003 | C913: 40.191902 | D913: -0.015047833 | E913: -0.21722354 | F913: -0.12403775
B914: c_004 | C914: 32.97189 | D914: -0.018531231 | E914: -0.23911673 | F914: -0.13997741
B915: c_005 | C915: 20.263086 | D915: 0.053338171 | E915: -0.19630396 | F915: -0.088606318
B916: c_006 | C916: 160.3305 | D916: -0.029431037 | E916: -0.13432246 | F916: -0.10381329
B917: c_007 | C917: 31.60013 | D917: -0.022447463 | E917: -0.15189432 | F917: -0.11104315
B918: c_008 | C918: 99.403221 | D918: -0.023195918 | E918: -0.53649803 | F918: 0.0075738299
B919: c_009 | C919: 144.85345 | D919: -0.030735137 | E919: -0.20289078 | F919: -0.13906408
B920: c_010 | C920: 55.734134 | D920: -0.050056474 | E920: -0.15297189 | F920: 0.029016087
B921: c_011 | C921: 2.5388206 | D921: -0.057976512 | E921: -0.25100667 | F921: 0.13372802
B922: c_012 | C922: 37.325821 | D922: -0.017241155 | E922: -0.48167012 | F922: 0.022831163
... B1093: xGSV | C1093: 1000.1447 | D1093: 0.023050553 | E1093: 0.18124226 | F1093: -0.06149083

Sheet Trade
A1: International Trade
A2: Return to Cover | D2: Results for aggregates are shown at the bottom | O2: Results for aggregates are shown at the bottom of the table | AB2: Results for aggregates are shown at the bottom of the table | AO2: Results for aggregates are shown at the bottom of the table
D3: =IFERROR(VLOOKUP(D2,sims,4,0),"") | E3: =IFERROR(VLOOKUP(E2,sims,4,0),"") | F3: =IFERROR(VLOOKUP(F2,sims,4,0),"") | G3: =IFERROR(VLOOKUP(G2,sims,4,0),"") | H3: =IFERROR(VLOOKUP(H2,sims,4,0),"") | I3: =IFERROR(VLOOKUP(I2,sims,4,0),"") | J3: =IFERROR(VLOOKUP(J2,sims,4,0),"") | K3: =IFERROR(VLOOKUP(K2,sims,4,0),"") | ... M3: =IFERROR(VLOOKUP(M2,sims,4,0),"") | Q3: =IFERROR(VLOOKUP(Q2,sims,4,0),"") | R3: =IFERROR(VLOOKUP(R2,sims,4,0),"") | S3: =IFERROR(VLOOKUP(S2,sims,4,0),"") | T3: =IFERROR(VLOOKUP(T2,sims,4,0),"") | U3: =IFERROR(VLOOKUP(U2,sims,4,0),"") | V3: =IFERROR(VLOOKUP(V2,sims,4,0),"") | W3: =IFERROR(VLOOKUP(W2,sims,4,0),"") | X3: =IFERROR(VLOOKUP(X2,sims,4,0),"") | ... Z3: =IFERROR(VLOOKUP(Z2,sims,4,0),"") | AD3: =IFERROR(VLOOKUP(AD2,sims,4,0),"") | AE3: =IFERROR(VLOOKUP(AE2,sims,4,0),"")
C6: Export quantities (QE) | P6: Import quantities (QM) | AC6: Domestically supplied quantities (QD) | AP6: Composite quantities (QQ)
D7: Initial Value | E7: Change from base (%) | Q7: Initial Value | R7: Change from base (%) | AD7: Initial Value | AE7: Change from base (%) | AQ7: Initial Value | AR7: Change from base (%)
D8: =IFERROR(VLOOKUP(D2,sims,3,0),"") | E8: =IFERROR(VLOOKUP(E9,sims,3,0),"") -> tm +10% | F8: =IFERROR(VLOOKUP(F9,sims,3,0),"") -> tq manf 10% | G8: =IFERROR(VLOOKUP(G9,sims,3,0),"") -> pwm cr_oil&gas +10% | H8: =IFERROR(VLOOKUP(H9,sims,3,0),"") | I8: =IFERROR(VLOOKUP(I9,sims,3,0),"") | J8: =IFERROR(VLOOKUP(J9,sims,3,0),"") | K8: =IFERROR(VLOOKUP(K9,sims,3,0),"") | L8: =IFERROR(VLOOKUP(L9,sims,3,0),"") | M8: =IFERROR(VLOOKUP(M9,sims,3,0),"") | Q8: =IFERROR(VLOOKUP(Q2,sims,3,0),"") | R8: =IFERROR(VLOOKUP(R9,sims,3,0),"") -> tm +10% | S8: =IFERROR(VLOOKUP(S9,sims,3,0),"") -> tq manf 10% | T8: =IFERROR(VLOOKUP(T9,sims,3,0),"") -> pwm cr_oil&gas +10% | U8: =IFERROR(VLOOKUP(U9,sims,3,0),"") | V8: =IFERROR(VLOOKUP(V9,sims,3,0),"") | W8: =IFERROR(VLOOKUP(W9,sims,3,0),"") | X8: =IFERROR(VLOOKUP(X9,sims,3,0),"") | Y8: =IFERROR(VLOOKUP(Y9,sims,3,0),"") | Z8: =IFERROR(VLOOKUP(Z9,sims,3,0),"") | AD8: =IFERROR(VLOOKUP(AD2,sims,3,0),"") | AE8: =IFERROR(VLOOKUP(AE9,sims,3,0),"") -> tm +10% | AF8: =IFERROR(VLOOKUP(AF9,sims,3,0),"") -> tq manf 10% | AG8: =IFERROR(VLOOKUP(AG9,sims,3,0),"") -> pwm cr_oil&gas +10% | AH8: =IFERROR(VLOOKUP(AH9,sims,3,0),"") | AI8: =IFERROR(VLOOKUP(AI9,sims,3,0),"") | AJ8: =IFERROR(VLOOKUP(AJ9,sims,3,0),"") | AK8: =IFERROR(VLOOKUP(AK9,sims,3,0),"") | AL8: =IFERROR(VLOOKUP(AL9,sims,3,0),"") | AM8: =IFERROR(VLOOKUP(AM9,sims,3,0),"") | AQ8: =IFERROR(VLOOKUP(AQ2,sims,3,0),"") | AR8: =IFERROR(VLOOKUP(AR9,sims,3,0),"") -> tm +10% | AS8: =IFERROR(VLOOKUP(AS9,sims,3,0),"") -> tq manf 10% | AT8: =IFERROR(VLOOKUP(AT9,sims,3,0),"") -> pwm cr_oil&gas +10% | AU8: =IFERROR(VLOOKUP(AU9,sims,3,0),"") | AV8: =IFERROR(VLOOKUP(AV9,sims,3,0),"") | AW8: =IFERROR(VLOOKUP(AW9,sims,3,0),"") | AX8: =IFERROR(VLOOKUP(AX9,sims,3,0),"") | AY8: =IFERROR(VLOOKUP(AY9,sims,3,0),"") | AZ8: =IFERROR(VLOOKUP(AZ9,sims,3,0),"")
C9: {=OFFSET(Raw_Trade!$B$9,1,0,COUNTA(Raw_Trade!$B$9:$B$309)+1,11)} -> 0 | D9: base | E9: sim1 | F9: sim2 | G9: sim3 | H9: 0 | I9: 0 | J9: 0 | K9: 0 | L9: 0 | M9: 0 | P9: {=OFFSET(Raw_Trade!$B$309,1,0,COUNTA(Raw_Trade!$B$309:$B$609)+1,11)} -> 0 | Q9: base | R9: sim1 | S9: sim2 | T9: sim3 | U9: 0 | V9: 0 | W9: 0 | X9: 0 | Y9: 0 | Z9: 0 | AC9: {=OFFSET(Raw_Trade!$B$609,1,0,COUNTA(Raw_Trade!$B$609:$B$909)+1,11)} -> 0 | AD9: base | AE9: sim1 | AF9: sim2 | AG9: sim3 | AH9: 0 | AI9: 0 | AJ9: 0 | AK9: 0 | AL9: 0 | AM9: 0 | AP9: {=OFFSET(Raw_Trade!$B$909,1,0,COUNTA(Raw_Trade!$B$909:$B$1209)+1,11)} -> 0 | AQ9: base | AR9: sim1 | AS9: sim2 | AT9: sim3 | AU9: 0 | AV9: 0 | AW9: 0 | AX9: 0 | AY9: 0 | AZ9: 0
